Workbook

Sheet Смета 12 гр. по ФЕР
A1: =Source!B1 -> Smeta.RU (495) 974-1589
I2: Приложение 1 к ФОРМЕ 7
B4: =CONCATENATE( "ЛОКАЛЬНАЯ СМЕТА",IF(Source!F20<>"Новая локальная смета", Source!F20, "")) -> ЛОКАЛЬНАЯ СМЕТА
B6: =IF(Source!G12<>"Новый объект", Source!G12, "") -> Капитальный ремонт входной группы, лестницы "А", лестницы "Б" с цокольного по технический этаж, коридора цокольного этажа, вестибюля, коридора "1в", помещения в осях 1-1/А-Б первого этажа лабораторного корпуса "Д" НИЯУ МИФИ по адресу: г. Москва. Каширское шоссе, д.31, стр.17 | AD6: =IF(Source!G12<>"Новый объект", Source!G12, "") -> Капитальный ремонт входной группы, лестницы "А", лестницы "Б" с цокольного по технический этаж, коридора цокольного этажа, вестибюля, коридора "1в", помещения в осях 1-1/А-Б первого этажа лабораторного корпуса "Д" НИЯУ МИФИ по адресу: г. Москва. Каширское шоссе, д.31, стр.17
B7: (наименование работ и затрат, наименование объекта)
G9: базовая цена | I9: текущая цена
C10: Сметная стоимость | G10: =SUM(O20:O1705)/1000 -> 539.21575 | I10: =(Source!P938/1000) -> 4161.3425 | K10: тыс. руб.
C11: Строительные работы | G11: =SUM(W20:W1705)/1000 -> 515.1152 | I11: =(Source!P925)/1000 -> 515.33735 | K11: тыс. руб.
C12: Монтажные работы | G12: =SUM(X20:X1705)/1000 -> 23.77328 | I12: =(Source!P926)/1000 -> 23.77328 | K12: тыс. руб.
C13: Прочие работы | G13: =SUM(Z20:Z1705)/1000 -> 0.32727 | I13: =(Source!P927+Source!P928)/1000 -> 0.32727 | K13: тыс. руб.
C14: Нормативная трудоемкость | G14: =I14 -> 5941.39 | I14: =(Source!P930+Source!P931) -> 5941.39 | K14: чел. -ч.
C15: Средства на оплату труда | G15: =SUM(R20:R1705)/1000 -> 54.05545 | I15: =((Source!P923 + Source!P922)/1000) -> 54.05545 | K15: тыс. руб.
A17: Составлена в ценах январь 2000 года
A18: № п/п | B18: Шифр расценки и коды ресурсов | C18: Наименование работ и затрат | D18: Ед. изм. | E18: Кол-во единиц | F18: Цена на ед. изм. | G18: Попра-вочные коэфф. | H18: Стоимость в ценах 2001г. | I18: Пункт коэфф. пересчета | J18: Коэфф. пересчета | K18: Стоимость в текущих ценах | L18: ЗТР всего чел.-час
A19: 1 | B19: 2 | C19: 3 | D19: 4 | E19: 5 | F19: 6 | G19: 7 | H19: 8 | I19: 9 | J19: 10 | K19: 11 | L19: 12
A21: =CONCATENATE("Раздел: ",IF(Source!G24<>"Новый раздел", Source!G24, "")) -> Раздел: Крыльцо
A22: =Source!E29 -> 1 | B22: =Source!F29 -> 15-01-039-01 | C22: =Source!G29 -> Разборка цельных гранитных ступеней толщиной 150 мм для последующей установки | D22: =Source!H29 -> 100 м | E22: =Source!I29 -> 0.2573 | F22: =Source!AL29+Source!AM29+Source!AO29 -> 14557.96 | I22: =Source!BO29 | S22: =ROUND((Source!FX29/100)*((ROUND(Source!AF29*Source!I29, 2)+ROUND(Source!AE29*Source!I29, 2))), 2) -> 1652.94 | T22: =Source!X29 -> 1661.68 | U22: =ROUND((Source!FY29/100)*((ROUND(Source!AF29*Source!I29, 2)+ROUND(Source!AE29*Source!I29, 2))), 2) -> 817.72 | V22: =Source!Y29 -> 822.1
C23: ="Объем: "&Source!I29&"=25,73/"&"100" -> Объем: 0,2573=25,73/100
C24: Зарплата | F24: =Source!AO29 -> 8410.03 | G24: =Source!DG29 -> )*0,8 | H24: =ROUND(Source!AF29*Source!I29, 2) -> 1731.12 | J24: =IF(Source!BA29<> 0, Source!BA29, 1) -> 1 | K24: =Source!S29 -> 1731.12 | R24: =H24 -> 1731.12
C25: Эксплуатация машин | F25: =Source!AM29 -> 282.73 | G25: =Source!DE29 -> )*0,8 | H25: =ROUND(Source!AD29*Source!I29, 2) -> 58.2 | J25: =IF(Source!BB29<> 0, Source!BB29, 1) -> 1 | K25: =Source!Q29 -> 58.2
C26: в т.ч. зарплата машинистов | F26: =Source!AN29 -> 87.54 | G26: =Source!DF29 -> )*0,8 | H26: =ROUND(Source!AE29*Source!I29, 2) -> 18.02 | J26: =IF(Source!BS29<> 0, Source!BS29, 1) -> 1 | K26: =Source!R29 -> 18.02 | R26: =H26 -> 18.02
C27: НР от ФОТ | D27: % | E27: =Source!BZ29 -> 105 | F27: =CONCATENATE(" )", Source!DL29, Source!FT29, "=", Source!FX29) -> )*0,9=94,5 | H27: =SUM(S22:S29) -> 1652.94 | J27: =Source!AT29 -> 95 | K27: =SUM(T22:T29) -> 1661.68
C28: СП от ФОТ | D28: % | E28: =Source!CA29 -> 55 | F28: =CONCATENATE(" )", Source!DM29, Source!FU29, "=", Source!FY29) -> )*0,85=46,75 | H28: =SUM(U22:U29) -> 817.72 | J28: =Source!AU29 -> 47 | K28: =SUM(V22:V29) -> 822.1
C29: Затраты труда | D29: чел-ч | E29: =Source!AQ29 -> 734.5 | G29: =Source!DI29 -> )*0,8 | L29: =Source!U29 -> 151.18948
G30: =H24+H25+H27+H28 -> 4259.98 | J30: =K24+K25+K27+K28 -> 4273.1 | L30: =Source!U29 -> 151.18948 | O30: =G30 -> 4259.98 | P30: =J30 -> 4273.1 | Q30: =L30 -> 151.18948 | W30: =IF(Source!BI29<=1,H24+H25+H27+H28, 0) -> 4259.98 | X30: =IF(Source!BI29=2,H24+H25+H27+H28, 0) -> 0 | Y30: =IF(Source!BI29=3,H24+H25+H27+H28, 0) -> 0 | Z30: =IF(Source!BI29=4,H24+H25+H27+H28, 0) -> 0
A31: =Source!E31 -> 2 | B31: =Source!F31 -> 46-02-009-02 | C31: =Source!G31 -> Отбивка штукатурки с поверхностей стен кирпичных | D31: =Source!H31 -> 100 м2 | E31: =Source!I31 -> 0.108 | F31: =Source!AL31+Source!AM31+Source!AO31 -> 178 | I31: =Source!BO31 | S31: =ROUND((Source!FX31/100)*((ROUND(Source!AF31*Source!I31, 2)+ROUND(Source!AE31*Source!I31, 2))), 2) -> 19.03 | T31: =Source!X31 -> 19.03 | U31: =ROUND((Source!FY31/100)*((ROUND(Source!AF31*Source!I31, 2)+ROUND(Source!AE31*Source!I31, 2))), 2) -> 11.44 | V31: =Source!Y31 -> 11.53
C32: ="Объем: "&Source!I31&"=10,8/"&"100" -> Объем: 0,108=10,8/100
C33: Зарплата | F33: =Source!AO31 -> 178 | G33: =Source!DG31 | H33: =ROUND(Source!AF31*Source!I31, 2) -> 19.22 | J33: =IF(Source!BA31<> 0, Source!BA31, 1) -> 1 | K33: =Source!S31 -> 19.22 | R33: =H33 -> 19.22
C34: НР от ФОТ | D34: % | E34: =Source!BZ31 -> 110 | F34: =CONCATENATE(" )", Source!DL31, Source!FT31, "=", Source!FX31) -> )*0,9=99 | H34: =SUM(S31:S36) -> 19.03 | J34: =Source!AT31 -> 99 | K34: =SUM(T31:T36) -> 19.03
C35: СП от ФОТ | D35: % | E35: =Source!CA31 -> 70 | F35: =CONCATENATE(" )", Source!DM31, Source!FU31, "=", Source!FY31) -> )*0,85=59,5 | H35: =SUM(U31:U36) -> 11.44 | J35: =Source!AU31 -> 60 | K35: =SUM(V31:V36) -> 11.53
C36: Затраты труда | D36: чел-ч | E36: =Source!AQ31 -> 22.82 | G36: =Source!DI31 | L36: =Source!U31 -> 2.46456
G37: =H33+H34+H35 -> 49.69 | J37: =K33+K34+K35 -> 49.78 | L37: =Source!U31 -> 2.46456 | O37: =G37 -> 49.69 | P37: =J37 -> 49.78 | Q37: =L37 -> 2.46456 | W37: =IF(Source!BI31<=1,H33+H34+H35, 0) -> 49.69 | X37: =IF(Source!BI31=2,H33+H34+H35, 0) -> 0 | Y37: =IF(Source!BI31=3,H33+H34+H35, 0) -> 0 | Z37: =IF(Source!BI31=4,H33+H34+H35, 0) -> 0
A38: =Source!E33 -> 3 | B38: =Source!F33 -> 58-3-1 | C38: =Source!G33 -> Разборка мелких покрытий и обделок из листовой стали поясков, сандриков, желобов, отливов, свесов и т.п. | D38: =Source!H33 -> 100 м | E38: =Source!I33 -> 0.1502 | F38: =Source!AL33+Source!AM33+Source!AO33 -> 71.18 | I38: =Source!BO33 | S38: =ROUND((Source!FX33/100)*((ROUND(Source!AF33*Source!I33, 2)+ROUND(Source!AE33*Source!I33, 2))), 2) -> 8.85 | T38: =Source!X33 -> 8.85 | U38: =ROUND((Source!FY33/100)*((ROUND(Source!AF33*Source!I33, 2)+ROUND(Source!AE33*Source!I33, 2))), 2) -> 6.93 | V38: =Source!Y33 -> 6.93
C39: ="Объем: "&Source!I33&"=15,02/"&"100" -> Объем: 0,1502=15,02/100
C40: Зарплата | F40: =Source!AO33 -> 70.98 | G40: =Source!DG33 | H40: =ROUND(Source!AF33*Source!I33, 2) -> 10.66 | J40: =IF(Source!BA33<> 0, Source!BA33, 1) -> 1 | K40: =Source!S33 -> 10.66 | R40: =H40 -> 10.66
C41: Эксплуатация машин | F41: =Source!AM33 -> 0.2 | G41: =Source!DE33 | H41: =ROUND(Source!AD33*Source!I33, 2) -> 0.03 | J41: =IF(Source!BB33<> 0, Source!BB33, 1) -> 1 | K41: =Source!Q33 -> 0.03
C42: НР от ФОТ | D42: % | E42: =Source!BZ33 -> 83 | H42: =SUM(S38:S45) -> 8.85 | J42: =Source!AT33 -> 83 | K42: =SUM(T38:T45) -> 8.85
C43: СП от ФОТ | D43: % | E43: =Source!CA33 -> 65 | H43: =SUM(U38:U45) -> 6.93 | J43: =Source!AU33 -> 65 | K43: =SUM(V38:V45) -> 6.93
C44: Затраты труда | D44: чел-ч | E44: =Source!AQ33 -> 9.1 | G44: =Source!DI33 | L44: =Source!U33 -> 1.36682
A45: =Source!E35 -> 3,1 | B45: =Source!F35 -> 01.7.07.07 | C45: =Source!G35 -> Строительный мусор | D45: =Source!H35 -> т | E45: =Source!I35 -> 0.018024 | F45: =Source!AL35+Source!AM35+Source!AO35 -> 0 | H45: =ROUND(Source!AC35*Source!I35, 2)+ROUND(Source!AD35*Source!I35, 2)+ROUND(Source!AF35*Source!I35, 2) -> 0 | J45: =IF(Source!BC35<> 0, Source!BC35, 1) -> 1 | K45: =Source!O35 -> 0 | S45: =ROUND((Source!FX35/100)*((ROUND(Source!AF35*Source!I35, 2)+ROUND(Source!AE35*Source!I35, 2))), 2) -> 0 | T45: =Source!X35 -> 0 | U45: =ROUND((Source!FY35/100)*((ROUND(Source!AF35*Source!I35, 2)+ROUND(Source!AE35*Source!I35, 2))), 2) -> 0 | V45: =Source!Y35 -> 0 | W45: =IF(Source!BI35<=1,H45, 0) -> 0 | X45: =IF(Source!BI35=2,H45, 0) -> 0 | Y45: =IF(Source!BI35=3,H45, 0) -> 0 | Z45: =IF(Source!BI35=4,H45, 0) -> 0
G46: =H40+H41+H42+H43+SUM(H45:H45) -> 26.47 | J46: =K40+K41+K42+K43+SUM(K45:K45) -> 26.47 | L46: =Source!U33 -> 1.36682 | O46: =G46 -> 26.47 | P46: =J46 -> 26.47 | Q46: =L46 -> 1.36682 | W46: =IF(Source!BI33<=1,H40+H41+H42+H43, 0) -> 26.47 | X46: =IF(Source!BI33=2,H40+H41+H42+H43, 0) -> 0 | Y46: =IF(Source!BI33=3,H40+H41+H42+H43, 0) -> 0 | Z46: =IF(Source!BI33=4,H40+H41+H42+H43, 0) -> 0
A47: =Source!E37 -> 4 | B47: =Source!F37 -> 09-06-001-02 | C47: =Source!G37 -> Демонтаж решеток из полосовой и тонколистовой стали | D47: =Source!H37 -> т | E47: =Source!I37 -> 0.04128 | F47: =Source!AL37+Source!AM37+Source!AO37 -> 641 | I47: =Source!BO37 | S47: =ROUND((Source!FX37/100)*((ROUND(Source!AF37*Source!I37, 2)+ROUND(Source!AE37*Source!I37, 2))), 2) -> 10.23 | T47: =Source!X37 -> 10.23 | U47: =ROUND((Source!FY37/100)*((ROUND(Source!AF37*Source!I37, 2)+ROUND(Source!AE37*Source!I37, 2))), 2) -> 9.13 | V47: =Source!Y37 -> 9.09
C48: Зарплата | F48: =Source!AO37 -> 433.24 | G48: =Source!DG37 -> )*0,7 | H48: =ROUND(Source!AF37*Source!I37, 2) -> 12.52 | J48: =IF(Source!BA37<> 0, Source!BA37, 1) -> 1 | K48: =Source!S37 -> 12.52 | R48: =H48 -> 12.52
C49: Эксплуатация машин | F49: =Source!AM37 -> 125.8 | G49: =Source!DE37 -> )*0,7 | H49: =ROUND(Source!AD37*Source!I37, 2) -> 3.64 | J49: =IF(Source!BB37<> 0, Source!BB37, 1) -> 1 | K49: =Source!Q37 -> 3.64
C50: в т.ч. зарплата машинистов | F50: =Source!AN37 -> 3.82 | G50: =Source!DF37 -> )*0,7 | H50: =ROUND(Source!AE37*Source!I37, 2) -> 0.11 | J50: =IF(Source!BS37<> 0, Source!BS37, 1) -> 1 | K50: =Source!R37 -> 0.11 | R50: =H50 -> 0.11
C51: НР от ФОТ | D51: % | E51: =Source!BZ37 -> 90 | F51: =CONCATENATE(" )", Source!DL37, Source!FT37, "=", Source!FX37) -> )*0,9=81 | H51: =SUM(S47:S53) -> 10.23 | J51: =Source!AT37 -> 81 | K51: =SUM(T47:T53) -> 10.23
C52: СП от ФОТ | D52: % | E52: =Source!CA37 -> 85 | F52: =CONCATENATE(" )", Source!DM37, Source!FU37, "=", Source!FY37) -> )*0,85=72,25 | H52: =SUM(U47:U53) -> 9.13 | J52: =Source!AU37 -> 72 | K52: =SUM(V47:V53) -> 9.09
C53: Затраты труда | D53: чел-ч | E53: =Source!AQ37 -> 50.79 | G53: =Source!DI37 -> )*0,7 | L53: =Source!U37 -> 1.4676278
G54: =H48+H49+H51+H52 -> 35.52 | J54: =K48+K49+K51+K52 -> 35.48 | L54: =Source!U37 -> 1.4676278 | O54: =G54 -> 35.52 | P54: =J54 -> 35.48 | Q54: =L54 -> 1.4676278 | W54: =IF(Source!BI37<=1,H48+H49+H51+H52, 0) -> 35.52 | X54: =IF(Source!BI37=2,H48+H49+H51+H52, 0) -> 0 | Y54: =IF(Source!BI37=3,H48+H49+H51+H52, 0) -> 0 | Z54: =IF(Source!BI37=4,H48+H49+H51+H52, 0) -> 0
A55: =Source!E39 -> 5 | B55: =Source!F39 -> 46-04-010-02 | C55: =Source!G39 -> Разборка покрытий полов дощатых | D55: =Source!H39 -> 100 м2 | E55: =Source!I39 -> 0.0575 | F55: =Source!AL39+Source!AM39+Source!AO39 -> 352.23 | I55: =Source!BO39 | S55: =ROUND((Source!FX39/100)*((ROUND(Source!AF39*Source!I39, 2)+ROUND(Source!AE39*Source!I39, 2))), 2) -> 16.35 | T55: =Source!X39 -> 16.35 | U55: =ROUND((Source!FY39/100)*((ROUND(Source!AF39*Source!I39, 2)+ROUND(Source!AE39*Source!I39, 2))), 2) -> 9.83 | V55: =Source!Y39 -> 9.91
C56: ="Объем: "&Source!I39&"=5,75/"&"100" -> Объем: 0,0575=5,75/100
C57: Зарплата | F57: =Source!AO39 -> 238.13 | G57: =Source!DG39 | H57: =ROUND(Source!AF39*Source!I39, 2) -> 13.69 | J57: =IF(Source!BA39<> 0, Source!BA39, 1) -> 1 | K57: =Source!S39 -> 13.69 | R57: =H57 -> 13.69
C58: Эксплуатация машин | F58: =Source!AM39 -> 114.1 | G58: =Source!DE39 | H58: =ROUND(Source!AD39*Source!I39, 2) -> 6.56 | J58: =IF(Source!BB39<> 0, Source!BB39, 1) -> 1 | K58: =Source!Q39 -> 6.56
C59: в т.ч. зарплата машинистов | F59: =Source!AN39 -> 49.28 | G59: =Source!DF39 | H59: =ROUND(Source!AE39*Source!I39, 2) -> 2.83 | J59: =IF(Source!BS39<> 0, Source!BS39, 1) -> 1 | K59: =Source!R39 -> 2.83 | R59: =H59 -> 2.83
C60: НР от ФОТ | D60: % | E60: =Source!BZ39 -> 110 | F60: =CONCATENATE(" )", Source!DL39, Source!FT39, "=", Source!FX39) -> )*0,9=99 | H60: =SUM(S55:S62) -> 16.35 | J60: =Source!AT39 -> 99 | K60: =SUM(T55:T62) -> 16.35
C61: СП от ФОТ | D61: % | E61: =Source!CA39 -> 70 | F61: =CONCATENATE(" )", Source!DM39, Source!FU39, "=", Source!FY39) -> )*0,85=59,5 | H61: =SUM(U55:U62) -> 9.83 | J61: =Source!AU39 -> 60 | K61: =SUM(V55:V62) -> 9.91
C62: Затраты труда | D62: чел-ч | E62: =Source!AQ39 -> 30.53 | G62: =Source!DI39 | L62: =Source!U39 -> 1.755475
G63: =H57+H58+H60+H61 -> 46.43 | J63: =K57+K58+K60+K61 -> 46.51 | L63: =Source!U39 -> 1.755475 | O63: =G63 -> 46.43 | P63: =J63 -> 46.51 | Q63: =L63 -> 1.755475 | W63: =IF(Source!BI39<=1,H57+H58+H60+H61, 0) -> 46.43 | X63: =IF(Source!BI39=2,H57+H58+H60+H61, 0) -> 0 | Y63: =IF(Source!BI39=3,H57+H58+H60+H61, 0) -> 0 | Z63: =IF(Source!BI39=4,H57+H58+H60+H61, 0) -> 0
A64: =Source!E41 -> 6 | B64: =Source!F41 -> 69-19-2 | C64: =Source!G41 -> Разборка горизонтальных поверхностей бетонных конструкций при помощи отбойных молотков, бетон марки 150 | D64: =Source!H41 -> м3 | E64: =Source!I41 -> 1.19 | F64: =Source!AL41+Source!AM41+Source!AO41 -> 439.01 | I64: =Source!BO41 | S64: =ROUND((Source!FX41/100)*((ROUND(Source!AF41*Source!I41, 2)+ROUND(Source!AE41*Source!I41, 2))), 2) -> 138.48 | T64: =Source!X41 -> 138.48 | U64: =ROUND((Source!FY41/100)*((ROUND(Source!AF41*Source!I41, 2)+ROUND(Source!AE41*Source!I41, 2))), 2) -> 88.77 | V64: =Source!Y41 -> 88.77
C65: Зарплата | F65: =Source!AO41 -> 149.19 | G65: =Source!DG41 | H65: =ROUND(Source!AF41*Source!I41, 2) -> 177.54 | J65: =IF(Source!BA41<> 0, Source!BA41, 1) -> 1 | K65: =Source!S41 -> 177.54 | R65: =H65 -> 177.54
C66: Эксплуатация машин | F66: =Source!AM41 -> 289.82 | G66: =Source!DE41 | H66: =ROUND(Source!AD41*Source!I41, 2) -> 344.89 | J66: =IF(Source!BB41<> 0, Source!BB41, 1) -> 1 | K66: =Source!Q41 -> 344.89
C67: НР от ФОТ | D67: % | E67: =Source!BZ41 -> 78 | H67: =SUM(S64:S69) -> 138.48 | J67: =Source!AT41 -> 78 | K67: =SUM(T64:T69) -> 138.48
C68: СП от ФОТ | D68: % | E68: =Source!CA41 -> 50 | H68: =SUM(U64:U69) -> 88.77 | J68: =Source!AU41 -> 50 | K68: =SUM(V64:V69) -> 88.77
C69: Затраты труда | D69: чел-ч | E69: =Source!AQ41 -> 17.49 | G69: =Source!DI41 | L69: =Source!U41 -> 20.8131
G70: =H65+H66+H67+H68 -> 749.68 | J70: =K65+K66+K67+K68 -> 749.68 | L70: =Source!U41 -> 20.8131 | O70: =G70 -> 749.68 | P70: =J70 -> 749.68 | Q70: =L70 -> 20.8131 | W70: =IF(Source!BI41<=1,H65+H66+H67+H68, 0) -> 749.68 | X70: =IF(Source!BI41=2,H65+H66+H67+H68, 0) -> 0 | Y70: =IF(Source!BI41=3,H65+H66+H67+H68, 0) -> 0 | Z70: =IF(Source!BI41=4,H65+H66+H67+H68, 0) -> 0
A71: =Source!E43 -> 7 | B71: =Source!F43 -> 46-04-008-01 | C71: =Source!G43 -> Разборка покрытий кровель из рулонных материалов | D71: =Source!H43 -> 100 м2 | E71: =Source!I43 -> 0.4 | F71: =Source!AL43+Source!AM43+Source!AO43 -> 153.59 | I71: =Source!BO43 | S71: =ROUND((Source!FX43/100)*((ROUND(Source!AF43*Source!I43, 2)+ROUND(Source!AE43*Source!I43, 2))), 2) -> 44.41 | T71: =Source!X43 -> 44.41 | U71: =ROUND((Source!FY43/100)*((ROUND(Source!AF43*Source!I43, 2)+ROUND(Source!AE43*Source!I43, 2))), 2) -> 26.69 | V71: =Source!Y43 -> 26.92
C72: ="Объем: "&Source!I43&"=40/"&"100" -> Объем: 0,4=40/100
C73: Зарплата | F73: =Source!AO43 -> 112.16 | G73: =Source!DG43 | H73: =ROUND(Source!AF43*Source!I43, 2) -> 44.86 | J73: =IF(Source!BA43<> 0, Source!BA43, 1) -> 1 | K73: =Source!S43 -> 44.86 | R73: =H73 -> 44.86
C74: Эксплуатация машин | F74: =Source!AM43 -> 41.43 | G74: =Source!DE43 | H74: =ROUND(Source!AD43*Source!I43, 2) -> 16.57 | J74: =IF(Source!BB43<> 0, Source!BB43, 1) -> 1 | K74: =Source!Q43 -> 16.57
C75: НР от ФОТ | D75: % | E75: =Source!BZ43 -> 110 | F75: =CONCATENATE(" )", Source!DL43, Source!FT43, "=", Source!FX43) -> )*0,9=99 | H75: =SUM(S71:S77) -> 44.41 | J75: =Source!AT43 -> 99 | K75: =SUM(T71:T77) -> 44.41
C76: СП от ФОТ | D76: % | E76: =Source!CA43 -> 70 | F76: =CONCATENATE(" )", Source!DM43, Source!FU43, "=", Source!FY43) -> )*0,85=59,5 | H76: =SUM(U71:U77) -> 26.69 | J76: =Source!AU43 -> 60 | K76: =SUM(V71:V77) -> 26.92
C77: Затраты труда | D77: чел-ч | E77: =Source!AQ43 -> 14.38 | G77: =Source!DI43 | L77: =Source!U43 -> 5.752
G78: =H73+H74+H75+H76 -> 132.53 | J78: =K73+K74+K75+K76 -> 132.76 | L78: =Source!U43 -> 5.752 | O78: =G78 -> 132.53 | P78: =J78 -> 132.76 | Q78: =L78 -> 5.752 | W78: =IF(Source!BI43<=1,H73+H74+H75+H76, 0) -> 132.53 | X78: =IF(Source!BI43=2,H73+H74+H75+H76, 0) -> 0 | Y78: =IF(Source!BI43=3,H73+H74+H75+H76, 0) -> 0 | Z78: =IF(Source!BI43=4,H73+H74+H75+H76, 0) -> 0
A79: =Source!E45 -> 8 | B79: =Source!F45 -> 58-3-1 | C79: =Source!G45 -> Разборка мелких покрытий и обделок из листовой стали поясков, сандриков, желобов, отливов, свесов и т.п. | D79: =Source!H45 -> 100 м | E79: =Source!I45 -> 0.26 | F79: =Source!AL45+Source!AM45+Source!AO45 -> 71.18 | I79: =Source!BO45 | S79: =ROUND((Source!FX45/100)*((ROUND(Source!AF45*Source!I45, 2)+ROUND(Source!AE45*Source!I45, 2))), 2) -> 15.31 | T79: =Source!X45 -> 15.31 | U79: =ROUND((Source!FY45/100)*((ROUND(Source!AF45*Source!I45, 2)+ROUND(Source!AE45*Source!I45, 2))), 2) -> 11.99 | V79: =Source!Y45 -> 11.99
C80: ="Объем: "&Source!I45&"=26/"&"100" -> Объем: 0,26=26/100
C81: Зарплата | F81: =Source!AO45 -> 70.98 | G81: =Source!DG45 | H81: =ROUND(Source!AF45*Source!I45, 2) -> 18.45 | J81: =IF(Source!BA45<> 0, Source!BA45, 1) -> 1 | K81: =Source!S45 -> 18.45 | R81: =H81 -> 18.45
C82: Эксплуатация машин | F82: =Source!AM45 -> 0.2 | G82: =Source!DE45 | H82: =ROUND(Source!AD45*Source!I45, 2) -> 0.05 | J82: =IF(Source!BB45<> 0, Source!BB45, 1) -> 1 | K82: =Source!Q45 -> 0.05
C83: НР от ФОТ | D83: % | E83: =Source!BZ45 -> 83 | H83: =SUM(S79:S86) -> 15.31 | J83: =Source!AT45 -> 83 | K83: =SUM(T79:T86) -> 15.31
C84: СП от ФОТ | D84: % | E84: =Source!CA45 -> 65 | H84: =SUM(U79:U86) -> 11.99 | J84: =Source!AU45 -> 65 | K84: =SUM(V79:V86) -> 11.99
C85: Затраты труда | D85: чел-ч | E85: =Source!AQ45 -> 9.1 | G85: =Source!DI45 | L85: =Source!U45 -> 2.366
A86: =Source!E47 -> 8,1 | B86: =Source!F47 -> 01.7.07.07 | C86: =Source!G47 -> Строительный мусор | D86: =Source!H47 -> т | E86: =Source!I47 -> 0.0312 | F86: =Source!AL47+Source!AM47+Source!AO47 -> 0 | H86: =ROUND(Source!AC47*Source!I47, 2)+ROUND(Source!AD47*Source!I47, 2)+ROUND(Source!AF47*Source!I47, 2) -> 0 | J86: =IF(Source!BC47<> 0, Source!BC47, 1) -> 1 | K86: =Source!O47 -> 0 | S86: =ROUND((Source!FX47/100)*((ROUND(Source!AF47*Source!I47, 2)+ROUND(Source!AE47*Source!I47, 2))), 2) -> 0 | T86: =Source!X47 -> 0 | U86: =ROUND((Source!FY47/100)*((ROUND(Source!AF47*Source!I47, 2)+ROUND(Source!AE47*Source!I47, 2))), 2) -> 0 | V86: =Source!Y47 -> 0 | W86: =IF(Source!BI47<=1,H86, 0) -> 0 | X86: =IF(Source!BI47=2,H86, 0) -> 0 | Y86: =IF(Source!BI47=3,H86, 0) -> 0 | Z86: =IF(Source!BI47=4,H86, 0) -> 0
G87: =H81+H82+H83+H84+SUM(H86:H86) -> 45.8 | J87: =K81+K82+K83+K84+SUM(K86:K86) -> 45.8 | L87: =Source!U45 -> 2.366 | O87: =G87 -> 45.8 | P87: =J87 -> 45.8 | Q87: =L87 -> 2.366 | W87: =IF(Source!BI45<=1,H81+H82+H83+H84, 0) -> 45.8 | X87: =IF(Source!BI45=2,H81+H82+H83+H84, 0) -> 0 | Y87: =IF(Source!BI45=3,H81+H82+H83+H84, 0) -> 0 | Z87: =IF(Source!BI45=4,H81+H82+H83+H84, 0) -> 0
A88: =Source!E49 -> 9 | B88: =Source!F49 -> 12-01-017-01 | C88: =Source!G49 -> Разборка выравнивающих стяжек цементно-песчаных толщиной 15 мм | D88: =Source!H49 -> 100 м2 | E88: =Source!I49 -> 0.4 | F88: =Source!AL49+Source!AM49+Source!AO49 -> 462.33 | I88: =Source!BO49 | S88: =ROUND((Source!FX49/100)*((ROUND(Source!AF49*Source!I49, 2)+ROUND(Source!AE49*Source!I49, 2))), 2) -> 88.84 | T88: =Source!X49 -> 88.84 | U88: =ROUND((Source!FY49/100)*((ROUND(Source!AF49*Source!I49, 2)+ROUND(Source!AE49*Source!I49, 2))), 2) -> 45.45 | V88: =Source!Y49 -> 45.24
C89: ="Объем: "&Source!I49&"=40/"&"100" -> Объем: 0,4=40/100
C90: Зарплата | F90: =Source!AO49 -> 235.18 | G90: =Source!DG49 -> )*0,8 | H90: =ROUND(Source!AF49*Source!I49, 2) -> 75.26 | J90: =IF(Source!BA49<> 0, Source!BA49, 1) -> 1 | K90: =Source!S49 -> 75.26 | R90: =H90 -> 75.26
C91: Эксплуатация машин | F91: =Source!AM49 -> 190.48 | G91: =Source!DE49 -> )*0,8 | H91: =ROUND(Source!AD49*Source!I49, 2) -> 60.96 | J91: =IF(Source!BB49<> 0, Source!BB49, 1) -> 1 | K91: =Source!Q49 -> 60.96
C92: в т.ч. зарплата машинистов | F92: =Source!AN49 -> 21.86 | G92: =Source!DF49 -> )*0,8 | H92: =ROUND(Source!AE49*Source!I49, 2) -> 7 | J92: =IF(Source!BS49<> 0, Source!BS49, 1) -> 1 | K92: =Source!R49 -> 7 | R92: =H92 -> 7
C93: НР от ФОТ | D93: % | E93: =Source!BZ49 -> 120 | F93: =CONCATENATE(" )", Source!DL49, Source!FT49, "=", Source!FX49) -> )*0,9=108 | H93: =SUM(S88:S95) -> 88.84 | J93: =Source!AT49 -> 108 | K93: =SUM(T88:T95) -> 88.84
C94: СП от ФОТ | D94: % | E94: =Source!CA49 -> 65 | F94: =CONCATENATE(" )", Source!DM49, Source!FU49, "=", Source!FY49) -> )*0,85=55,25 | H94: =SUM(U88:U95) -> 45.45 | J94: =Source!AU49 -> 55 | K94: =SUM(V88:V95) -> 45.24
C95: Затраты труда | D95: чел-ч | E95: =Source!AQ49 -> 27.22 | G95: =Source!DI49 -> )*0,8 | L95: =Source!U49 -> 8.7104
G96: =H90+H91+H93+H94 -> 270.51 | J96: =K90+K91+K93+K94 -> 270.3 | L96: =Source!U49 -> 8.7104 | O96: =G96 -> 270.51 | P96: =J96 -> 270.3 | Q96: =L96 -> 8.7104 | W96: =IF(Source!BI49<=1,H90+H91+H93+H94, 0) -> 270.51 | X96: =IF(Source!BI49=2,H90+H91+H93+H94, 0) -> 0 | Y96: =IF(Source!BI49=3,H90+H91+H93+H94, 0) -> 0 | Z96: =IF(Source!BI49=4,H90+H91+H93+H94, 0) -> 0
A97: =Source!E51 -> 10 | B97: =Source!F51 -> 12-01-017-02 | C97: =Source!G51 -> Разборка выравнивающих стяжек на каждый 1 мм изменения толщины добавлять или исключать к расценке 12-01-017-01 | D97: =Source!H51 -> 100 м2 | E97: =Source!I51 -> 0.4 | F97: =Source!AL51+Source!AM51+Source!AO51 -> 11.3 | I97: =Source!BO51 | S97: =ROUND((Source!FX51/100)*((ROUND(Source!AF51*Source!I51, 2)+ROUND(Source!AE51*Source!I51, 2))), 2) -> 108.63 | T97: =Source!X51 -> 108.63 | U97: =ROUND((Source!FY51/100)*((ROUND(Source!AF51*Source!I51, 2)+ROUND(Source!AE51*Source!I51, 2))), 2) -> 55.57 | V97: =Source!Y51 -> 55.32
C98: ="Объем: "&Source!I51&"=40/"&"100" -> Объем: 0,4=40/100
C99: Зарплата | F99: =Source!AO51 -> 8.64 | G99: =Source!DG51 -> )*0,8*35 | H99: =ROUND(Source!AF51*Source!I51, 2) -> 96.77 | J99: =IF(Source!BA51<> 0, Source!BA51, 1) -> 1 | K99: =Source!S51 -> 96.77 | R99: =H99 -> 96.77
C100: Эксплуатация машин | F100: =Source!AM51 -> 2.66 | G100: =Source!DE51 -> )*0,8*35 | H100: =ROUND(Source!AD51*Source!I51, 2) -> 29.79 | J100: =IF(Source!BB51<> 0, Source!BB51, 1) -> 1 | K100: =Source!Q51 -> 29.79
C101: в т.ч. зарплата машинистов | F101: =Source!AN51 -> 0.34 | G101: =Source!DF51 -> )*0,8*35 | H101: =ROUND(Source!AE51*Source!I51, 2) -> 3.81 | J101: =IF(Source!BS51<> 0, Source!BS51, 1) -> 1 | K101: =Source!R51 -> 3.81 | R101: =H101 -> 3.81
C102: НР от ФОТ | D102: % | E102: =Source!BZ51 -> 120 | F102: =CONCATENATE(" )", Source!DL51, Source!FT51, "=", Source!FX51) -> )*0,9=108 | H102: =SUM(S97:S104) -> 108.63 | J102: =Source!AT51 -> 108 | K102: =SUM(T97:T104) -> 108.63
C103: СП от ФОТ | D103: % | E103: =Source!CA51 -> 65 | F103: =CONCATENATE(" )", Source!DM51, Source!FU51, "=", Source!FY51) -> )*0,85=55,25 | H103: =SUM(U97:U104) -> 55.57 | J103: =Source!AU51 -> 55 | K103: =SUM(V97:V104) -> 55.32
C104: Затраты труда | D104: чел-ч | E104: =Source!AQ51 -> 1 | G104: =Source!DI51 -> )*0,8*35 | L104: =Source!U51 -> 11.2
G105: =H99+H100+H102+H103 -> 290.76 | J105: =K99+K100+K102+K103 -> 290.51 | L105: =Source!U51 -> 11.2 | O105: =G105 -> 290.76 | P105: =J105 -> 290.51 | Q105: =L105 -> 11.2 | W105: =IF(Source!BI51<=1,H99+H100+H102+H103, 0) -> 290.76 | X105: =IF(Source!BI51=2,H99+H100+H102+H103, 0) -> 0 | Y105: =IF(Source!BI51=3,H99+H100+H102+H103, 0) -> 0 | Z105: =IF(Source!BI51=4,H99+H100+H102+H103, 0) -> 0
...

Sheet Source
A1: 0 | B1: Smeta.RU (495) 974-1589 | D1: _PS_ | F1: 0 | G1: 0 | H1: 0 | I1: Smeta.RU | J1: НИЯУ МИФИ Доп. раб. место MCCS-0016187 | K1: 0 | L1: 16187 | M1: 10
A12: 1 | B12: 1001 | C12: 0 | D12: =ROW(A940) -> 940 | E12: 0 | F12: Новый объект 3 | G12: Капитальный ремонт входной группы, лестницы "А", лестницы "Б" с цокольного по технический этаж, коридора цокольного этажа, вестибюля, коридора "1в", помещения в осях 1-1/А-Б первого этажа лабораторного корпуса "Д" НИЯУ МИФИ по адресу: г. Москва. Каширское шоссе, д.31, стр.17 | I12: 0 | K12: 0 | O12: 0 | P12: 0 | Q12: 0 | R12: 0 | S12: 0 | V12: 0 | BH12: Сметные нормы списания | BI12: Коды ценников | BJ12: 1 | BK12: 1 | BL12: 0 | BM12: 0 | BN12: 1 | BO12: 0 | BP12: 2 | BQ12: 2 | BR12: 1 | BS12: 1 | BT12: 0 | BU12: 0 | BV12: 0 | BW12: 0 | BX12: 0 | BY12: ФЕР-2017 | BZ12: ТР для Версии 10: Центральные регионы (с учетом п-ма 2536-ИП/12/ГС от 22.03.2017 г | CA12: ФЕР-2017 | CB12: ФЕР-2017 | CC12: ФЕР-2017 | CD12: ФЕР-2017 | CE12: Поправки для ГСН 2017 от 31.03.2017 г | CF12: 0 | CG12: 0 | CH12: 524288 | CK12: 4 | EC12: 0
A15: 15 | B15: 1
A18: 52 | B18: =B940 -> 1001 | C18: =C940 -> 1 | D18: =D940 -> 12 | E18: =E940 -> 0 | F18: =F940 -> Новый объект 3 | G18: =G940 -> Капитальный ремонт входной группы, лестницы "А", лестницы "Б" с цокольного по технический этаж, коридора цокольного этажа, вестибюля, коридора "1в", помещения в осях 1-1/А-Б первого этажа лабораторного корпуса "Д" НИЯУ МИФИ по адресу: г. Москва. Каширское шоссе, д.31, стр.17 | O18: =O940 -> 451516.07 | P18: =P940 -> 389079.28 | Q18: =Q940 -> 9921.38 | R18: =R940 -> 1540.04 | S18: =S940 -> 52515.41 | T18: =T940 -> 0 | U18: =U940 -> 5815.5784 | V18: =V940 -> 125.8071 | ... GX18: =GX940 -> 0
A20: 3 | B20: 1 | D20: =ROW(A908) -> 908 | F20: Новая локальная смета | G20: Новая локальная смета | I20: 0 | K20: 0 | V20: 0 | BX20: 0 | CF20: 0 | CG20: 0
A22: 52 | B22: =B908 -> 1 | C22: =C908 -> 3 | D22: =D908 -> 20 | E22: =E908 -> 0 | F22: =F908 -> Новая локальная смета | G22: =G908 -> Новая локальная смета | O22: =O908 -> 451516.07 | P22: =P908 -> 389079.28 | Q22: =Q908 -> 9921.38 | R22: =R908 -> 1540.04 | S22: =S908 -> 52515.41 | T22: =T908 -> 0 | U22: =U908 -> 5815.5784 | V22: =V908 -> 125.8071 | ... GX22: =GX908 -> 0
A24: 4 | B24: 1 | D24: =ROW(A135) -> 135 | F24: Новый раздел | G24: Крыльцо | I24: 0 | K24: 0 | V24: 0 | BX24: 0 | CJ24: 0
A26: 52 | B26: =B135 -> 1 | C26: =C135 -> 4 | D26: =D135 -> 24 | E26: =E135 -> 0 | F26: =F135 -> Новый раздел | G26: =G135 -> Крыльцо | O26: =O135 -> 58589.05 | P26: =P135 -> 49298.36 | Q26: =Q135 -> 1400 | R26: =R135 -> 183.87 | S26: =S135 -> 7890.69 | T26: =T135 -> 0 | U26: =U135 -> 786.72057 | V26: =V135 -> 15.69074 | ... GX26: =GX135 -> 0
A28: 17 | B28: 1 | C28: =ROW(SmtRes!A11) -> 11 | D28: =ROW(EtalonRes!A13) -> 13 | E28: 1 | F28: 15-01-039-01 | G28: Разборка цельных гранитных ступеней толщиной 150 мм для последующей установки | H28: 100 м | I28: =ROUND(25.73/100,9) -> 0.2573 | J28: 0 | O28: =ROUND(CP28,2) -> 1789.32 | P28: =ROUND(CQ28*I28,2) -> 0 | Q28: =ROUND(CR28*I28,2) -> 58.2 | R28: =ROUND(CS28*I28,2) -> 18.02 | S28: =ROUND(CT28*I28,2) -> 1731.12 | T28: =ROUND(CU28*I28,2) -> 0 | U28: =CV28*I28 -> 151.18948 | V28: =CW28*I28 -> 1.3976536 | W28: =ROUND(CX28*I28,2) -> 0 | X28: =ROUND(CY28,2) -> 1661.68 | Y28: =ROUND(CZ28,2) -> 822.1 | AA28: 27721505 | AB28: =ROUND((AC28+AD28+AF28),2) -> 6954.2 | AC28: =ROUND(((ES28*0)),2) -> 0 | AD28: =ROUND(((((ET28*0.8))-((EU28*0.8)))+AE28),2) -> 226.18 | AE28: =ROUND(((EU28*0.8)),2) -> 70.03 | AF28: =ROUND(((EV28*0.8)),2) -> 6728.02 | AG28: =ROUND((AP28),2) -> 0 | AH28: =((EW28*0.8)) -> 587.6 | AI28: =((EX28*0.8)) -> 5.432 | AJ28: =ROUND((AS28),2) -> 0 | AK28: 14557.96 | AL28: 5865.2 | AM28: 282.73 | AN28: 87.54 | AO28: 8410.03 | AP28: 0 | AQ28: 734.5 | AR28: 6.79 | AS28: 0 | AT28: 95 | AU28: 47 | AV28: 1 | AW28: 1 | AZ28: 1 | BA28: 1 | BB28: 1 | BC28: 1 | BH28: 0 | BI28: 1 | BJ28: ФЕР-2001, 15-01-039-01, приказ Минстроя России №1039/пр от 30.12.2016г. | BM28: 15001 | BN28: 0 | BP28: 0 | BQ28: 2 | BR28: 0 | BS28: 1 | BT28: 1 | BU28: 1 | BV28: 1 | BW28: 1 | BX28: 1 | BZ28: 105 | CA28: 55 | CF28: 0 | CG28: 0 | CM28: 0 | CN28: Поправка: МДС 81-36.2004, п.3.3.1.а Наименование: При демонтаже (разборке) сборных бетонных и железобетонных конструкций | CO28: 0 | CP28: =(P28+Q28+S28) -> 1789.32 | CQ28: =AC28*BC28 -> 0 | CR28: =AD28*BB28 -> 226.18 | CS28: =AE28*BS28 -> 70.03 | CT28: =AF28*BA28 -> 6728.02 | CU28: =AG28 -> 0 | CV28: =AH28 -> 587.6 | CW28: =AI28 -> 5.432 | CX28: =AJ28 -> 0 | CY28: =(((S28+R28)*AT28)/100) -> 1661.683 | CZ28: =(((S28+R28)*AU28)/100) -> 822.0958 | DD28: )*0 | DE28: )*0,8 | DF28: )*0,8 | DG28: )*0,8 | DI28: )*0,8 | DJ28: )*0,8 | DN28: 0 | DO28: 0 | DP28: 1 | DQ28: 1 | DU28: 1003 | DV28: 100 м | DW28: 100 м | DX28: 100 | EE28: 27029049 | EF28: 2 | EG28: Общестроительные работы | EH28: 0 | EJ28: 1 | EK28: 15001 | EL28: Отделочные работы | EM28: ФЕР-15 | EO28: Поправка: МДС 81-36.2004, п.3.3.1.а | EQ28: 0 | ER28: 14557.96 | ES28: 5865.2 | ET28: 282.73 | EU28: 87.54 | EV28: 8410.03 | EW28: 734.5 | EX28: 6.79 | EY28: 0 | FQ28: 0 | FR28: =ROUND(IF(AND(BH28=3,BI28=3),P28,0),2) -> 0 | FS28: 0 | FT28: *0,9 | FU28: *0,85 | FX28: 94.5 | FY28: 46.75 | GD28: 0 | GF28: -277556662 | GG28: 2 | GH28: 1 | GI28: -2 | GJ28: 0 | GK28: =ROUND(R28*(R12)/100,2) -> 0 | GL28: =ROUND(IF(AND(BH28=3,BI28=3,FS28<>0),P28,0),2) -> 0 | GM28: =ROUND(O28+X28+Y28+GK28,2)+GX28 -> 4273.1 | GN28: =IF(OR(BI28=0,BI28=1),ROUND(O28+X28+Y28+GK28,2),0) -> 4273.1 | GO28: =IF(BI28=2,ROUND(O28+X28+Y28+GK28,2),0) -> 0 | GP28: =IF(BI28=4,ROUND(O28+X28+Y28+GK28,2)+GX28,0) -> 0 | GR28: 0 | GS28: 3 | GT28: 0 | GV28: =ROUND(GT28,2) -> 0 | GW28: 1 | GX28: =ROUND(GV28*GW28*I28,2) -> 0 | HA28: 0 | HB28: 0 | IK28: 0
A29: 17 | B29: 1 | C29: =ROW(SmtRes!A22) -> 22 | D29: =ROW(EtalonRes!A26) -> 26 | E29: 1 | F29: 15-01-039-01 | G29: Разборка цельных гранитных ступеней толщиной 150 мм для последующей установки | H29: 100 м | I29: =ROUND(25.73/100,9) -> 0.2573 | J29: 0 | O29: =ROUND(CP29,2) -> 1789.32 | P29: =ROUND(CQ29*I29,2) -> 0 | Q29: =ROUND(CR29*I29,2) -> 58.2 | R29: =ROUND(CS29*I29,2) -> 18.02 | S29: =ROUND(CT29*I29,2) -> 1731.12 | T29: =ROUND(CU29*I29,2) -> 0 | U29: =CV29*I29 -> 151.18948 | V29: =CW29*I29 -> 1.3976536 | W29: =ROUND(CX29*I29,2) -> 0 | X29: =ROUND(CY29,2) -> 1661.68 | Y29: =ROUND(CZ29,2) -> 822.1 | AA29: 27721504 | AB29: =ROUND((AC29+AD29+AF29),2) -> 6954.2 | AC29: =ROUND(((ES29*0)),2) -> 0 | AD29: =ROUND(((((ET29*0.8))-((EU29*0.8)))+AE29),2) -> 226.18 | AE29: =ROUND(((EU29*0.8)),2) -> 70.03 | AF29: =ROUND(((EV29*0.8)),2) -> 6728.02 | AG29: =ROUND((AP29),2) -> 0 | AH29: =((EW29*0.8)) -> 587.6 | AI29: =((EX29*0.8)) -> 5.432 | AJ29: =ROUND((AS29),2) -> 0 | AK29: 14557.96 | AL29: 5865.2 | AM29: 282.73 | AN29: 87.54 | AO29: 8410.03 | AP29: 0 | AQ29: 734.5 | AR29: 6.79 | AS29: 0 | AT29: 95 | AU29: 47 | AV29: 1 | AW29: 1 | AZ29: 1 | BA29: 1 | BB29: 1 | BC29: 1 | BH29: 0 | BI29: 1 | BJ29: ФЕР-2001, 15-01-039-01, приказ Минстроя России №1039/пр от 30.12.2016г. | BM29: 15001 | BN29: 0 | BP29: 0 | BQ29: 2 | BR29: 0 | BS29: 1 | BT29: 1 | BU29: 1 | BV29: 1 | BW29: 1 | BX29: 1 | BZ29: 105 | CA29: 55 | CF29: 0 | CG29: 0 | CM29: 0 | CN29: Поправка: МДС 81-36.2004, п.3.3.1.а Наименование: При демонтаже (разборке) сборных бетонных и железобетонных конструкций | CO29: 0 | CP29: =(P29+Q29+S29) -> 1789.32 | CQ29: =AC29*BC29 -> 0 | CR29: =AD29*BB29 -> 226.18 | CS29: =AE29*BS29 -> 70.03 | CT29: =AF29*BA29 -> 6728.02 | CU29: =AG29 -> 0 | CV29: =AH29 -> 587.6 | CW29: =AI29 -> 5.432 | CX29: =AJ29 -> 0 | CY29: =(((S29+R29)*AT29)/100) -> 1661.683 | CZ29: =(((S29+R29)*AU29)/100) -> 822.0958 | DD29: )*0 | DE29: )*0,8 | DF29: )*0,8 | DG29: )*0,8 | DI29: )*0,8 | DJ29: )*0,8 | DN29: 0 | DO29: 0 | DP29: 1 | DQ29: 1 | DU29: 1003 | DV29: 100 м | DW29: 100 м | DX29: 100 | EE29: 27029049 | EF29: 2 | EG29: Общестроительные работы | EH29: 0 | EJ29: 1 | EK29: 15001 | EL29: Отделочные работы | EM29: ФЕР-15 | EO29: Поправка: МДС 81-36.2004, п.3.3.1.а | EQ29: 0 | ER29: 14557.96 | ES29: 5865.2 | ET29: 282.73 | EU29: 87.54 | EV29: 8410.03 | EW29: 734.5 | EX29: 6.79 | EY29: 0 | FQ29: 0 | FR29: =ROUND(IF(AND(BH29=3,BI29=3),P29,0),2) -> 0 | FS29: 0 | FT29: *0,9 | FU29: *0,85 | FX29: 94.5 | FY29: 46.75 | GD29: 0 | GF29: -277556662 | GG29: 2 | GH29: 1 | GI29: -2 | GJ29: 0 | GK29: =ROUND(R29*(S12)/100,2) -> 0 | GL29: =ROUND(IF(AND(BH29=3,BI29=3,FS29<>0),P29,0),2) -> 0 | GM29: =ROUND(O29+X29+Y29+GK29,2)+GX29 -> 4273.1 | GN29: =IF(OR(BI29=0,BI29=1),ROUND(O29+X29+Y29+GK29,2),0) -> 4273.1 | GO29: =IF(BI29=2,ROUND(O29+X29+Y29+GK29,2),0) -> 0 | GP29: =IF(BI29=4,ROUND(O29+X29+Y29+GK29,2)+GX29,0) -> 0 | GR29: 0 | GS29: 0 | GT29: 0 | GV29: =ROUND(GT29,2) -> 0 | GW29: 1 | GX29: =ROUND(GV29*GW29*I29,2) -> 0 | HA29: 0 | HB29: 0 | IK29: 0
A30: 17 | B30: 1 | C30: =ROW(SmtRes!A23) -> 23 | D30: =ROW(EtalonRes!A27) -> 27 | E30: 2 | F30: 46-02-009-02 | G30: Отбивка штукатурки с поверхностей стен кирпичных | H30: 100 м2 | I30: =ROUND(10.8/100,9) -> 0.108 | J30: 0 | O30: =ROUND(CP30,2) -> 19.22 | P30: =ROUND(CQ30*I30,2) -> 0 | Q30: =ROUND(CR30*I30,2) -> 0 | R30: =ROUND(CS30*I30,2) -> 0 | S30: =ROUND(CT30*I30,2) -> 19.22 | T30: =ROUND(CU30*I30,2) -> 0 | U30: =CV30*I30 -> 2.46456 | V30: =CW30*I30 -> 0 | W30: =ROUND(CX30*I30,2) -> 0 | X30: =ROUND(CY30,2) -> 19.03 | Y30: =ROUND(CZ30,2) -> 11.53 | AA30: 27721505 | AB30: =ROUND((AC30+AD30+AF30),2) -> 178 | AC30: =ROUND((ES30),2) -> 0 | AD30: =ROUND((((ET30)-(EU30))+AE30),2) -> 0 | AE30: =ROUND((EU30),2) -> 0 | AF30: =ROUND((EV30),2) -> 178 | AG30: =ROUND((AP30),2) -> 0 | AH30: =(EW30) -> 22.82 | AI30: =(EX30) -> 0 | AJ30: =ROUND((AS30),2) -> 0 | AK30: 178 | AL30: 0 | AM30: 0 | AN30: 0 | AO30: 178 | AP30: 0 | AQ30: 22.82 | AR30: 0 | AS30: 0 | AT30: 99 | AU30: 60 | AV30: 1 | AW30: 1 | AZ30: 1 | BA30: 1 | BB30: 1 | BC30: 1 | BH30: 0 | BI30: 1 | BJ30: ФЕР-2001, 46-02-009-02, приказ Минстроя России №1039/пр от 30.12.2016г. | BM30: 46001 | BN30: 0 | BP30: 0 | BQ30: 2 | BR30: 0 | BS30: 1 | BT30: 1 | BU30: 1 | BV30: 1 | BW30: 1 | BX30: 1 | BZ30: 110 | CA30: 70 | CF30: 0 | CG30: 0 | CM30: 0 | CO30: 0 | CP30: =(P30+Q30+S30) -> 19.22 | CQ30: =AC30*BC30 -> 0 | CR30: =AD30*BB30 -> 0 | CS30: =AE30*BS30 -> 0 | CT30: =AF30*BA30 -> 178 | CU30: =AG30 -> 0 | CV30: =AH30 -> 22.82 | CW30: =AI30 -> 0 | CX30: =AJ30 -> 0 | CY30: =(((S30+R30)*AT30)/100) -> 19.0278 | CZ30: =(((S30+R30)*AU30)/100) -> 11.532 | DN30: 0 | DO30: 0 | DP30: 1 | DQ30: 1 | DU30: 1005 | DV30: 100 м2 | DW30: 100 м2 | DX30: 100 | EE30: 27029091 | EF30: 2 | EG30: Общестроительные работы | EH30: 0 | EJ30: 1 | EK30: 46001 | EL30: Реконструкция зданий и сооружений | EM30: ФЕР-46 | EQ30: 0 | ER30: 178 | ES30: 0 | ET30: 0 | EU30: 0 | EV30: 178 | EW30: 22.82 | EX30: 0 | EY30: 0 | FQ30: 0 | FR30: =ROUND(IF(AND(BH30=3,BI30=3),P30,0),2) -> 0 | FS30: 0 | FT30: *0,9 | FU30: *0,85 | FX30: 99 | FY30: 59.5 | GD30: 0 | GF30: -832498853 | GG30: 2 | GH30: 1 | GI30: -2 | GJ30: 0 | GK30: =ROUND(R30*(R12)/100,2) -> 0 | GL30: =ROUND(IF(AND(BH30=3,BI30=3,FS30<>0),P30,0),2) -> 0 | GM30: =ROUND(O30+X30+Y30+GK30,2)+GX30 -> 49.78 | GN30: =IF(OR(BI30=0,BI30=1),ROUND(O30+X30+Y30+GK30,2),0) -> 49.78 | GO30: =IF(BI30=2,ROUND(O30+X30+Y30+GK30,2),0) -> 0 | GP30: =IF(BI30=4,ROUND(O30+X30+Y30+GK30,2)+GX30,0) -> 0 | GR30: 0 | GS30: 3 | GT30: 0 | GV30: =ROUND(GT30,2) -> 0 | GW30: 1 | GX30: =ROUND(GV30*GW30*I30,2) -> 0 | HA30: 0 | HB30: 0 | IK30: 0
A31: 17 | B31: 1 | C31: =ROW(SmtRes!A24) -> 24 | D31: =ROW(EtalonRes!A28) -> 28 | E31: 2 | F31: 46-02-009-02 | G31: Отбивка штукатурки с поверхностей стен кирпичных | H31: 100 м2 | I31: =ROUND(10.8/100,9) -> 0.108 | J31: 0 | O31: =ROUND(CP31,2) -> 19.22 | P31: =ROUND(CQ31*I31,2) -> 0 | Q31: =ROUND(CR31*I31,2) -> 0 | R31: =ROUND(CS31*I31,2) -> 0 | S31: =ROUND(CT31*I31,2) -> 19.22 | T31: =ROUND(CU31*I31,2) -> 0 | U31: =CV31*I31 -> 2.46456 | V31: =CW31*I31 -> 0 | W31: =ROUND(CX31*I31,2) -> 0 | X31: =ROUND(CY31,2) -> 19.03 | Y31: =ROUND(CZ31,2) -> 11.53 | AA31: 27721504 | AB31: =ROUND((AC31+AD31+AF31),2) -> 178 | AC31: =ROUND((ES31),2) -> 0 | AD31: =ROUND((((ET31)-(EU31))+AE31),2) -> 0 | AE31: =ROUND((EU31),2) -> 0 | AF31: =ROUND((EV31),2) -> 178 | AG31: =ROUND((AP31),2) -> 0 | AH31: =(EW31) -> 22.82 | AI31: =(EX31) -> 0 | AJ31: =ROUND((AS31),2) -> 0 | AK31: 178 | AL31: 0 | AM31: 0 | AN31: 0 | AO31: 178 | AP31: 0 | AQ31: 22.82 | AR31: 0 | AS31: 0 | AT31: 99 | AU31: 60 | AV31: 1 | AW31: 1 | AZ31: 1 | BA31: 1 | BB31: 1 | BC31: 1 | BH31: 0 | BI31: 1 | BJ31: ФЕР-2001, 46-02-009-02, приказ Минстроя России №1039/пр от 30.12.2016г. | BM31: 46001 | BN31: 0 | BP31: 0 | BQ31: 2 | BR31: 0 | BS31: 1 | BT31: 1 | BU31: 1 | BV31: 1 | BW31: 1 | BX31: 1 | BZ31: 110 | CA31: 70 | CF31: 0 | CG31: 0 | CM31: 0 | CO31: 0 | CP31: =(P31+Q31+S31) -> 19.22 | CQ31: =AC31*BC31 -> 0 | CR31: =AD31*BB31 -> 0 | CS31: =AE31*BS31 -> 0 | CT31: =AF31*BA31 -> 178 | CU31: =AG31 -> 0 | CV31: =AH31 -> 22.82 | CW31: =AI31 -> 0 | CX31: =AJ31 -> 0 | CY31: =(((S31+R31)*AT31)/100) -> 19.0278 | CZ31: =(((S31+R31)*AU31)/100) -> 11.532 | DN31: 0 | DO31: 0 | DP31: 1 | DQ31: 1 | DU31: 1005 | DV31: 100 м2 | DW31: 100 м2 | DX31: 100 | EE31: 27029091 | EF31: 2 | EG31: Общестроительные работы | EH31: 0 | EJ31: 1 | EK31: 46001 | EL31: Реконструкция зданий и сооружений | EM31: ФЕР-46 | EQ31: 0 | ER31: 178 | ES31: 0 | ET31: 0 | EU31: 0 | EV31: 178 | EW31: 22.82 | EX31: 0 | EY31: 0 | FQ31: 0 | FR31: =ROUND(IF(AND(BH31=3,BI31=3),P31,0),2) -> 0 | FS31: 0 | FT31: *0,9 | FU31: *0,85 | FX31: 99 | FY31: 59.5 | GD31: 0 | GF31: -832498853 | GG31: 2 | GH31: 1 | GI31: -2 | GJ31: 0 | GK31: =ROUND(R31*(S12)/100,2) -> 0 | GL31: =ROUND(IF(AND(BH31=3,BI31=3,FS31<>0),P31,0),2) -> 0 | GM31: =ROUND(O31+X31+Y31+GK31,2)+GX31 -> 49.78 | GN31: =IF(OR(BI31=0,BI31=1),ROUND(O31+X31+Y31+GK31,2),0) -> 49.78 | GO31: =IF(BI31=2,ROUND(O31+X31+Y31+GK31,2),0) -> 0 | GP31: =IF(BI31=4,ROUND(O31+X31+Y31+GK31,2)+GX31,0) -> 0 | GR31: 0 | GS31: 0 | GT31: 0 | GV31: =ROUND(GT31,2) -> 0 | GW31: 1 | GX31: =ROUND(GV31*GW31*I31,2) -> 0 | HA31: 0 | HB31: 0 | IK31: 0
A32: 17 | B32: 1 | C32: =ROW(SmtRes!A27) -> 27 | D32: =ROW(EtalonRes!A31) -> 31 | E32: 3 | F32: 58-3-1 | G32: Разборка мелких покрытий и обделок из листовой стали поясков, сандриков, желобов, отливов, свесов и т.п. | H32: 100 м | I32: =ROUND(15.02/100,9) -> 0.1502 | J32: 0 | O32: =ROUND(CP32,2) -> 10.69 | P32: =ROUND(CQ32*I32,2) -> 0 | Q32: =ROUND(CR32*I32,2) -> 0.03 | R32: =ROUND(CS32*I32,2) -> 0 | S32: =ROUND(CT32*I32,2) -> 10.66 | T32: =ROUND(CU32*I32,2) -> 0 | U32: =CV32*I32 -> 1.36682 | V32: =CW32*I32 -> 0 | W32: =ROUND(CX32*I32,2) -> 0 | X32: =ROUND(CY32,2) -> 8.85 | Y32: =ROUND(CZ32,2) -> 6.93 | AA32: 27721505 | AB32: =ROUND((AC32+AD32+AF32),2) -> 71.18 | AC32: =ROUND((ES32),2) -> 0 | AD32: =ROUND((((ET32)-(EU32))+AE32),2) -> 0.2 | AE32: =ROUND((EU32),2) -> 0 | AF32: =ROUND((EV32),2) -> 70.98 | AG32: =ROUND((AP32),2) -> 0 | AH32: =(EW32) -> 9.1 | AI32: =(EX32) -> 0 | AJ32: =ROUND((AS32),2) -> 0 | AK32: 71.18 | AL32: 0 | AM32: 0.2 | AN32: 0 | AO32: 70.98 | AP32: 0 | AQ32: 9.1 | AR32: 0 | AS32: 0 | AT32: 83 | AU32: 65 | AV32: 1 | AW32: 1 | AZ32: 1 | BA32: 1 | BB32: 1 | BC32: 1 | BH32: 0 | BI32: 1 | BJ32: ФЕР-2001, 58-3-1, приказ Минстроя России №1039/пр от 30.12.2016г. | BM32: 58001 | BN32: 0 | BP32: 0 | BQ32: 6 | BR32: 0 | BS32: 1 | BT32: 1 | BU32: 1 | BV32: 1 | BW32: 1 | BX32: 1 | BZ32: 83 | CA32: 65 | CF32: 0 | CG32: 0 | CM32: 0 | CO32: 0 | CP32: =(P32+Q32+S32) -> 10.69 | CQ32: =AC32*BC32 -> 0 | CR32: =AD32*BB32 -> 0.2 | CS32: =AE32*BS32 -> 0 | CT32: =AF32*BA32 -> 70.98 | CU32: =AG32 -> 0 | CV32: =AH32 -> 9.1 | CW32: =AI32 -> 0 | CX32: =AJ32 -> 0 | CY32: =(((S32+R32)*AT32)/100) -> 8.8478 | CZ32: =(((S32+R32)*AU32)/100) -> 6.929 | DN32: 0 | DO32: 0 | DP32: 1 | DQ32: 1 | DU32: 1003 | DV32: 100 м | DW32: 100 м | DX32: 100 | EE32: 27029103 | EF32: 6 | EG32: Ремонтно-строительные работы | EH32: 0 | EJ32: 1 | EK32: 58001 | EL32: Крыши, кровля | EM32: рФЕР-58 | EQ32: 0 | ER32: 71.18 | ES32: 0 | ET32: 0.2 | EU32: 0 | EV32: 70.98 | EW32: 9.1 | EX32: 0 | EY32: 0 | FQ32: 0 | FR32: =ROUND(IF(AND(BH32=3,BI32=3),P32,0),2) -> 0 | FS32: 0 | FX32: 83 | FY32: 65 | GD32: 0 | GF32: -1944869968 | GG32: 2 | GH32: 1 | GI32: -2 | GJ32: 0 | GK32: =ROUND(R32*(R12)/100,2) -> 0 | GL32: =ROUND(IF(AND(BH32=3,BI32=3,FS32<>0),P32,0),2) -> 0 | GM32: =ROUND(O32+X32+Y32+GK32,2)+GX32 -> 26.47 | GN32: =IF(OR(BI32=0,BI32=1),ROUND(O32+X32+Y32+GK32,2),0) -> 26.47 | GO32: =IF(BI32=2,ROUND(O32+X32+Y32+GK32,2),0) -> 0 | GP32: =IF(BI32=4,ROUND(O32+X32+Y32+GK32,2)+GX32,0) -> 0 | GR32: 0 | GS32: 3 | GT32: 0 | GV32: =ROUND(GT32,2) -> 0 | GW32: 1 | GX32: =ROUND(GV32*GW32*I32,2) -> 0 | HA32: 0 | HB32: 0 | IK32: 0
A33: 17 | B33: 1 | C33: =ROW(SmtRes!A30) -> 30 | D33: =ROW(EtalonRes!A34) -> 34 | E33: 3 | F33: 58-3-1 | G33: Разборка мелких покрытий и обделок из листовой стали поясков, сандриков, желобов, отливов, свесов и т.п. | H33: 100 м | I33: =ROUND(15.02/100,9) -> 0.1502 | J33: 0 | O33: =ROUND(CP33,2) -> 10.69 | P33: =ROUND(CQ33*I33,2) -> 0 | Q33: =ROUND(CR33*I33,2) -> 0.03 | R33: =ROUND(CS33*I33,2) -> 0 | S33: =ROUND(CT33*I33,2) -> 10.66 | T33: =ROUND(CU33*I33,2) -> 0 | U33: =CV33*I33 -> 1.36682 | V33: =CW33*I33 -> 0 | W33: =ROUND(CX33*I33,2) -> 0 | X33: =ROUND(CY33,2) -> 8.85 | Y33: =ROUND(CZ33,2) -> 6.93 | AA33: 27721504 | AB33: =ROUND((AC33+AD33+AF33),2) -> 71.18 | AC33: =ROUND((ES33),2) -> 0 | AD33: =ROUND((((ET33)-(EU33))+AE33),2) -> 0.2 | AE33: =ROUND((EU33),2) -> 0 | AF33: =ROUND((EV33),2) -> 70.98 | AG33: =ROUND((AP33),2) -> 0 | AH33: =(EW33) -> 9.1 | AI33: =(EX33) -> 0 | AJ33: =ROUND((AS33),2) -> 0 | AK33: 71.18 | AL33: 0 | AM33: 0.2 | AN33: 0 | AO33: 70.98 | AP33: 0 | AQ33: 9.1 | AR33: 0 | AS33: 0 | AT33: 83 | AU33: 65 | AV33: 1 | AW33: 1 | AZ33: 1 | BA33: 1 | BB33: 1 | BC33: 1 | BH33: 0 | BI33: 1 | BJ33: ФЕР-2001, 58-3-1, приказ Минстроя России №1039/пр от 30.12.2016г. | BM33: 58001 | BN33: 0 | BP33: 0 | BQ33: 6 | BR33: 0 | BS33: 1 | BT33: 1 | BU33: 1 | BV33: 1 | BW33: 1 | BX33: 1 | BZ33: 83 | CA33: 65 | CF33: 0 | CG33: 0 | CM33: 0 | CO33: 0 | CP33: =(P33+Q33+S33) -> 10.69 | CQ33: =AC33*BC33 -> 0 | CR33: =AD33*BB33 -> 0.2 | CS33: =AE33*BS33 -> 0 | CT33: =AF33*BA33 -> 70.98 | CU33: =AG33 -> 0 | CV33: =AH33 -> 9.1 | CW33: =AI33 -> 0 | CX33: =AJ33 -> 0 | CY33: =(((S33+R33)*AT33)/100) -> 8.8478 | CZ33: =(((S33+R33)*AU33)/100) -> 6.929 | DN33: 0 | DO33: 0 | DP33: 1 | DQ33: 1 | DU33: 1003 | DV33: 100 м | DW33: 100 м | DX33: 100 | EE33: 27029103 | EF33: 6 | EG33: Ремонтно-строительные работы | EH33: 0 | EJ33: 1 | EK33: 58001 | EL33: Крыши, кровля | EM33: рФЕР-58 | EQ33: 0 | ER33: 71.18 | ES33: 0 | ET33: 0.2 | EU33: 0 | EV33: 70.98 | EW33: 9.1 | EX33: 0 | EY33: 0 | FQ33: 0 | FR33: =ROUND(IF(AND(BH33=3,BI33=3),P33,0),2) -> 0 | FS33: 0 | FX33: 83 | FY33: 65 | GD33: 0 | GF33: -1944869968 | GG33: 2 | GH33: 1 | GI33: -2 | GJ33: 0 | GK33: =ROUND(R33*(S12)/100,2) -> 0 | GL33: =ROUND(IF(AND(BH33=3,BI33=3,FS33<>0),P33,0),2) -> 0 | GM33: =ROUND(O33+X33+Y33+GK33,2)+GX33 -> 26.47 | GN33: =IF(OR(BI33=0,BI33=1),ROUND(O33+X33+Y33+GK33,2),0) -> 26.47 | GO33: =IF(BI33=2,ROUND(O33+X33+Y33+GK33,2),0) -> 0 | GP33: =IF(BI33=4,ROUND(O33+X33+Y33+GK33,2)+GX33,0) -> 0 | GR33: 0 | GS33: 0 | GT33: 0 | GV33: =ROUND(GT33,2) -> 0 | GW33: 1 | GX33: =ROUND(GV33*GW33*I33,2) -> 0 | HA33: 0 | HB33: 0 | IK33: 0
A34: 18 | B34: 1 | C34: 27 | E34: 3,1 | F34: 01.7.07.07 | G34: Строительный мусор | H34: т | I34: =I32*J34 -> 0.018024 | J34: 0.12 | O34: =ROUND(CP34,2) -> 0 | P34: =ROUND(CQ34*I34,2) -> 0 | Q34: =ROUND(CR34*I34,2) -> 0 | R34: =ROUND(CS34*I34,2) -> 0 | S34: =ROUND(CT34*I34,2) -> 0 | T34: =ROUND(CU34*I34,2) -> 0 | U34: =CV34*I34 -> 0 | V34: =CW34*I34 -> 0 | W34: =ROUND(CX34*I34,2) -> 0 | X34: =ROUND(CY34,2) -> 0 | Y34: =ROUND(CZ34,2) -> 0 | AA34: 27721505 | AB34: =ROUND((AC34+AD34+AF34),2) -> 0 | AC34: =ROUND((ES34),2) -> 0 | AD34: =ROUND((((ET34)-(EU34))+AE34),2) -> 0 | AE34: =ROUND((EU34),2) -> 0 | AF34: =ROUND((EV34),2) -> 0 | AG34: =ROUND((AP34),2) -> 0 | AH34: =(EW34) -> 0 | AI34: =(EX34) -> 0 | AJ34: =ROUND((AS34),2) -> 0 | AK34: 0 | AL34: 0 | AM34: 0 | AN34: 0 | AO34: 0 | AP34: 0 | AQ34: 0 | AR34: 0 | AS34: 0 | AT34: 83 | AU34: 65 | AV34: 1 | AW34: 1 | AZ34: 1 | BA34: 1 | BB34: 1 | BC34: 1 | BH34: 3 | BI34: 1 | BM34: 58001 | BN34: 0 | BP34: 0 | BQ34: 6 | BR34: 0 | BS34: 1 | BT34: 1 | BU34: 1 | BV34: 1 | BW34: 1 | BX34: 1 | BZ34: 83 | CA34: 65 | CF34: 0 | CG34: 0 | CM34: 0 | CO34: 0 | CP34: =(P34+Q34+S34) -> 0 | CQ34: =AC34*BC34 -> 0 | CR34: =AD34*BB34 -> 0 | CS34: =AE34*BS34 -> 0 | CT34: =AF34*BA34 -> 0 | CU34: =AG34 -> 0 | CV34: =AH34 -> 0 | CW34: =AI34 -> 0 | CX34: =AJ34 -> 0 | CY34: =(((S34+R34)*AT34)/100) -> 0 | CZ34: =(((S34+R34)*AU34)/100) -> 0 | DN34: 0 | DO34: 0 | DP34: 1 | DQ34: 1 | DU34: 1009 | DV34: т | DW34: т | DX34: 1000 | EE34: 27029103 | EF34: 6 | EG34: Ремонтно-строительные работы | EH34: 0 | EJ34: 1 | EK34: 58001 | EL34: Крыши, кровля | EM34: рФЕР-58 | EQ34: 0 | ER34: 0 | ES34: 0 | ET34: 0 | EU34: 0 | EV34: 0 | EW34: 0 | EX34: 0 | FQ34: 0 | FR34: =ROUND(IF(AND(BH34=3,BI34=3),P34,0),2) -> 0 | FS34: 0 | FX34: 83 | FY34: 65 | GA34: занесена вручную | GD34: 0 | GF34: -179832266 | GG34: 2 | GH34: 1 | GI34: -2 | GJ34: 0 | GK34: =ROUND(R34*(R12)/100,2) -> 0 | GL34: =ROUND(IF(AND(BH34=3,BI34=3,FS34<>0),P34,0),2) -> 0 | GM34: =ROUND(O34+X34+Y34+GK34,2)+GX34 -> 0 | GN34: =IF(OR(BI34=0,BI34=1),ROUND(O34+X34+Y34+GK34,2),0) -> 0 | GO34: =IF(BI34=2,ROUND(O34+X34+Y34+GK34,2),0) -> 0 | GP34: =IF(BI34=4,ROUND(O34+X34+Y34+GK34,2)+GX34,0) -> 0 | GR34: 0 | GS34: 4 | GT34: 0 | GV34: =ROUND(GT34,2) -> 0 | GW34: 1 | GX34: =ROUND(GV34*GW34*I34,2) -> 0 | HA34: 0 | HB34: 0 | IK34: 0
A35: 18 | B35: 1 | C35: 30 | E35: 3,1 | F35: 01.7.07.07 | G35: Строительный мусор | H35: т | I35: =I33*J35 -> 0.018024 | J35: 0.12 | O35: =ROUND(CP35,2) -> 0 | P35: =ROUND(CQ35*I35,2) -> 0 | Q35: =ROUND(CR35*I35,2) -> 0 | R35: =ROUND(CS35*I35,2) -> 0 | S35: =ROUND(CT35*I35,2) -> 0 | T35: =ROUND(CU35*I35,2) -> 0 | U35: =CV35*I35 -> 0 | V35: =CW35*I35 -> 0 | W35: =ROUND(CX35*I35,2) -> 0 | X35: =ROUND(CY35,2) -> 0 | Y35: =ROUND(CZ35,2) -> 0 | AA35: 27721504 | AB35: =ROUND((AC35+AD35+AF35),2) -> 0 | AC35: =ROUND((ES35),2) -> 0 | AD35: =ROUND((((ET35)-(EU35))+AE35),2) -> 0 | AE35: =ROUND((EU35),2) -> 0 | AF35: =ROUND((EV35),2) -> 0 | AG35: =ROUND((AP35),2) -> 0 | AH35: =(EW35) -> 0 | AI35: =(EX35) -> 0 | AJ35: =ROUND((AS35),2) -> 0 | AK35: 0 | AL35: 0 | AM35: 0 | AN35: 0 | AO35: 0 | AP35: 0 | AQ35: 0 | AR35: 0 | AS35: 0 | AT35: 83 | AU35: 65 | AV35: 1 | AW35: 1 | AZ35: 1 | BA35: 1 | BB35: 1 | BC35: 1 | BH35: 3 | BI35: 1 | BM35: 58001 | BN35: 0 | BP35: 0 | BQ35: 6 | BR35: 0 | BS35: 1 | BT35: 1 | BU35: 1 | BV35: 1 | BW35: 1 | BX35: 1 | BZ35: 83 | CA35: 65 | CF35: 0 | CG35: 0 | CM35: 0 | CO35: 0 | CP35: =(P35+Q35+S35) -> 0 | CQ35: =AC35*BC35 -> 0 | CR35: =AD35*BB35 -> 0 | CS35: =AE35*BS35 -> 0 | CT35: =AF35*BA35 -> 0 | CU35: =AG35 -> 0 | CV35: =AH35 -> 0 | CW35: =AI35 -> 0 | CX35: =AJ35 -> 0 | CY35: =(((S35+R35)*AT35)/100) -> 0 | CZ35: =(((S35+R35)*AU35)/100) -> 0 | DN35: 0 | DO35: 0 | DP35: 1 | DQ35: 1 | DU35: 1009 | DV35: т | DW35: т | DX35: 1000 | EE35: 27029103 | EF35: 6 | EG35: Ремонтно-строительные работы | EH35: 0 | EJ35: 1 | EK35: 58001 | EL35: Крыши, кровля | EM35: рФЕР-58 | EQ35: 0 | ER35: 0 | ES35: 0 | ET35: 0 | EU35: 0 | EV35: 0 | EW35: 0 | EX35: 0 | FQ35: 0 | FR35: =ROUND(IF(AND(BH35=3,BI35=3),P35,0),2) -> 0 | FS35: 0 | FX35: 83 | FY35: 65 | GD35: 0 | GF35: -179832266 | GG35: 2 | GH35: 1 | GI35: -2 | GJ35: 0 | GK35: =ROUND(R35*(S12)/100,2) -> 0 | GL35: =ROUND(IF(AND(BH35=3,BI35=3,FS35<>0),P35,0),2) -> 0 | GM35: =ROUND(O35+X35+Y35+GK35,2)+GX35 -> 0 | GN35: =IF(OR(BI35=0,BI35=1),ROUND(O35+X35+Y35+GK35,2),0) -> 0 | GO35: =IF(BI35=2,ROUND(O35+X35+Y35+GK35,2),0) -> 0 | GP35: =IF(BI35=4,ROUND(O35+X35+Y35+GK35,2)+GX35,0) -> 0 | GR35: 0 | GS35: 0 | GT35: 0 | GV35: =ROUND(GT35,2) -> 0 | GW35: 1 | GX35: =ROUND(GV35*GW35*I35,2) -> 0 | HA35: 0 | HB35: 0 | IK35: 0
A36: 17 | B36: 1 | C36: =ROW(SmtRes!A48) -> 48 | D36: =ROW(EtalonRes!A53) -> 53 | E36: 4 | F36: 09-06-001-02 | G36: Демонтаж решеток из полосовой и тонколистовой стали | H36: т | I36: 0.04128 | J36: 0 | O36: =ROUND(CP36,2) -> 16.16 | P36: =ROUND(CQ36*I36,2) -> 0 | Q36: =ROUND(CR36*I36,2) -> 3.64 | R36: =ROUND(CS36*I36,2) -> 0.11 | S36: =ROUND(CT36*I36,2) -> 12.52 | T36: =ROUND(CU36*I36,2) -> 0 | U36: =CV36*I36 -> 1.4676278 | V36: =CW36*I36 -> 0.00895776 | W36: =ROUND(CX36*I36,2) -> 0 | X36: =ROUND(CY36,2) -> 10.23 | Y36: =ROUND(CZ36,2) -> 9.09 | AA36: 27721505 | AB36: =ROUND((AC36+AD36+AF36),2) -> 391.33 | AC36: =ROUND(((ES36*0)),2) -> 0 | AD36: =ROUND(((((ET36*0.7))-((EU36*0.7)))+AE36),2) -> 88.06 | AE36: =ROUND(((EU36*0.7)),2) -> 2.67 | AF36: =ROUND(((EV36*0.7)),2) -> 303.27 | AG36: =ROUND((AP36),2) -> 0 | AH36: =((EW36*0.7)) -> 35.553 | AI36: =((EX36*0.7)) -> 0.217 | AJ36: =ROUND((AS36),2) -> 0 | AK36: 641 | AL36: 81.96 | AM36: 125.8 | AN36: 3.82 | AO36: 433.24 | AP36: 0 | AQ36: 50.79 | AR36: 0.31 | AS36: 0 | AT36: 81 | AU36: 72 | AV36: 1 | AW36: 1 | AZ36: 1 | BA36: 1 | BB36: 1 | BC36: 1 | BH36: 0 | BI36: 1 | BJ36: ФЕР-2001, 09-06-001-02, приказ Минстроя России №1039/пр от 30.12.2016г. | BM36: 9001 | BN36: 0 | BP36: 0 | BQ36: 2 | BR36: 0 | BS36: 1 | BT36: 1 | BU36: 1 | BV36: 1 | BW36: 1 | BX36: 1 | BZ36: 90 | CA36: 85 | CF36: 0 | CG36: 0 | CM36: 0 | CN36: Поправка: МДС 81-36.2004, п.3.3.1.д Наименование: При демонтаже металлических конструкций | CO36: 0 | CP36: =(P36+Q36+S36) -> 16.16 | CQ36: =AC36*BC36 -> 0 | CR36: =AD36*BB36 -> 88.06 | CS36: =AE36*BS36 -> 2.67 | CT36: =AF36*BA36 -> 303.27 | CU36: =AG36 -> 0 | CV36: =AH36 -> 35.553 | CW36: =AI36 -> 0.217 | CX36: =AJ36 -> 0 | CY36: =(((S36+R36)*AT36)/100) -> 10.2303 | CZ36: =(((S36+R36)*AU36)/100) -> 9.0936 | DD36: )*0 | DE36: )*0,7 | DF36: )*0,7 | DG36: )*0,7 | DI36: )*0,7 | DJ36: )*0,7 | DN36: 0 | DO36: 0 | DP36: 1 | DQ36: 1 | DU36: 1009 | DV36: т | DW36: т | DX36: 1000 | EE36: 27029022 | EF36: 2 | EG36: Общестроительные работы | EH36: 0 | EJ36: 1 | EK36: 9001 | EL36: Металлические конструкции | EM36: ФЕР-09 | EO36: Поправка: МДС 81-36.2004, п.3.3.1.д | EQ36: 0 | ER36: 641 | ES36: 81.96 | ET36: 125.8 | EU36: 3.82 | EV36: 433.24 | EW36: 50.79 | EX36: 0.31 | EY36: 0 | FQ36: 0 | FR36: =ROUND(IF(AND(BH36=3,BI36=3),P36,0),2) -> 0 | FS36: 0 | FT36: *0,9 | FU36: *0,85 | FX36: 81 | FY36: 72.25 | GD36: 0 | GF36: -1527117950 | GG36: 2 | GH36: 1 | GI36: -2 | GJ36: 0 | GK36: =ROUND(R36*(R12)/100,2) -> 0 | GL36: =ROUND(IF(AND(BH36=3,BI36=3,FS36<>0),P36,0),2) -> 0 | GM36: =ROUND(O36+X36+Y36+GK36,2)+GX36 -> 35.48 | GN36: =IF(OR(BI36=0,BI36=1),ROUND(O36+X36+Y36+GK36,2),0) -> 35.48 | GO36: =IF(BI36=2,ROUND(O36+X36+Y36+GK36,2),0) -> 0 | GP36: =IF(BI36=4,ROUND(O36+X36+Y36+GK36,2)+GX36,0) -> 0 | GR36: 0 | GS36: 3 | GT36: 0 | GV36: =ROUND(GT36,2) -> 0 | GW36: 1 | GX36: =ROUND(GV36*GW36*I36,2) -> 0 | HA36: 0 | HB36: 0 | IK36: 0
A37: 17 | B37: 1 | C37: =ROW(SmtRes!A66) -> 66 | D37: =ROW(EtalonRes!A72) -> 72 | E37: 4 | F37: 09-06-001-02 | G37: Демонтаж решеток из полосовой и тонколистовой стали | H37: т | I37: 0.04128 | J37: 0 | O37: =ROUND(CP37,2) -> 16.16 | P37: =ROUND(CQ37*I37,2) -> 0 | Q37: =ROUND(CR37*I37,2) -> 3.64 | R37: =ROUND(CS37*I37,2) -> 0.11 | S37: =ROUND(CT37*I37,2) -> 12.52 | T37: =ROUND(CU37*I37,2) -> 0 | U37: =CV37*I37 -> 1.4676278 | V37: =CW37*I37 -> 0.00895776 | W37: =ROUND(CX37*I37,2) -> 0 | X37: =ROUND(CY37,2) -> 10.23 | Y37: =ROUND(CZ37,2) -> 9.09 | AA37: 27721504 | AB37: =ROUND((AC37+AD37+AF37),2) -> 391.33 | AC37: =ROUND(((ES37*0)),2) -> 0 | AD37: =ROUND(((((ET37*0.7))-((EU37*0.7)))+AE37),2) -> 88.06 | AE37: =ROUND(((EU37*0.7)),2) -> 2.67 | AF37: =ROUND(((EV37*0.7)),2) -> 303.27 | AG37: =ROUND((AP37),2) -> 0 | AH37: =((EW37*0.7)) -> 35.553 | AI37: =((EX37*0.7)) -> 0.217 | AJ37: =ROUND((AS37),2) -> 0 | AK37: 641 | AL37: 81.96 | AM37: 125.8 | AN37: 3.82 | AO37: 433.24 | AP37: 0 | AQ37: 50.79 | AR37: 0.31 | AS37: 0 | AT37: 81 | AU37: 72 | AV37: 1 | AW37: 1 | AZ37: 1 | BA37: 1 | BB37: 1 | BC37: 1 | BH37: 0 | BI37: 1 | BJ37: ФЕР-2001, 09-06-001-02, приказ Минстроя России №1039/пр от 30.12.2016г. | BM37: 9001 | BN37: 0 | BP37: 0 | BQ37: 2 | BR37: 0 | BS37: 1 | BT37: 1 | BU37: 1 | BV37: 1 | BW37: 1 | BX37: 1 | BZ37: 90 | CA37: 85 | CF37: 0 | CG37: 0 | CM37: 0 | CN37: Поправка: МДС 81-36.2004, п.3.3.1.д Наименование: При демонтаже металлических конструкций | CO37: 0 | CP37: =(P37+Q37+S37) -> 16.16 | CQ37: =AC37*BC37 -> 0 | CR37: =AD37*BB37 -> 88.06 | CS37: =AE37*BS37 -> 2.67 | CT37: =AF37*BA37 -> 303.27 | CU37: =AG37 -> 0 | CV37: =AH37 -> 35.553 | CW37: =AI37 -> 0.217 | CX37: =AJ37 -> 0 | CY37: =(((S37+R37)*AT37)/100) -> 10.2303 | CZ37: =(((S37+R37)*AU37)/100) -> 9.0936 | DD37: )*0 | DE37: )*0,7 | DF37: )*0,7 | DG37: )*0,7 | DI37: )*0,7 | DJ37: )*0,7 | DN37: 0 | DO37: 0 | DP37: 1 | DQ37: 1 | DU37: 1009 | DV37: т | DW37: т | DX37: 1000 | EE37: 27029022 | EF37: 2 | EG37: Общестроительные работы | EH37: 0 | EJ37: 1 | EK37: 9001 | EL37: Металлические конструкции | EM37: ФЕР-09 | EO37: Поправка: МДС 81-36.2004, п.3.3.1.д | EQ37: 0 | ER37: 641 | ES37: 81.96 | ET37: 125.8 | EU37: 3.82 | EV37: 433.24 | EW37: 50.79 | EX37: 0.31 | EY37: 0 | FQ37: 0 | FR37: =ROUND(IF(AND(BH37=3,BI37=3),P37,0),2) -> 0 | FS37: 0 | FT37: *0,9 | FU37: *0,85 | FX37: 81 | FY37: 72.25 | GD37: 0 | GF37: -1527117950 | GG37: 2 | GH37: 1 | GI37: -2 | GJ37: 0 | GK37: =ROUND(R37*(S12)/100,2) -> 0 | GL37: =ROUND(IF(AND(BH37=3,BI37=3,FS37<>0),P37,0),2) -> 0 | GM37: =ROUND(O37+X37+Y37+GK37,2)+GX37 -> 35.48 | GN37: =IF(OR(BI37=0,BI37=1),ROUND(O37+X37+Y37+GK37,2),0) -> 35.48 | GO37: =IF(BI37=2,ROUND(O37+X37+Y37+GK37,2),0) -> 0 | GP37: =IF(BI37=4,ROUND(O37+X37+Y37+GK37,2)+GX37,0) -> 0 | GR37: 0 | GS37: 0 | GT37: 0 | GV37: =ROUND(GT37,2) -> 0 | GW37: 1 | GX37: =ROUND(GV37*GW37*I37,2) -> 0 | HA37: 0 | HB37: 0 | IK37: 0
A38: 17 | B38: 1 | C38: =ROW(SmtRes!A69) -> 69 | D38: =ROW(EtalonRes!A75) -> 75 | E38: 5 | F38: 46-04-010-02 | G38: Разборка покрытий полов дощатых | H38: 100 м2 | I38: =ROUND(5.75/100,9) -> 0.0575 | J38: 0 | O38: =ROUND(CP38,2) -> 20.25 | P38: =ROUND(CQ38*I38,2) -> 0 | Q38: =ROUND(CR38*I38,2) -> 6.56 | R38: =ROUND(CS38*I38,2) -> 2.83 | S38: =ROUND(CT38*I38,2) -> 13.69 | T38: =ROUND(CU38*I38,2) -> 0 | U38: =CV38*I38 -> 1.755475 | V38: =CW38*I38 -> 0.209875 | W38: =ROUND(CX38*I38,2) -> 0 | X38: =ROUND(CY38,2) -> 16.35 | Y38: =ROUND(CZ38,2) -> 9.91 | AA38: 27721505 | AB38: =ROUND((AC38+AD38+AF38),2) -> 352.23 | AC38: =ROUND((ES38),2) -> 0 | AD38: =ROUND((((ET38)-(EU38))+AE38),2) -> 114.1 | AE38: =ROUND((EU38),2) -> 49.28 | AF38: =ROUND((EV38),2) -> 238.13 | AG38: =ROUND((AP38),2) -> 0 | AH38: =(EW38) -> 30.53 | AI38: =(EX38) -> 3.65 | AJ38: =ROUND((AS38),2) -> 0 | AK38: 352.23 | AL38: 0 | AM38: 114.1 | AN38: 49.28 | AO38: 238.13 | AP38: 0 | AQ38: 30.53 | AR38: 3.65 | AS38: 0 | AT38: 99 | AU38: 60 | AV38: 1 | AW38: 1 | AZ38: 1 | BA38: 1 | BB38: 1 | BC38: 1 | BH38: 0 | BI38: 1 | BJ38: ФЕР-2001, 46-04-010-02, приказ Минстроя России №1039/пр от 30.12.2016г. | BM38: 46001 | BN38: 0 | BP38: 0 | BQ38: 2 | BR38: 0 | BS38: 1 | BT38: 1 | BU38: 1 | BV38: 1 | BW38: 1 | BX38: 1 | BZ38: 110 | CA38: 70 | CF38: 0 | CG38: 0 | CM38: 0 | CO38: 0 | CP38: =(P38+Q38+S38) -> 20.25 | CQ38: =AC38*BC38 -> 0 | CR38: =AD38*BB38 -> 114.1 | CS38: =AE38*BS38 -> 49.28 | CT38: =AF38*BA38 -> 238.13 | CU38: =AG38 -> 0 | CV38: =AH38 -> 30.53 | CW38: =AI38 -> 3.65 | CX38: =AJ38 -> 0 | CY38: =(((S38+R38)*AT38)/100) -> 16.3548 | CZ38: =(((S38+R38)*AU38)/100) -> 9.912 | DN38: 0 | DO38: 0 | DP38: 1 | DQ38: 1 | DU38: 1005 | DV38: 100 м2 | DW38: 100 м2 | DX38: 100 | EE38: 27029091 | EF38: 2 | EG38: Общестроительные работы | EH38: 0 | EJ38: 1 | EK38: 46001 | EL38: Реконструкция зданий и сооружений | EM38: ФЕР-46 | EQ38: 0 | ER38: 352.23 | ES38: 0 | ET38: 114.1 | EU38: 49.28 | EV38: 238.13 | EW38: 30.53 | EX38: 3.65 | EY38: 0 | FQ38: 0 | FR38: =ROUND(IF(AND(BH38=3,BI38=3),P38,0),2) -> 0 | FS38: 0 | FT38: *0,9 | FU38: *0,85 | FX38: 99 | FY38: 59.5 | GD38: 0 | GF38: 1684720523 | GG38: 2 | GH38: 1 | GI38: -2 | GJ38: 0 | GK38: =ROUND(R38*(R12)/100,2) -> 0 | GL38: =ROUND(IF(AND(BH38=3,BI38=3,FS38<>0),P38,0),2) -> 0 | GM38: =ROUND(O38+X38+Y38+GK38,2)+GX38 -> 46.51 | GN38: =IF(OR(BI38=0,BI38=1),ROUND(O38+X38+Y38+GK38,2),0) -> 46.51 | GO38: =IF(BI38=2,ROUND(O38+X38+Y38+GK38,2),0) -> 0 | GP38: =IF(BI38=4,ROUND(O38+X38+Y38+GK38,2)+GX38,0) -> 0 | GR38: 0 | GS38: 3 | GT38: 0 | GV38: =ROUND(GT38,2) -> 0 | GW38: 1 | GX38: =ROUND(GV38*GW38*I38,2) -> 0 | HA38: 0 | HB38: 0 | IK38: 0
A39: 17 | B39: 1 | C39: =ROW(SmtRes!A72) -> 72 | D39: =ROW(EtalonRes!A78) -> 78 | E39: 5 | F39: 46-04-010-02 | G39: Разборка покрытий полов дощатых | H39: 100 м2 | I39: =ROUND(5.75/100,9) -> 0.0575 | J39: 0 | O39: =ROUND(CP39,2) -> 20.25 | P39: =ROUND(CQ39*I39,2) -> 0 | Q39: =ROUND(CR39*I39,2) -> 6.56 | R39: =ROUND(CS39*I39,2) -> 2.83 | S39: =ROUND(CT39*I39,2) -> 13.69 | T39: =ROUND(CU39*I39,2) -> 0 | U39: =CV39*I39 -> 1.755475 | V39: =CW39*I39 -> 0.209875 | W39: =ROUND(CX39*I39,2) -> 0 | X39: =ROUND(CY39,2) -> 16.35 | Y39: =ROUND(CZ39,2) -> 9.91 | AA39: 27721504 | AB39: =ROUND((AC39+AD39+AF39),2) -> 352.23 | AC39: =ROUND((ES39),2) -> 0 | AD39: =ROUND((((ET39)-(EU39))+AE39),2) -> 114.1 | AE39: =ROUND((EU39),2) -> 49.28 | AF39: =ROUND((EV39),2) -> 238.13 | AG39: =ROUND((AP39),2) -> 0 | AH39: =(EW39) -> 30.53 | AI39: =(EX39) -> 3.65 | AJ39: =ROUND((AS39),2) -> 0 | AK39: 352.23 | AL39: 0 | AM39: 114.1 | AN39: 49.28 | AO39: 238.13 | AP39: 0 | AQ39: 30.53 | AR39: 3.65 | AS39: 0 | AT39: 99 | AU39: 60 | AV39: 1 | AW39: 1 | AZ39: 1 | BA39: 1 | BB39: 1 | BC39: 1 | BH39: 0 | BI39: 1 | BJ39: ФЕР-2001, 46-04-010-02, приказ Минстроя России №1039/пр от 30.12.2016г. | BM39: 46001 | BN39: 0 | BP39: 0 | BQ39: 2 | BR39: 0 | BS39: 1 | BT39: 1 | BU39: 1 | BV39: 1 | BW39: 1 | BX39: 1 | BZ39: 110 | CA39: 70 | CF39: 0 | CG39: 0 | CM39: 0 | CO39: 0 | CP39: =(P39+Q39+S39) -> 20.25 | CQ39: =AC39*BC39 -> 0 | CR39: =AD39*BB39 -> 114.1 | CS39: =AE39*BS39 -> 49.28 | CT39: =AF39*BA39 -> 238.13 | CU39: =AG39 -> 0 | CV39: =AH39 -> 30.53 | CW39: =AI39 -> 3.65 | CX39: =AJ39 -> 0 | CY39: =(((S39+R39)*AT39)/100) -> 16.3548 | CZ39: =(((S39+R39)*AU39)/100) -> 9.912 | DN39: 0 | DO39: 0 | DP39: 1 | DQ39: 1 | DU39: 1005 | DV39: 100 м2 | DW39: 100 м2 | DX39: 100 | EE39: 27029091 | EF39: 2 | EG39: Общестроительные работы | EH39: 0 | EJ39: 1 | EK39: 46001 | EL39: Реконструкция зданий и сооружений | EM39: ФЕР-46 | EQ39: 0 | ER39: 352.23 | ES39: 0 | ET39: 114.1 | EU39: 49.28 | EV39: 238.13 | EW39: 30.53 | EX39: 3.65 | EY39: 0 | FQ39: 0 | FR39: =ROUND(IF(AND(BH39=3,BI39=3),P39,0),2) -> 0 | FS39: 0 | FT39: *0,9 | FU39: *0,85 | FX39: 99 | FY39: 59.5 | GD39: 0 | GF39: 1684720523 | GG39: 2 | GH39: 1 | GI39: -2 | GJ39: 0 | GK39: =ROUND(R39*(S12)/100,2) -> 0 | GL39: =ROUND(IF(AND(BH39=3,BI39=3,FS39<>0),P39,0),2) -> 0 | GM39: =ROUND(O39+X39+Y39+GK39,2)+GX39 -> 46.51 | GN39: =IF(OR(BI39=0,BI39=1),ROUND(O39+X39+Y39+GK39,2),0) -> 46.51 | GO39: =IF(BI39=2,ROUND(O39+X39+Y39+GK39,2),0) -> 0 | GP39: =IF(BI39=4,ROUND(O39+X39+Y39+GK39,2)+GX39,0) -> 0 | GR39: 0 | GS39: 0 | GT39: 0 | GV39: =ROUND(GT39,2) -> 0 | GW39: 1 | GX39: =ROUND(GV39*GW39*I39,2) -> 0 | HA39: 0 | HB39: 0 | IK39: 0
A40: 17 | B40: 1 | C40: =ROW(SmtRes!A75) -> 75 | D40: =ROW(EtalonRes!A81) -> 81 | E40: 6 | F40: 69-19-2 | G40: Разборка горизонтальных поверхностей бетонных конструкций при помощи отбойных молотков, бетон марки 150 | H40: м3 | I40: 1.19 | J40: 0 | O40: =ROUND(CP40,2) -> 522.43 | P40: =ROUND(CQ40*I40,2) -> 0 | Q40: =ROUND(CR40*I40,2) -> 344.89 | R40: =ROUND(CS40*I40,2) -> 0 | S40: =ROUND(CT40*I40,2) -> 177.54 | T40: =ROUND(CU40*I40,2) -> 0 | U40: =CV40*I40 -> 20.8131 | V40: =CW40*I40 -> 0 | W40: =ROUND(CX40*I40,2) -> 0 | X40: =ROUND(CY40,2) -> 138.48 | Y40: =ROUND(CZ40,2) -> 88.77 | AA40: 27721505 | AB40: =ROUND((AC40+AD40+AF40),2) -> 439.01 | AC40: =ROUND((ES40),2) -> 0 | AD40: =ROUND((((ET40)-(EU40))+AE40),2) -> 289.82 | AE40: =ROUND((EU40),2) -> 0 | AF40: =ROUND((EV40),2) -> 149.19 | AG40: =ROUND((AP40),2) -> 0 | AH40: =(EW40) -> 17.49 | AI40: =(EX40) -> 0 | AJ40: =ROUND((AS40),2) -> 0 | AK40: 439.01 | AL40: 0 | AM40: 289.82 | AN40: 0 | AO40: 149.19 | AP40: 0 | AQ40: 17.49 | AR40: 0 | AS40: 0 | AT40: 78 | AU40: 50 | AV40: 1 | AW40: 1 | AZ40: 1 | BA40: 1 | BB40: 1 | BC40: 1 | BH40: 0 | BI40: 1 | BJ40: ФЕР-2001, 69-19-2, приказ Минстроя России №1039/пр от 30.12.2016г. | BM40: 69001 | BN40: 0 | BP40: 0 | BQ40: 6 | BR40: 0 | BS40: 1 | BT40: 1 | BU40: 1 | BV40: 1 | BW40: 1 | BX40: 1 | BZ40: 78 | CA40: 50 | CF40: 0 | CG40: 0 | CM40: 0 | CO40: 0 | CP40: =(P40+Q40+S40) -> 522.43 | CQ40: =AC40*BC40 -> 0 | CR40: =AD40*BB40 -> 289.82 | CS40: =AE40*BS40 -> 0 | CT40: =AF40*BA40 -> 149.19 | CU40: =AG40 -> 0 | CV40: =AH40 -> 17.49 | CW40: =AI40 -> 0 | CX40: =AJ40 -> 0 | CY40: =(((S40+R40)*AT40)/100) -> 138.4812 | CZ40: =(((S40+R40)*AU40)/100) -> 88.77 | DN40: 0 | DO40: 0 | DP40: 1 | DQ40: 1 | DU40: 1007 | DV40: м3 | DW40: м3 | DX40: 1 | EE40: 27029150 | EF40: 6 | EG40: Ремонтно-строительные работы | EH40: 0 | EJ40: 1 | EK40: 69001 | EL40: Прочие ремонтно-строительные работы | EM40: рФЕР-69 | EQ40: 0 | ER40: 439.01 | ES40: 0 | ET40: 289.82 | EU40: 0 | EV40: 149.19 | EW40: 17.49 | EX40: 0 | EY40: 0 | FQ40: 0 | FR40: =ROUND(IF(AND(BH40=3,BI40=3),P40,0),2) -> 0 | FS40: 0 | FX40: 78 | FY40: 50 | GD40: 0 | GF40: -576118124 | GG40: 2 | GH40: 1 | GI40: -2 | GJ40: 0 | GK40: =ROUND(R40*(R12)/100,2) -> 0 | GL40: =ROUND(IF(AND(BH40=3,BI40=3,FS40<>0),P40,0),2) -> 0 | GM40: =ROUND(O40+X40+Y40+GK40,2)+GX40 -> 749.68 | GN40: =IF(OR(BI40=0,BI40=1),ROUND(O40+X40+Y40+GK40,2),0) -> 749.68 | GO40: =IF(BI40=2,ROUND(O40+X40+Y40+GK40,2),0) -> 0 | GP40: =IF(BI40=4,ROUND(O40+X40+Y40+GK40,2)+GX40,0) -> 0 | GR40: 0 | GS40: 3 | GT40: 0 | GV40: =ROUND(GT40,2) -> 0 | GW40: 1 | GX40: =ROUND(GV40*GW40*I40,2) -> 0 | HA40: 0 | HB40: 0 | IK40: 0
A41: 17 | B41: 1 | C41: =ROW(SmtRes!A78) -> 78 | D41: =ROW(EtalonRes!A84) -> 84 | E41: 6 | F41: 69-19-2 | G41: Разборка горизонтальных поверхностей бетонных конструкций при помощи отбойных молотков, бетон марки 150 | H41: м3 | I41: 1.19 | J41: 0 | O41: =ROUND(CP41,2) -> 522.43 | P41: =ROUND(CQ41*I41,2) -> 0 | Q41: =ROUND(CR41*I41,2) -> 344.89 | R41: =ROUND(CS41*I41,2) -> 0 | S41: =ROUND(CT41*I41,2) -> 177.54 | T41: =ROUND(CU41*I41,2) -> 0 | U41: =CV41*I41 -> 20.8131 | V41: =CW41*I41 -> 0 | W41: =ROUND(CX41*I41,2) -> 0 | X41: =ROUND(CY41,2) -> 138.48 | Y41: =ROUND(CZ41,2) -> 88.77 | AA41: 27721504 | AB41: =ROUND((AC41+AD41+AF41),2) -> 439.01 | AC41: =ROUND((ES41),2) -> 0 | AD41: =ROUND((((ET41)-(EU41))+AE41),2) -> 289.82 | AE41: =ROUND((EU41),2) -> 0 | AF41: =ROUND((EV41),2) -> 149.19 | AG41: =ROUND((AP41),2) -> 0 | AH41: =(EW41) -> 17.49 | AI41: =(EX41) -> 0 | AJ41: =ROUND((AS41),2) -> 0 | AK41: 439.01 | AL41: 0 | AM41: 289.82 | AN41: 0 | AO41: 149.19 | AP41: 0 | AQ41: 17.49 | AR41: 0 | AS41: 0 | AT41: 78 | AU41: 50 | AV41: 1 | AW41: 1 | AZ41: 1 | BA41: 1 | BB41: 1 | BC41: 1 | BH41: 0 | BI41: 1 | BJ41: ФЕР-2001, 69-19-2, приказ Минстроя России №1039/пр от 30.12.2016г. | BM41: 69001 | BN41: 0 | BP41: 0 | BQ41: 6 | BR41: 0 | BS41: 1 | BT41: 1 | BU41: 1 | BV41: 1 | BW41: 1 | BX41: 1 | BZ41: 78 | CA41: 50 | CF41: 0 | CG41: 0 | CM41: 0 | CO41: 0 | CP41: =(P41+Q41+S41) -> 522.43 | CQ41: =AC41*BC41 -> 0 | CR41: =AD41*BB41 -> 289.82 | CS41: =AE41*BS41 -> 0 | CT41: =AF41*BA41 -> 149.19 | CU41: =AG41 -> 0 | CV41: =AH41 -> 17.49 | CW41: =AI41 -> 0 | CX41: =AJ41 -> 0 | CY41: =(((S41+R41)*AT41)/100) -> 138.4812 | CZ41: =(((S41+R41)*AU41)/100) -> 88.77 | DN41: 0 | DO41: 0 | DP41: 1 | DQ41: 1 | DU41: 1007 | DV41: м3 | DW41: м3 | DX41: 1 | EE41: 27029150 | EF41: 6 | EG41: Ремонтно-строительные работы | EH41: 0 | EJ41: 1 | EK41: 69001 | EL41: Прочие ремонтно-строительные работы | EM41: рФЕР-69 | EQ41: 0 | ER41: 439.01 | ES41: 0 | ET41: 289.82 | EU41: 0 | EV41: 149.19 | EW41: 17.49 | EX41: 0 | EY41: 0 | FQ41: 0 | FR41: =ROUND(IF(AND(BH41=3,BI41=3),P41,0),2) -> 0 | FS41: 0 | FX41: 78 | FY41: 50 | GD41: 0 | GF41: -576118124 | GG41: 2 | GH41: 1 | GI41: -2 | GJ41: 0 | GK41: =ROUND(R41*(S12)/100,2) -> 0 | GL41: =ROUND(IF(AND(BH41=3,BI41=3,FS41<>0),P41,0),2) -> 0 | GM41: =ROUND(O41+X41+Y41+GK41,2)+GX41 -> 749.68 | GN41: =IF(OR(BI41=0,BI41=1),ROUND(O41+X41+Y41+GK41,2),0) -> 749.68 | GO41: =IF(BI41=2,ROUND(O41+X41+Y41+GK41,2),0) -> 0 | GP41: =IF(BI41=4,ROUND(O41+X41+Y41+GK41,2)+GX41,0) -> 0 | GR41: 0 | GS41: 0 | GT41: 0 | GV41: =ROUND(GT41,2) -> 0 | GW41: 1 | GX41: =ROUND(GV41*GW41*I41,2) -> 0 | HA41: 0 | HB41: 0 | IK41: 0
A42: 17 | B42: 1 | C42: =ROW(SmtRes!A80) -> 80 | D42: =ROW(EtalonRes!A86) -> 86 | E42: 7 | F42: 46-04-008-01 | G42: Разборка покрытий кровель из рулонных материалов | H42: 100 м2 | I42: =ROUND(40/100,9) -> 0.4 | J42: 0 | O42: =ROUND(CP42,2) -> 61.43 | P42: =ROUND(CQ42*I42,2) -> 0 | Q42: =ROUND(CR42*I42,2) -> 16.57 | R42: =ROUND(CS42*I42,2) -> 0 | S42: =ROUND(CT42*I42,2) -> 44.86 | T42: =ROUND(CU42*I42,2) -> 0 | U42: =CV42*I42 -> 5.752 | V42: =CW42*I42 -> 0 | W42: =ROUND(CX42*I42,2) -> 0 | X42: =ROUND(CY42,2) -> 44.41 | Y42: =ROUND(CZ42,2) -> 26.92 | AA42: 27721505 | AB42: =ROUND((AC42+AD42+AF42),2) -> 153.59 | AC42: =ROUND((ES42),2) -> 0 | AD42: =ROUND((((ET42)-(EU42))+AE42),2) -> 41.43 | AE42: =ROUND((EU42),2) -> 0 | AF42: =ROUND((EV42),2) -> 112.16 | AG42: =ROUND((AP42),2) -> 0 | AH42: =(EW42) -> 14.38 | AI42: =(EX42) -> 0 | AJ42: =ROUND((AS42),2) -> 0 | AK42: 153.59 | AL42: 0 | AM42: 41.43 | AN42: 0 | AO42: 112.16 | AP42: 0 | AQ42: 14.38 | AR42: 0 | AS42: 0 | AT42: 99 | AU42: 60 | AV42: 1 | AW42: 1 | AZ42: 1 | BA42: 1 | BB42: 1 | BC42: 1 | BH42: 0 | BI42: 1 | BJ42: ФЕР-2001, 46-04-008-01, приказ Минстроя России №1039/пр от 30.12.2016г. | BM42: 46001 | BN42: 0 | BP42: 0 | BQ42: 2 | BR42: 0 | BS42: 1 | BT42: 1 | BU42: 1 | BV42: 1 | BW42: 1 | BX42: 1 | BZ42: 110 | CA42: 70 | CF42: 0 | CG42: 0 | CM42: 0 | CO42: 0 | CP42: =(P42+Q42+S42) -> 61.43 | CQ42: =AC42*BC42 -> 0 | CR42: =AD42*BB42 -> 41.43 | CS42: =AE42*BS42 -> 0 | CT42: =AF42*BA42 -> 112.16 | CU42: =AG42 -> 0 | CV42: =AH42 -> 14.38 | CW42: =AI42 -> 0 | CX42: =AJ42 -> 0 | CY42: =(((S42+R42)*AT42)/100) -> 44.4114 | CZ42: =(((S42+R42)*AU42)/100) -> 26.916 | DN42: 0 | DO42: 0 | DP42: 1 | DQ42: 1 | DU42: 1005 | DV42: 100 м2 | DW42: 100 м2 | DX42: 100 | EE42: 27029091 | EF42: 2 | EG42: Общестроительные работы | EH42: 0 | EJ42: 1 | EK42: 46001 | EL42: Реконструкция зданий и сооружений | EM42: ФЕР-46 | EQ42: 0 | ER42: 153.59 | ES42: 0 | ET42: 41.43 | EU42: 0 | EV42: 112.16 | EW42: 14.38 | EX42: 0 | EY42: 0 | FQ42: 0 | FR42: =ROUND(IF(AND(BH42=3,BI42=3),P42,0),2) -> 0 | FS42: 0 | FT42: *0,9 | FU42: *0,85 | FX42: 99 | FY42: 59.5 | GD42: 0 | GF42: 467880597 | GG42: 2 | GH42: 1 | GI42: -2 | GJ42: 0 | GK42: =ROUND(R42*(R12)/100,2) -> 0 | GL42: =ROUND(IF(AND(BH42=3,BI42=3,FS42<>0),P42,0),2) -> 0 | GM42: =ROUND(O42+X42+Y42+GK42,2)+GX42 -> 132.76 | GN42: =IF(OR(BI42=0,BI42=1),ROUND(O42+X42+Y42+GK42,2),0) -> 132.76 | GO42: =IF(BI42=2,ROUND(O42+X42+Y42+GK42,2),0) -> 0 | GP42: =IF(BI42=4,ROUND(O42+X42+Y42+GK42,2)+GX42,0) -> 0 | GR42: 0 | GS42: 3 | GT42: 0 | GV42: =ROUND(GT42,2) -> 0 | GW42: 1 | GX42: =ROUND(GV42*GW42*I42,2) -> 0 | HA42: 0 | HB42: 0 | IK42: 0
A43: 17 | B43: 1 | C43: =ROW(SmtRes!A82) -> 82 | D43: =ROW(EtalonRes!A88) -> 88 | E43: 7 | F43: 46-04-008-01 | G43: Разборка покрытий кровель из рулонных материалов | H43: 100 м2 | I43: =ROUND(40/100,9) -> 0.4 | J43: 0 | O43: =ROUND(CP43,2) -> 61.43 | P43: =ROUND(CQ43*I43,2) -> 0 | Q43: =ROUND(CR43*I43,2) -> 16.57 | R43: =ROUND(CS43*I43,2) -> 0 | S43: =ROUND(CT43*I43,2) -> 44.86 | T43: =ROUND(CU43*I43,2) -> 0 | U43: =CV43*I43 -> 5.752 | V43: =CW43*I43 -> 0 | W43: =ROUND(CX43*I43,2) -> 0 | X43: =ROUND(CY43,2) -> 44.41 | Y43: =ROUND(CZ43,2) -> 26.92 | AA43: 27721504 | AB43: =ROUND((AC43+AD43+AF43),2) -> 153.59 | AC43: =ROUND((ES43),2) -> 0 | AD43: =ROUND((((ET43)-(EU43))+AE43),2) -> 41.43 | AE43: =ROUND((EU43),2) -> 0 | AF43: =ROUND((EV43),2) -> 112.16 | AG43: =ROUND((AP43),2) -> 0 | AH43: =(EW43) -> 14.38 | AI43: =(EX43) -> 0 | AJ43: =ROUND((AS43),2) -> 0 | AK43: 153.59 | AL43: 0 | AM43: 41.43 | AN43: 0 | AO43: 112.16 | AP43: 0 | AQ43: 14.38 | AR43: 0 | AS43: 0 | AT43: 99 | AU43: 60 | AV43: 1 | AW43: 1 | AZ43: 1 | BA43: 1 | BB43: 1 | BC43: 1 | BH43: 0 | BI43: 1 | BJ43: ФЕР-2001, 46-04-008-01, приказ Минстроя России №1039/пр от 30.12.2016г. | BM43: 46001 | BN43: 0 | BP43: 0 | BQ43: 2 | BR43: 0 | BS43: 1 | BT43: 1 | BU43: 1 | BV43: 1 | BW43: 1 | BX43: 1 | BZ43: 110 | CA43: 70 | CF43: 0 | CG43: 0 | CM43: 0 | CO43: 0 | CP43: =(P43+Q43+S43) -> 61.43 | CQ43: =AC43*BC43 -> 0 | CR43: =AD43*BB43 -> 41.43 | CS43: =AE43*BS43 -> 0 | CT43: =AF43*BA43 -> 112.16 | CU43: =AG43 -> 0 | CV43: =AH43 -> 14.38 | CW43: =AI43 -> 0 | CX43: =AJ43 -> 0 | CY43: =(((S43+R43)*AT43)/100) -> 44.4114 | CZ43: =(((S43+R43)*AU43)/100) -> 26.916 | DN43: 0 | DO43: 0 | DP43: 1 | DQ43: 1 | DU43: 1005 | DV43: 100 м2 | DW43: 100 м2 | DX43: 100 | EE43: 27029091 | EF43: 2 | EG43: Общестроительные работы | EH43: 0 | EJ43: 1 | EK43: 46001 | EL43: Реконструкция зданий и сооружений | EM43: ФЕР-46 | EQ43: 0 | ER43: 153.59 | ES43: 0 | ET43: 41.43 | EU43: 0 | EV43: 112.16 | EW43: 14.38 | EX43: 0 | EY43: 0 | FQ43: 0 | FR43: =ROUND(IF(AND(BH43=3,BI43=3),P43,0),2) -> 0 | FS43: 0 | FT43: *0,9 | FU43: *0,85 | FX43: 99 | FY43: 59.5 | GD43: 0 | GF43: 467880597 | GG43: 2 | GH43: 1 | GI43: -2 | GJ43: 0 | GK43: =ROUND(R43*(S12)/100,2) -> 0 | GL43: =ROUND(IF(AND(BH43=3,BI43=3,FS43<>0),P43,0),2) -> 0 | GM43: =ROUND(O43+X43+Y43+GK43,2)+GX43 -> 132.76 | GN43: =IF(OR(BI43=0,BI43=1),ROUND(O43+X43+Y43+GK43,2),0) -> 132.76 | GO43: =IF(BI43=2,ROUND(O43+X43+Y43+GK43,2),0) -> 0 | GP43: =IF(BI43=4,ROUND(O43+X43+Y43+GK43,2)+GX43,0) -> 0 | GR43: 0 | GS43: 0 | GT43: 0 | GV43: =ROUND(GT43,2) -> 0 | GW43: 1 | GX43: =ROUND(GV43*GW43*I43,2) -> 0 | HA43: 0 | HB43: 0 | IK43: 0
A44: 17 | B44: 1 | C44: =ROW(SmtRes!A85) -> 85 | D44: =ROW(EtalonRes!A91) -> 91 | E44: 8 | F44: 58-3-1 | G44: Разборка мелких покрытий и обделок из листовой стали поясков, сандриков, желобов, отливов, свесов и т.п. | H44: 100 м | I44: =ROUND(26/100,9) -> 0.26 | J44: 0 | O44: =ROUND(CP44,2) -> 18.5 | P44: =ROUND(CQ44*I44,2) -> 0 | Q44: =ROUND(CR44*I44,2) -> 0.05 | R44: =ROUND(CS44*I44,2) -> 0 | S44: =ROUND(CT44*I44,2) -> 18.45 | T44: =ROUND(CU44*I44,2) -> 0 | U44: =CV44*I44 -> 2.366 | V44: =CW44*I44 -> 0 | W44: =ROUND(CX44*I44,2) -> 0 | X44: =ROUND(CY44,2) -> 15.31 | Y44: =ROUND(CZ44,2) -> 11.99 | AA44: 27721505 | AB44: =ROUND((AC44+AD44+AF44),2) -> 71.18 | AC44: =ROUND((ES44),2) -> 0 | AD44: =ROUND((((ET44)-(EU44))+AE44),2) -> 0.2 | AE44: =ROUND((EU44),2) -> 0 | AF44: =ROUND((EV44),2) -> 70.98 | AG44: =ROUND((AP44),2) -> 0 | AH44: =(EW44) -> 9.1 | AI44: =(EX44) -> 0 | AJ44: =ROUND((AS44),2) -> 0 | AK44: 71.18 | AL44: 0 | AM44: 0.2 | AN44: 0 | AO44: 70.98 | AP44: 0 | AQ44: 9.1 | AR44: 0 | AS44: 0 | AT44: 83 | AU44: 65 | AV44: 1 | AW44: 1 | AZ44: 1 | BA44: 1 | BB44: 1 | BC44: 1 | BH44: 0 | BI44: 1 | BJ44: ФЕРр-2001, 58-3-1, приказ Минстроя России №1039/пр от 30.12.2016г. | BM44: 58001 | BN44: 0 | BP44: 0 | BQ44: 6 | BR44: 0 | BS44: 1 | BT44: 1 | BU44: 1 | BV44: 1 | BW44: 1 | BX44: 1 | BZ44: 83 | CA44: 65 | CF44: 0 | CG44: 0 | CM44: 0 | CO44: 0 | CP44: =(P44+Q44+S44) -> 18.5 | CQ44: =AC44*BC44 -> 0 | CR44: =AD44*BB44 -> 0.2 | CS44: =AE44*BS44 -> 0 | CT44: =AF44*BA44 -> 70.98 | CU44: =AG44 -> 0 | CV44: =AH44 -> 9.1 | CW44: =AI44 -> 0 | CX44: =AJ44 -> 0 | CY44: =(((S44+R44)*AT44)/100) -> 15.3135 | CZ44: =(((S44+R44)*AU44)/100) -> 11.9925 | DN44: 0 | DO44: 0 | DP44: 1 | DQ44: 1 | DU44: 1003 | DV44: 100 м | DW44: 100 м | DX44: 100 | EE44: 27029103 | EF44: 6 | EG44: Ремонтно-строительные работы | EH44: 0 | EJ44: 1 | EK44: 58001 | EL44: Крыши, кровля | EM44: рФЕР-58 | EQ44: 0 | ER44: 71.18 | ES44: 0 | ET44: 0.2 | EU44: 0 | EV44: 70.98 | EW44: 9.1 | EX44: 0 | EY44: 0 | FQ44: 0 | FR44: =ROUND(IF(AND(BH44=3,BI44=3),P44,0),2) -> 0 | FS44: 0 | FX44: 83 | FY44: 65 | GD44: 0 | GF44: -902764851 | GG44: 2 | GH44: 1 | GI44: -2 | GJ44: 0 | GK44: =ROUND(R44*(R12)/100,2) -> 0 | GL44: =ROUND(IF(AND(BH44=3,BI44=3,FS44<>0),P44,0),2) -> 0 | GM44: =ROUND(O44+X44+Y44+GK44,2)+GX44 -> 45.8 | GN44: =IF(OR(BI44=0,BI44=1),ROUND(O44+X44+Y44+GK44,2),0) -> 45.8 | GO44: =IF(BI44=2,ROUND(O44+X44+Y44+GK44,2),0) -> 0 | GP44: =IF(BI44=4,ROUND(O44+X44+Y44+GK44,2)+GX44,0) -> 0 | GR44: 0 | GS44: 3 | GT44: 0 | GV44: =ROUND(GT44,2) -> 0 | GW44: 1 | GX44: =ROUND(GV44*GW44*I44,2) -> 0 | HA44: 0 | HB44: 0 | IK44: 0
A45: 17 | B45: 1 | C45: =ROW(SmtRes!A88) -> 88 | D45: =ROW(EtalonRes!A94) -> 94 | E45: 8 | F45: 58-3-1 | G45: Разборка мелких покрытий и обделок из листовой стали поясков, сандриков, желобов, отливов, свесов и т.п. | H45: 100 м | I45: =ROUND(26/100,9) -> 0.26 | J45: 0 | O45: =ROUND(CP45,2) -> 18.5 | P45: =ROUND(CQ45*I45,2) -> 0 | Q45: =ROUND(CR45*I45,2) -> 0.05 | R45: =ROUND(CS45*I45,2) -> 0 | S45: =ROUND(CT45*I45,2) -> 18.45 | T45: =ROUND(CU45*I45,2) -> 0 | U45: =CV45*I45 -> 2.366 | V45: =CW45*I45 -> 0 | W45: =ROUND(CX45*I45,2) -> 0 | X45: =ROUND(CY45,2) -> 15.31 | Y45: =ROUND(CZ45,2) -> 11.99 | AA45: 27721504 | AB45: =ROUND((AC45+AD45+AF45),2) -> 71.18 | AC45: =ROUND((ES45),2) -> 0 | AD45: =ROUND((((ET45)-(EU45))+AE45),2) -> 0.2 | AE45: =ROUND((EU45),2) -> 0 | AF45: =ROUND((EV45),2) -> 70.98 | AG45: =ROUND((AP45),2) -> 0 | AH45: =(EW45) -> 9.1 | AI45: =(EX45) -> 0 | AJ45: =ROUND((AS45),2) -> 0 | AK45: 71.18 | AL45: 0 | AM45: 0.2 | AN45: 0 | AO45: 70.98 | AP45: 0 | AQ45: 9.1 | AR45: 0 | AS45: 0 | AT45: 83 | AU45: 65 | AV45: 1 | AW45: 1 | AZ45: 1 | BA45: 1 | BB45: 1 | BC45: 1 | BH45: 0 | BI45: 1 | BJ45: ФЕРр-2001, 58-3-1, приказ Минстроя России №1039/пр от 30.12.2016г. | BM45: 58001 | BN45: 0 | BP45: 0 | BQ45: 6 | BR45: 0 | BS45: 1 | BT45: 1 | BU45: 1 | BV45: 1 | BW45: 1 | BX45: 1 | BZ45: 83 | CA45: 65 | CF45: 0 | CG45: 0 | CM45: 0 | CO45: 0 | CP45: =(P45+Q45+S45) -> 18.5 | CQ45: =AC45*BC45 -> 0 | CR45: =AD45*BB45 -> 0.2 | CS45: =AE45*BS45 -> 0 | CT45: =AF45*BA45 -> 70.98 | CU45: =AG45 -> 0 | CV45: =AH45 -> 9.1 | CW45: =AI45 -> 0 | CX45: =AJ45 -> 0 | CY45: =(((S45+R45)*AT45)/100) -> 15.3135 | CZ45: =(((S45+R45)*AU45)/100) -> 11.9925 | DN45: 0 | DO45: 0 | DP45: 1 | DQ45: 1 | DU45: 1003 | DV45: 100 м | DW45: 100 м | DX45: 100 | EE45: 27029103 | EF45: 6 | EG45: Ремонтно-строительные работы | EH45: 0 | EJ45: 1 | EK45: 58001 | EL45: Крыши, кровля | EM45: рФЕР-58 | EQ45: 0 | ER45: 71.18 | ES45: 0 | ET45: 0.2 | EU45: 0 | EV45: 70.98 | EW45: 9.1 | EX45: 0 | EY45: 0 | FQ45: 0 | FR45: =ROUND(IF(AND(BH45=3,BI45=3),P45,0),2) -> 0 | FS45: 0 | FX45: 83 | FY45: 65 | GD45: 0 | GF45: -902764851 | GG45: 2 | GH45: 1 | GI45: -2 | GJ45: 0 | GK45: =ROUND(R45*(S12)/100,2) -> 0 | GL45: =ROUND(IF(AND(BH45=3,BI45=3,FS45<>0),P45,0),2) -> 0 | GM45: =ROUND(O45+X45+Y45+GK45,2)+GX45 -> 45.8 | GN45: =IF(OR(BI45=0,BI45=1),ROUND(O45+X45+Y45+GK45,2),0) -> 45.8 | GO45: =IF(BI45=2,ROUND(O45+X45+Y45+GK45,2),0) -> 0 | GP45: =IF(BI45=4,ROUND(O45+X45+Y45+GK45,2)+GX45,0) -> 0 | GR45: 0 | GS45: 0 | GT45: 0 | GV45: =ROUND(GT45,2) -> 0 | GW45: 1 | GX45: =ROUND(GV45*GW45*I45,2) -> 0 | HA45: 0 | HB45: 0 | IK45: 0
A46: 18 | B46: 1 | C46: 85 | E46: 8,1 | F46: 01.7.07.07 | G46: Строительный мусор | H46: т | I46: =I44*J46 -> 0.0312 | J46: 0.12 | O46: =ROUND(CP46,2) -> 0 | P46: =ROUND(CQ46*I46,2) -> 0 | Q46: =ROUND(CR46*I46,2) -> 0 | R46: =ROUND(CS46*I46,2) -> 0 | S46: =ROUND(CT46*I46,2) -> 0 | T46: =ROUND(CU46*I46,2) -> 0 | U46: =CV46*I46 -> 0 | V46: =CW46*I46 -> 0 | W46: =ROUND(CX46*I46,2) -> 0 | X46: =ROUND(CY46,2) -> 0 | Y46: =ROUND(CZ46,2) -> 0 | AA46: 27721505 | AB46: =ROUND((AC46+AD46+AF46),2) -> 0 | AC46: =ROUND((ES46),2) -> 0 | AD46: =ROUND((((ET46)-(EU46))+AE46),2) -> 0 | AE46: =ROUND((EU46),2) -> 0 | AF46: =ROUND((EV46),2) -> 0 | AG46: =ROUND((AP46),2) -> 0 | AH46: =(EW46) -> 0 | AI46: =(EX46) -> 0 | AJ46: =ROUND((AS46),2) -> 0 | AK46: 0 | AL46: 0 | AM46: 0 | AN46: 0 | AO46: 0 | AP46: 0 | AQ46: 0 | AR46: 0 | AS46: 0 | AT46: 83 | AU46: 65 | AV46: 1 | AW46: 1 | AZ46: 1 | BA46: 1 | BB46: 1 | BC46: 1 | BH46: 3 | BI46: 1 | BM46: 58001 | BN46: 0 | BP46: 0 | BQ46: 6 | BR46: 0 | BS46: 1 | BT46: 1 | BU46: 1 | BV46: 1 | BW46: 1 | BX46: 1 | BZ46: 83 | CA46: 65 | CF46: 0 | CG46: 0 | CM46: 0 | CO46: 0 | CP46: =(P46+Q46+S46) -> 0 | CQ46: =AC46*BC46 -> 0 | CR46: =AD46*BB46 -> 0 | CS46: =AE46*BS46 -> 0 | CT46: =AF46*BA46 -> 0 | CU46: =AG46 -> 0 | CV46: =AH46 -> 0 | CW46: =AI46 -> 0 | CX46: =AJ46 -> 0 | CY46: =(((S46+R46)*AT46)/100) -> 0 | CZ46: =(((S46+R46)*AU46)/100) -> 0 | DN46: 0 | DO46: 0 | DP46: 1 | DQ46: 1 | DU46: 1009 | DV46: т | DW46: т | DX46: 1000 | EE46: 27029103 | EF46: 6 | EG46: Ремонтно-строительные работы | EH46: 0 | EJ46: 1 | EK46: 58001 | EL46: Крыши, кровля | EM46: рФЕР-58 | EQ46: 0 | ER46: 0 | ES46: 0 | ET46: 0 | EU46: 0 | EV46: 0 | EW46: 0 | EX46: 0 | FQ46: 0 | FR46: =ROUND(IF(AND(BH46=3,BI46=3),P46,0),2) -> 0 | FS46: 0 | FX46: 83 | FY46: 65 | GD46: 0 | GF46: -179832266 | GG46: 2 | GH46: 1 | GI46: -2 | GJ46: 0 | GK46: =ROUND(R46*(R12)/100,2) -> 0 | GL46: =ROUND(IF(AND(BH46=3,BI46=3,FS46<>0),P46,0),2) -> 0 | GM46: =ROUND(O46+X46+Y46+GK46,2)+GX46 -> 0 | GN46: =IF(OR(BI46=0,BI46=1),ROUND(O46+X46+Y46+GK46,2),0) -> 0 | GO46: =IF(BI46=2,ROUND(O46+X46+Y46+GK46,2),0) -> 0 | GP46: =IF(BI46=4,ROUND(O46+X46+Y46+GK46,2)+GX46,0) -> 0 | GR46: 0 | GS46: 3 | GT46: 0 | GV46: =ROUND(GT46,2) -> 0 | GW46: 1 | GX46: =ROUND(GV46*GW46*I46,2) -> 0 | HA46: 0 | HB46: 0 | IK46: 0
A47: 18 | B47: 1 | C47: 88 | E47: 8,1 | F47: 01.7.07.07 | G47: Строительный мусор | H47: т | I47: =I45*J47 -> 0.0312 | J47: 0.12 | O47: =ROUND(CP47,2) -> 0 | P47: =ROUND(CQ47*I47,2) -> 0 | Q47: =ROUND(CR47*I47,2) -> 0 | R47: =ROUND(CS47*I47,2) -> 0 | S47: =ROUND(CT47*I47,2) -> 0 | T47: =ROUND(CU47*I47,2) -> 0 | U47: =CV47*I47 -> 0 | V47: =CW47*I47 -> 0 | W47: =ROUND(CX47*I47,2) -> 0 | X47: =ROUND(CY47,2) -> 0 | Y47: =ROUND(CZ47,2) -> 0 | AA47: 27721504 | AB47: =ROUND((AC47+AD47+AF47),2) -> 0 | AC47: =ROUND((ES47),2) -> 0 | AD47: =ROUND((((ET47)-(EU47))+AE47),2) -> 0 | AE47: =ROUND((EU47),2) -> 0 | AF47: =ROUND((EV47),2) -> 0 | AG47: =ROUND((AP47),2) -> 0 | AH47: =(EW47) -> 0 | AI47: =(EX47) -> 0 | AJ47: =ROUND((AS47),2) -> 0 | AK47: 0 | AL47: 0 | AM47: 0 | AN47: 0 | AO47: 0 | AP47: 0 | AQ47: 0 | AR47: 0 | AS47: 0 | AT47: 83 | AU47: 65 | AV47: 1 | AW47: 1 | AZ47: 1 | BA47: 1 | BB47: 1 | BC47: 1 | BH47: 3 | BI47: 1 | BM47: 58001 | BN47: 0 | BP47: 0 | BQ47: 6 | BR47: 0 | BS47: 1 | BT47: 1 | BU47: 1 | BV47: 1 | BW47: 1 | BX47: 1 | BZ47: 83 | CA47: 65 | CF47: 0 | CG47: 0 | CM47: 0 | CO47: 0 | CP47: =(P47+Q47+S47) -> 0 | CQ47: =AC47*BC47 -> 0 | CR47: =AD47*BB47 -> 0 | CS47: =AE47*BS47 -> 0 | CT47: =AF47*BA47 -> 0 | CU47: =AG47 -> 0 | CV47: =AH47 -> 0 | CW47: =AI47 -> 0 | CX47: =AJ47 -> 0 | CY47: =(((S47+R47)*AT47)/100) -> 0 | CZ47: =(((S47+R47)*AU47)/100) -> 0 | DN47: 0 | DO47: 0 | DP47: 1 | DQ47: 1 | DU47: 1009 | DV47: т | DW47: т | DX47: 1000 | EE47: 27029103 | EF47: 6 | EG47: Ремонтно-строительные работы | EH47: 0 | EJ47: 1 | EK47: 58001 | EL47: Крыши, кровля | EM47: рФЕР-58 | EQ47: 0 | ER47: 0 | ES47: 0 | ET47: 0 | EU47: 0 | EV47: 0 | EW47: 0 | EX47: 0 | FQ47: 0 | FR47: =ROUND(IF(AND(BH47=3,BI47=3),P47,0),2) -> 0 | FS47: 0 | FX47: 83 | FY47: 65 | GD47: 0 | GF47: -179832266 | GG47: 2 | GH47: 1 | GI47: -2 | GJ47: 0 | GK47: =ROUND(R47*(S12)/100,2) -> 0 | GL47: =ROUND(IF(AND(BH47=3,BI47=3,FS47<>0),P47,0),2) -> 0 | GM47: =ROUND(O47+X47+Y47+GK47,2)+GX47 -> 0 | GN47: =IF(OR(BI47=0,BI47=1),ROUND(O47+X47+Y47+GK47,2),0) -> 0 | GO47: =IF(BI47=2,ROUND(O47+X47+Y47+GK47,2),0) -> 0 | GP47: =IF(BI47=4,ROUND(O47+X47+Y47+GK47,2)+GX47,0) -> 0 | GR47: 0 | GS47: 0 | GT47: 0 | GV47: =ROUND(GT47,2) -> 0 | GW47: 1 | GX47: =ROUND(GV47*GW47*I47,2) -> 0 | HA47: 0 | HB47: 0 | IK47: 0
A48: 17 | B48: 1 | C48: =ROW(SmtRes!A95) -> 95 | D48: =ROW(EtalonRes!A102) -> 102 | E48: 9 | F48: 12-01-017-01 | G48: Разборка выравнивающих стяжек цементно-песчаных толщиной 15 мм | H48: 100 м2 | I48: =ROUND(40/100,9) -> 0.4 | J48: 0 | O48: =ROUND(CP48,2) -> 136.22 | P48: =ROUND(CQ48*I48,2) -> 0 | Q48: =ROUND(CR48*I48,2) -> 60.96 | R48: =ROUND(CS48*I48,2) -> 7 | S48: =ROUND(CT48*I48,2) -> 75.26 | T48: =ROUND(CU48*I48,2) -> 0 | U48: =CV48*I48 -> 8.7104 | V48: =CW48*I48 -> 0.6208 | W48: =ROUND(CX48*I48,2) -> 0 | X48: =ROUND(CY48,2) -> 88.84 | Y48: =ROUND(CZ48,2) -> 45.24 | AA48: 27721505 | AB48: =ROUND((AC48+AD48+AF48),2) -> 340.53 | AC48: =ROUND(((ES48*0)),2) -> 0 | AD48: =ROUND(((((ET48*0.8))-((EU48*0.8)))+AE48),2) -> 152.39 | AE48: =ROUND(((EU48*0.8)),2) -> 17.49 | AF48: =ROUND(((EV48*0.8)),2) -> 188.14 | AG48: =ROUND((AP48),2) -> 0 | AH48: =((EW48*0.8)) -> 21.776 | AI48: =((EX48*0.8)) -> 1.552 | AJ48: =ROUND((AS48),2) -> 0 | AK48: 462.33 | AL48: 36.67 | AM48: 190.48 | AN48: 21.86 | AO48: 235.18 | AP48: 0 | AQ48: 27.22 | AR48: 1.94 | AS48: 0 | AT48: 108 | AU48: 55 | AV48: 1 | AW48: 1 | AZ48: 1 | BA48: 1 | BB48: 1 | BC48: 1 | BH48: 0 | BI48: 1 | BJ48: ФЕР-2001, 12-01-017-01, приказ Минстроя России №1039/пр от 30.12.2016г. | BM48: 12001 | BN48: 0 | BP48: 0 | BQ48: 2 | BR48: 0 | BS48: 1 | BT48: 1 | BU48: 1 | BV48: 1 | BW48: 1 | BX48: 1 | BZ48: 120 | CA48: 65 | CF48: 0 | CG48: 0 | CM48: 0 | CN48: Поправка: МДС 81-36.2004, п.3.3.1.а Наименование: При демонтаже (разборке) сборных бетонных и железобетонных конструкций | CO48: 0 | CP48: =(P48+Q48+S48) -> 136.22 | CQ48: =AC48*BC48 -> 0 | CR48: =AD48*BB48 -> 152.39 | CS48: =AE48*BS48 -> 17.49 | CT48: =AF48*BA48 -> 188.14 | CU48: =AG48 -> 0 | CV48: =AH48 -> 21.776 | CW48: =AI48 -> 1.552 | CX48: =AJ48 -> 0 | CY48: =(((S48+R48)*AT48)/100) -> 88.8408 | CZ48: =(((S48+R48)*AU48)/100) -> 45.243 | DD48: )*0 | DE48: )*0,8 | DF48: )*0,8 | DG48: )*0,8 | DI48: )*0,8 | DJ48: )*0,8 | DN48: 0 | DO48: 0 | DP48: 1 | DQ48: 1 | DU48: 1005 | DV48: 100 м2 | DW48: 100 м2 | DX48: 100 | EE48: 27029025 | EF48: 2 | EG48: Общестроительные работы | EH48: 0 | EJ48: 1 | EK48: 12001 | EL48: Кровли | EM48: ФЕР-12 | EO48: Поправка: МДС 81-36.2004, п.3.3.1.а | EQ48: 0 | ER48: 462.33 | ES48: 36.67 | ET48: 190.48 | EU48: 21.86 | EV48: 235.18 | EW48: 27.22 | EX48: 1.94 | EY48: 0 | FQ48: 0 | FR48: =ROUND(IF(AND(BH48=3,BI48=3),P48,0),2) -> 0 | FS48: 0 | FT48: *0,9 | FU48: *0,85 | FX48: 108 | FY48: 55.25 | GD48: 0 | GF48: 330749866 | GG48: 2 | GH48: 1 | GI48: -2 | GJ48: 0 | GK48: =ROUND(R48*(R12)/100,2) -> 0 | GL48: =ROUND(IF(AND(BH48=3,BI48=3,FS48<>0),P48,0),2) -> 0 | GM48: =ROUND(O48+X48+Y48+GK48,2)+GX48 -> 270.3 | GN48: =IF(OR(BI48=0,BI48=1),ROUND(O48+X48+Y48+GK48,2),0) -> 270.3 | GO48: =IF(BI48=2,ROUND(O48+X48+Y48+GK48,2),0) -> 0 | GP48: =IF(BI48=4,ROUND(O48+X48+Y48+GK48,2)+GX48,0) -> 0 | GR48: 0 | GS48: 3 | GT48: 0 | GV48: =ROUND(GT48,2) -> 0 | GW48: 1 | GX48: =ROUND(GV48*GW48*I48,2) -> 0 | HA48: 0 | HB48: 0 | IK48: 0
A49: 17 | B49: 1 | C49: =ROW(SmtRes!A102) -> 102 | D49: =ROW(EtalonRes!A110) -> 110 | E49: 9 | F49: 12-01-017-01 | G49: Разборка выравнивающих стяжек цементно-песчаных толщиной 15 мм | H49: 100 м2 | I49: =ROUND(40/100,9) -> 0.4 | J49: 0 | O49: =ROUND(CP49,2) -> 136.22 | P49: =ROUND(CQ49*I49,2) -> 0 | Q49: =ROUND(CR49*I49,2) -> 60.96 | R49: =ROUND(CS49*I49,2) -> 7 | S49: =ROUND(CT49*I49,2) -> 75.26 | T49: =ROUND(CU49*I49,2) -> 0 | U49: =CV49*I49 -> 8.7104 | V49: =CW49*I49 -> 0.6208 | W49: =ROUND(CX49*I49,2) -> 0 | X49: =ROUND(CY49,2) -> 88.84 | Y49: =ROUND(CZ49,2) -> 45.24 | AA49: 27721504 | AB49: =ROUND((AC49+AD49+AF49),2) -> 340.53 | AC49: =ROUND(((ES49*0)),2) -> 0 | AD49: =ROUND(((((ET49*0.8))-((EU49*0.8)))+AE49),2) -> 152.39 | AE49: =ROUND(((EU49*0.8)),2) -> 17.49 | AF49: =ROUND(((EV49*0.8)),2) -> 188.14 | AG49: =ROUND((AP49),2) -> 0 | AH49: =((EW49*0.8)) -> 21.776 | AI49: =((EX49*0.8)) -> 1.552 | AJ49: =ROUND((AS49),2) -> 0 | AK49: 462.33 | AL49: 36.67 | AM49: 190.48 | AN49: 21.86 | AO49: 235.18 | AP49: 0 | AQ49: 27.22 | AR49: 1.94 | AS49: 0 | AT49: 108 | AU49: 55 | AV49: 1 | AW49: 1 | AZ49: 1 | BA49: 1 | BB49: 1 | BC49: 1 | BH49: 0 | BI49: 1 | BJ49: ФЕР-2001, 12-01-017-01, приказ Минстроя России №1039/пр от 30.12.2016г. | BM49: 12001 | BN49: 0 | BP49: 0 | BQ49: 2 | BR49: 0 | BS49: 1 | BT49: 1 | BU49: 1 | BV49: 1 | BW49: 1 | BX49: 1 | BZ49: 120 | CA49: 65 | CF49: 0 | CG49: 0 | CM49: 0 | CN49: Поправка: МДС 81-36.2004, п.3.3.1.а Наименование: При демонтаже (разборке) сборных бетонных и железобетонных конструкций | CO49: 0 | CP49: =(P49+Q49+S49) -> 136.22 | CQ49: =AC49*BC49 -> 0 | CR49: =AD49*BB49 -> 152.39 | CS49: =AE49*BS49 -> 17.49 | CT49: =AF49*BA49 -> 188.14 | CU49: =AG49 -> 0 | CV49: =AH49 -> 21.776 | CW49: =AI49 -> 1.552 | CX49: =AJ49 -> 0 | CY49: =(((S49+R49)*AT49)/100) -> 88.8408 | CZ49: =(((S49+R49)*AU49)/100) -> 45.243 | DD49: )*0 | DE49: )*0,8 | DF49: )*0,8 | DG49: )*0,8 | DI49: )*0,8 | DJ49: )*0,8 | DN49: 0 | DO49: 0 | DP49: 1 | DQ49: 1 | DU49: 1005 | DV49: 100 м2 | DW49: 100 м2 | DX49: 100 | EE49: 27029025 | EF49: 2 | EG49: Общестроительные работы | EH49: 0 | EJ49: 1 | EK49: 12001 | EL49: Кровли | EM49: ФЕР-12 | EO49: Поправка: МДС 81-36.2004, п.3.3.1.а | EQ49: 0 | ER49: 462.33 | ES49: 36.67 | ET49: 190.48 | EU49: 21.86 | EV49: 235.18 | EW49: 27.22 | EX49: 1.94 | EY49: 0 | FQ49: 0 | FR49: =ROUND(IF(AND(BH49=3,BI49=3),P49,0),2) -> 0 | FS49: 0 | FT49: *0,9 | FU49: *0,85 | FX49: 108 | FY49: 55.25 | GD49: 0 | GF49: 330749866 | GG49: 2 | GH49: 1 | GI49: -2 | GJ49: 0 | GK49: =ROUND(R49*(S12)/100,2) -> 0 | GL49: =ROUND(IF(AND(BH49=3,BI49=3,FS49<>0),P49,0),2) -> 0 | GM49: =ROUND(O49+X49+Y49+GK49,2)+GX49 -> 270.3 | GN49: =IF(OR(BI49=0,BI49=1),ROUND(O49+X49+Y49+GK49,2),0) -> 270.3 | GO49: =IF(BI49=2,ROUND(O49+X49+Y49+GK49,2),0) -> 0 | GP49: =IF(BI49=4,ROUND(O49+X49+Y49+GK49,2)+GX49,0) -> 0 | GR49: 0 | GS49: 0 | GT49: 0 | GV49: =ROUND(GT49,2) -> 0 | GW49: 1 | GX49: =ROUND(GV49*GW49*I49,2) -> 0 | HA49: 0 | HB49: 0 | IK49: 0
A50: 17 | B50: 1 | C50: =ROW(SmtRes!A106) -> 106 | D50: =ROW(EtalonRes!A115) -> 115 | E50: 10 | F50: 12-01-017-02 | G50: Разборка выравнивающих стяжек на каждый 1 мм изменения толщины добавлять или исключать к расценке 12-01-017-01 | H50: 100 м2 | I50: =ROUND(40/100,9) -> 0.4 | J50: 0 | O50: =ROUND(CP50,2) -> 126.56 | P50: =ROUND(CQ50*I50,2) -> 0 | Q50: =ROUND(CR50*I50,2) -> 29.79 | R50: =ROUND(CS50*I50,2) -> 3.81 | S50: =ROUND(CT50*I50,2) -> 96.77 | T50: =ROUND(CU50*I50,2) -> 0 | U50: =CV50*I50 -> 11.2 | V50: =CW50*I50 -> 0.336 | W50: =ROUND(CX50*I50,2) -> 0 | X50: =ROUND(CY50,2) -> 108.63 | Y50: =ROUND(CZ50,2) -> 55.32 | AA50: 27721505 | AB50: =ROUND((AC50+AD50+AF50),2) -> 316.4 | AC50: =ROUND(((ES50*0*35)),2) -> 0 | AD50: =ROUND(((((ET50*0.8*35))-((EU50*0.8*35)))+AE50),2) -> 74.48 | AE50: =ROUND(((EU50*0.8*35)),2) -> 9.52 | AF50: =ROUND(((EV50*0.8*35)),2) -> 241.92 | AG50: =ROUND((AP50),2) -> 0 | AH50: =((EW50*0.8*35)) -> 28 | AI50: =((EX50*0.8*35)) -> 0.84 | AJ50: =ROUND((AS50),2) -> 0 | AK50: 11.3 | AL50: 0 | AM50: 2.66 | AN50: 0.34 | AO50: 8.64 | AP50: 0 | AQ50: 1 | AR50: 0.03 | AS50: 0 | AT50: 108 | AU50: 55 | AV50: 1 | AW50: 1 | AZ50: 1 | BA50: 1 | BB50: 1 | BC50: 1 | BH50: 0 | BI50: 1 | BJ50: ФЕР-2001, 12-01-017-02, приказ Минстроя России №1039/пр от 30.12.2016г. | BM50: 12001 | BN50: 0 | BP50: 0 | BQ50: 2 | BR50: 0 | BS50: 1 | BT50: 1 | BU50: 1 | BV50: 1 | BW50: 1 | BX50: 1 | BZ50: 120 | CA50: 65 | CF50: 0 | CG50: 0 | CM50: 0 | CN50: Поправка: МДС 81-36.2004, п.3.3.1.а Наименование: При демонтаже (разборке) сборных бетонных и железобетонных конструкций | CO50: 0 | CP50: =(P50+Q50+S50) -> 126.56 | CQ50: =AC50*BC50 -> 0 | CR50: =AD50*BB50 -> 74.48 | CS50: =AE50*BS50 -> 9.52 | CT50: =AF50*BA50 -> 241.92 | CU50: =AG50 -> 0 | CV50: =AH50 -> 28 | CW50: =AI50 -> 0.84 | CX50: =AJ50 -> 0 | CY50: =(((S50+R50)*AT50)/100) -> 108.6264 | CZ50: =(((S50+R50)*AU50)/100) -> 55.319 | DD50: )*0*35 | DE50: )*0,8*35 | DF50: )*0,8*35 | DG50: )*0,8*35 | DI50: )*0,8*35 | DJ50: )*0,8*35 | DN50: 0 | DO50: 0 | DP50: 1 | DQ50: 1 | DU50: 1005 | DV50: 100 м2 | DW50: 100 м2 | DX50: 100 | EE50: 27029025 | EF50: 2 | EG50: Общестроительные работы | EH50: 0 | EJ50: 1 | EK50: 12001 | EL50: Кровли | EM50: ФЕР-12 | EO50: Поправка: МДС 81-36.2004, п.3.3.1.а | EQ50: 0 | ER50: 11.3 | ES50: 0 | ET50: 2.66 | EU50: 0.34 | EV50: 8.64 | EW50: 1 | EX50: 0.03 | EY50: 0 | FQ50: 0 | FR50: =ROUND(IF(AND(BH50=3,BI50=3),P50,0),2) -> 0 | FS50: 0 | FT50: *0,9 | FU50: *0,85 | FX50: 108 | FY50: 55.25 | GD50: 0 | GF50: -1615390012 | GG50: 2 | GH50: 1 | GI50: -2 | GJ50: 0 | GK50: =ROUND(R50*(R12)/100,2) -> 0 | GL50: =ROUND(IF(AND(BH50=3,BI50=3,FS50<>0),P50,0),2) -> 0 | GM50: =ROUND(O50+X50+Y50+GK50,2)+GX50 -> 290.51 | GN50: =IF(OR(BI50=0,BI50=1),ROUND(O50+X50+Y50+GK50,2),0) -> 290.51 | GO50: =IF(BI50=2,ROUND(O50+X50+Y50+GK50,2),0) -> 0 | GP50: =IF(BI50=4,ROUND(O50+X50+Y50+GK50,2)+GX50,0) -> 0 | GR50: 0 | GS50: 3 | GT50: 0 | GV50: =ROUND(GT50,2) -> 0 | GW50: 1 | GX50: =ROUND(GV50*GW50*I50,2) -> 0 | HA50: 0 | HB50: 0 | IK50: 0
A51: 17 | B51: 1 | C51: =ROW(SmtRes!A110) -> 110 | D51: =ROW(EtalonRes!A120) -> 120 | E51: 10 | F51: 12-01-017-02 | G51: Разборка выравнивающих стяжек на каждый 1 мм изменения толщины добавлять или исключать к расценке 12-01-017-01 | H51: 100 м2 | I51: =ROUND(40/100,9) -> 0.4 | J51: 0 | O51: =ROUND(CP51,2) -> 126.56 | P51: =ROUND(CQ51*I51,2) -> 0 | Q51: =ROUND(CR51*I51,2) -> 29.79 | R51: =ROUND(CS51*I51,2) -> 3.81 | S51: =ROUND(CT51*I51,2) -> 96.77 | T51: =ROUND(CU51*I51,2) -> 0 | U51: =CV51*I51 -> 11.2 | V51: =CW51*I51 -> 0.336 | W51: =ROUND(CX51*I51,2) -> 0 | X51: =ROUND(CY51,2) -> 108.63 | Y51: =ROUND(CZ51,2) -> 55.32 | AA51: 27721504 | AB51: =ROUND((AC51+AD51+AF51),2) -> 316.4 | AC51: =ROUND(((ES51*0*35)),2) -> 0 | AD51: =ROUND(((((ET51*0.8*35))-((EU51*0.8*35)))+AE51),2) -> 74.48 | AE51: =ROUND(((EU51*0.8*35)),2) -> 9.52 | AF51: =ROUND(((EV51*0.8*35)),2) -> 241.92 | AG51: =ROUND((AP51),2) -> 0 | AH51: =((EW51*0.8*35)) -> 28 | AI51: =((EX51*0.8*35)) -> 0.84 | AJ51: =ROUND((AS51),2) -> 0 | AK51: 11.3 | AL51: 0 | AM51: 2.66 | AN51: 0.34 | AO51: 8.64 | AP51: 0 | AQ51: 1 | AR51: 0.03 | AS51: 0 | AT51: 108 | AU51: 55 | AV51: 1 | AW51: 1 | AZ51: 1 | BA51: 1 | BB51: 1 | BC51: 1 | BH51: 0 | BI51: 1 | BJ51: ФЕР-2001, 12-01-017-02, приказ Минстроя России №1039/пр от 30.12.2016г. | BM51: 12001 | BN51: 0 | BP51: 0 | BQ51: 2 | BR51: 0 | BS51: 1 | BT51: 1 | BU51: 1 | BV51: 1 | BW51: 1 | BX51: 1 | BZ51: 120 | CA51: 65 | CF51: 0 | CG51: 0 | CM51: 0 | CN51: Поправка: МДС 81-36.2004, п.3.3.1.а Наименование: При демонтаже (разборке) сборных бетонных и железобетонных конструкций | CO51: 0 | CP51: =(P51+Q51+S51) -> 126.56 | CQ51: =AC51*BC51 -> 0 | CR51: =AD51*BB51 -> 74.48 | CS51: =AE51*BS51 -> 9.52 | CT51: =AF51*BA51 -> 241.92 | CU51: =AG51 -> 0 | CV51: =AH51 -> 28 | CW51: =AI51 -> 0.84 | CX51: =AJ51 -> 0 | CY51: =(((S51+R51)*AT51)/100) -> 108.6264 | CZ51: =(((S51+R51)*AU51)/100) -> 55.319 | DD51: )*0*35 | DE51: )*0,8*35 | DF51: )*0,8*35 | DG51: )*0,8*35 | DI51: )*0,8*35 | DJ51: )*0,8*35 | DN51: 0 | DO51: 0 | DP51: 1 | DQ51: 1 | DU51: 1005 | DV51: 100 м2 | DW51: 100 м2 | DX51: 100 | EE51: 27029025 | EF51: 2 | EG51: Общестроительные работы | EH51: 0 | EJ51: 1 | EK51: 12001 | EL51: Кровли | EM51: ФЕР-12 | EO51: Поправка: МДС 81-36.2004, п.3.3.1.а | EQ51: 0 | ER51: 11.3 | ES51: 0 | ET51: 2.66 | EU51: 0.34 | EV51: 8.64 | EW51: 1 | EX51: 0.03 | EY51: 0 | FQ51: 0 | FR51: =ROUND(IF(AND(BH51=3,BI51=3),P51,0),2) -> 0 | FS51: 0 | FT51: *0,9 | FU51: *0,85 | FX51: 108 | FY51: 55.25 | GD51: 0 | GF51: -1615390012 | GG51: 2 | GH51: 1 | GI51: -2 | GJ51: 0 | GK51: =ROUND(R51*(S12)/100,2) -> 0 | GL51: =ROUND(IF(AND(BH51=3,BI51=3,FS51<>0),P51,0),2) -> 0 | GM51: =ROUND(O51+X51+Y51+GK51,2)+GX51 -> 290.51 | GN51: =IF(OR(BI51=0,BI51=1),ROUND(O51+X51+Y51+GK51,2),0) -> 290.51 | GO51: =IF(BI51=2,ROUND(O51+X51+Y51+GK51,2),0) -> 0 | GP51: =IF(BI51=4,ROUND(O51+X51+Y51+GK51,2)+GX51,0) -> 0 | GR51: 0 | GS51: 0 | GT51: 0 | GV51: =ROUND(GT51,2) -> 0 | GW51: 1 | GX51: =ROUND(GV51*GW51*I51,2) -> 0 | HA51: 0 | HB51: 0 | IK51: 0
A52: 17 | B52: 1 | C52: =ROW(SmtRes!A114) -> 114 | D52: =ROW(EtalonRes!A125) -> 125 | E52: 11 | F52: 12-01-014-02 | G52: Демонтаж покрытий керамзитом | H52: м3 | I52: 2 | J52: 0 | O52: =ROUND(CP52,2) -> 86.2 | P52: =ROUND(CQ52*I52,2) -> 0 | Q52: =ROUND(CR52*I52,2) -> 48.26 | R52: =ROUND(CS52*I52,2) -> 6.12 | S52: =ROUND(CT52*I52,2) -> 37.94 | T52: =ROUND(CU52*I52,2) -> 0 | U52: =CV52*I52 -> 4.864 | V52: =CW52*I52 -> 0.544 | W52: =ROUND(CX52*I52,2) -> 0 | X52: =ROUND(CY52,2) -> 47.58 | Y52: =ROUND(CZ52,2) -> 24.23 | AA52: 27721505 | AB52: =ROUND((AC52+AD52+AF52),2) -> 43.1 | AC52: =ROUND(((ES52*0)),2) -> 0 | AD52: =ROUND(((((ET52*0.8))-((EU52*0.8)))+AE52),2) -> 24.13 | AE52: =ROUND(((EU52*0.8)),2) -> 3.06 | AF52: =ROUND(((EV52*0.8)),2) -> 18.97 | AG52: =ROUND((AP52),2) -> 0 | AH52: =((EW52*0.8)) -> 2.432 | AI52: =((EX52*0.8)) -> 0.272 | AJ52: =ROUND((AS52),2) -> 0 | AK52: 53.88 | AL52: 0 | AM52: 30.17 | AN52: 3.83 | AO52: 23.71 | AP52: 0 | AQ52: 3.04 | AR52: 0.34 | AS52: 0 | AT52: 108 | AU52: 55 | AV52: 1 | AW52: 1 | AZ52: 1 | BA52: 1 | BB52: 1 | BC52: 1 | BH52: 0 | BI52: 1 | BJ52: ФЕР-2001, 12-01-014-02, приказ Минстроя России №1039/пр от 30.12.2016г. | BM52: 12001 | BN52: 0 | BP52: 0 | BQ52: 2 | BR52: 0 | BS52: 1 | BT52: 1 | BU52: 1 | BV52: 1 | BW52: 1 | BX52: 1 | BZ52: 120 | CA52: 65 | CF52: 0 | CG52: 0 | CM52: 0 | CN52: Поправка: МДС 81-36.2004, п.3.3.1.б Наименование: При демонтаже сборных деревянных конструкций | CO52: 0 | CP52: =(P52+Q52+S52) -> 86.2 | CQ52: =AC52*BC52 -> 0 | CR52: =AD52*BB52 -> 24.13 | CS52: =AE52*BS52 -> 3.06 | CT52: =AF52*BA52 -> 18.97 | CU52: =AG52 -> 0 | CV52: =AH52 -> 2.432 | CW52: =AI52 -> 0.272 | CX52: =AJ52 -> 0 | CY52: =(((S52+R52)*AT52)/100) -> 47.5848 | CZ52: =(((S52+R52)*AU52)/100) -> 24.233 | DD52: )*0 | DE52: )*0,8 | DF52: )*0,8 | DG52: )*0,8 | DI52: )*0,8 | DJ52: )*0,8 | DN52: 0 | DO52: 0 | DP52: 1 | DQ52: 1 | DU52: 1007 | DV52: м3 | DW52: м3 | DX52: 1 | EE52: 27029025 | EF52: 2 | EG52: Общестроительные работы | EH52: 0 | EJ52: 1 | EK52: 12001 | EL52: Кровли | EM52: ФЕР-12 | EO52: Поправка: МДС 81-36.2004, п.3.3.1.б | EQ52: 0 | ER52: 53.88 | ES52: 0 | ET52: 30.17 | EU52: 3.83 | EV52: 23.71 | EW52: 3.04 | EX52: 0.34 | EY52: 0 | FQ52: 0 | FR52: =ROUND(IF(AND(BH52=3,BI52=3),P52,0),2) -> 0 | FS52: 0 | FT52: *0,9 | FU52: *0,85 | FX52: 108 | FY52: 55.25 | GD52: 0 | GF52: 1391752134 | GG52: 2 | GH52: 1 | GI52: -2 | GJ52: 0 | GK52: =ROUND(R52*(R12)/100,2) -> 0 | GL52: =ROUND(IF(AND(BH52=3,BI52=3,FS52<>0),P52,0),2) -> 0 | GM52: =ROUND(O52+X52+Y52+GK52,2)+GX52 -> 158.01 | GN52: =IF(OR(BI52=0,BI52=1),ROUND(O52+X52+Y52+GK52,2),0) -> 158.01 | GO52: =IF(BI52=2,ROUND(O52+X52+Y52+GK52,2),0) -> 0 | GP52: =IF(BI52=4,ROUND(O52+X52+Y52+GK52,2)+GX52,0) -> 0 | GR52: 0 | GS52: 3 | GT52: 0 | GV52: =ROUND(GT52,2) -> 0 | GW52: 1 | GX52: =ROUND(GV52*GW52*I52,2) -> 0 | HA52: 0 | HB52: 0 | IK52: 0
A53: 17 | B53: 1 | C53: =ROW(SmtRes!A118) -> 118 | D53: =ROW(EtalonRes!A130) -> 130 | E53: 11 | F53: 12-01-014-02 | G53: Демонтаж покрытий керамзитом | H53: м3 | I53: 2 | J53: 0 | O53: =ROUND(CP53,2) -> 86.2 | P53: =ROUND(CQ53*I53,2) -> 0 | Q53: =ROUND(CR53*I53,2) -> 48.26 | R53: =ROUND(CS53*I53,2) -> 6.12 | S53: =ROUND(CT53*I53,2) -> 37.94 | T53: =ROUND(CU53*I53,2) -> 0 | U53: =CV53*I53 -> 4.864 | V53: =CW53*I53 -> 0.544 | W53: =ROUND(CX53*I53,2) -> 0 | X53: =ROUND(CY53,2) -> 47.58 | Y53: =ROUND(CZ53,2) -> 24.23 | AA53: 27721504 | AB53: =ROUND((AC53+AD53+AF53),2) -> 43.1 | AC53: =ROUND(((ES53*0)),2) -> 0 | AD53: =ROUND(((((ET53*0.8))-((EU53*0.8)))+AE53),2) -> 24.13 | AE53: =ROUND(((EU53*0.8)),2) -> 3.06 | AF53: =ROUND(((EV53*0.8)),2) -> 18.97 | AG53: =ROUND((AP53),2) -> 0 | AH53: =((EW53*0.8)) -> 2.432 | AI53: =((EX53*0.8)) -> 0.272 | AJ53: =ROUND((AS53),2) -> 0 | AK53: 53.88 | AL53: 0 | AM53: 30.17 | AN53: 3.83 | AO53: 23.71 | AP53: 0 | AQ53: 3.04 | AR53: 0.34 | AS53: 0 | AT53: 108 | AU53: 55 | AV53: 1 | AW53: 1 | AZ53: 1 | BA53: 1 | BB53: 1 | BC53: 1 | BH53: 0 | BI53: 1 | BJ53: ФЕР-2001, 12-01-014-02, приказ Минстроя России №1039/пр от 30.12.2016г. | BM53: 12001 | BN53: 0 | BP53: 0 | BQ53: 2 | BR53: 0 | BS53: 1 | BT53: 1 | BU53: 1 | BV53: 1 | BW53: 1 | BX53: 1 | BZ53: 120 | CA53: 65 | CF53: 0 | CG53: 0 | CM53: 0 | CN53: Поправка: МДС 81-36.2004, п.3.3.1.б Наименование: При демонтаже сборных деревянных конструкций | CO53: 0 | CP53: =(P53+Q53+S53) -> 86.2 | CQ53: =AC53*BC53 -> 0 | CR53: =AD53*BB53 -> 24.13 | CS53: =AE53*BS53 -> 3.06 | CT53: =AF53*BA53 -> 18.97 | CU53: =AG53 -> 0 | CV53: =AH53 -> 2.432 | CW53: =AI53 -> 0.272 | CX53: =AJ53 -> 0 | CY53: =(((S53+R53)*AT53)/100) -> 47.5848 | CZ53: =(((S53+R53)*AU53)/100) -> 24.233 | DD53: )*0 | DE53: )*0,8 | DF53: )*0,8 | DG53: )*0,8 | DI53: )*0,8 | DJ53: )*0,8 | DN53: 0 | DO53: 0 | DP53: 1 | DQ53: 1 | DU53: 1007 | DV53: м3 | DW53: м3 | DX53: 1 | EE53: 27029025 | EF53: 2 | EG53: Общестроительные работы | EH53: 0 | EJ53: 1 | EK53: 12001 | EL53: Кровли | EM53: ФЕР-12 | EO53: Поправка: МДС 81-36.2004, п.3.3.1.б | EQ53: 0 | ER53: 53.88 | ES53: 0 | ET53: 30.17 | EU53: 3.83 | EV53: 23.71 | EW53: 3.04 | EX53: 0.34 | EY53: 0 | FQ53: 0 | FR53: =ROUND(IF(AND(BH53=3,BI53=3),P53,0),2) -> 0 | FS53: 0 | FT53: *0,9 | FU53: *0,85 | FX53: 108 | FY53: 55.25 | GD53: 0 | GF53: 1391752134 | GG53: 2 | GH53: 1 | GI53: -2 | GJ53: 0 | GK53: =ROUND(R53*(S12)/100,2) -> 0 | GL53: =ROUND(IF(AND(BH53=3,BI53=3,FS53<>0),P53,0),2) -> 0 | GM53: =ROUND(O53+X53+Y53+GK53,2)+GX53 -> 158.01 | GN53: =IF(OR(BI53=0,BI53=1),ROUND(O53+X53+Y53+GK53,2),0) -> 158.01 | GO53: =IF(BI53=2,ROUND(O53+X53+Y53+GK53,2),0) -> 0 | GP53: =IF(BI53=4,ROUND(O53+X53+Y53+GK53,2)+GX53,0) -> 0 | GR53: 0 | GS53: 0 | GT53: 0 | GV53: =ROUND(GT53,2) -> 0 | GW53: 1 | GX53: =ROUND(GV53*GW53*I53,2) -> 0 | HA53: 0 | HB53: 0 | IK53: 0
A54: 17 | B54: 1 | C54: =ROW(SmtRes!A125) -> 125 | D54: =ROW(EtalonRes!A139) -> 139 | E54: 12 | F54: 09-04-012-01 | G54: Демонтаж металлических дверных блоков в готовые проемы | H54: м2 | I54: 6.5 | J54: 0 | O54: =ROUND(CP54,2) -> 173.95 | P54: =ROUND(CQ54*I54,2) -> 0 | Q54: =ROUND(CR54*I54,2) -> 65.59 | R54: =ROUND(CS54*I54,2) -> 8.97 | S54: =ROUND(CT54*I54,2) -> 108.36 | T54: =ROUND(CU54*I54,2) -> 0 | U54: =CV54*I54 -> 10.92 | V54: =CW54*I54 -> 0.7735 | W54: =ROUND(CX54*I54,2) -> 0 | X54: =ROUND(CY54,2) -> 95.04 | Y54: =ROUND(CZ54,2) -> 84.48 | AA54: 27721505 | AB54: =ROUND((AC54+AD54+AF54),2) -> 26.76 | AC54: =ROUND(((ES54*0)),2) -> 0 | AD54: =ROUND(((((ET54*0.7))-((EU54*0.7)))+AE54),2) -> 10.09 | AE54: =ROUND(((EU54*0.7)),2) -> 1.38 | AF54: =ROUND(((EV54*0.7)),2) -> 16.67 | AG54: =ROUND((AP54),2) -> 0 | AH54: =((EW54*0.7)) -> 1.68 | AI54: =((EX54*0.7)) -> 0.119 | AJ54: =ROUND((AS54),2) -> 0 | AK54: 63.94 | AL54: 25.72 | AM54: 14.41 | AN54: 1.97 | AO54: 23.81 | AP54: 0 | AQ54: 2.4 | AR54: 0.17 | AS54: 0 | AT54: 81 | AU54: 72 | AV54: 1 | AW54: 1 | AZ54: 1 | BA54: 1 | BB54: 1 | BC54: 1 | BH54: 0 | BI54: 1 | BJ54: ФЕР-2001, 09-04-012-01, приказ Минстроя России №1039/пр от 30.12.2016г. | BM54: 9001 | BN54: 0 | BP54: 0 | BQ54: 2 | BR54: 0 | BS54: 1 | BT54: 1 | BU54: 1 | BV54: 1 | BW54: 1 | BX54: 1 | BZ54: 90 | CA54: 85 | CF54: 0 | CG54: 0 | CM54: 0 | CN54: Поправка: МДС 81-36.2004, п.3.3.1.д Наименование: При демонтаже металлических конструкций | CO54: 0 | CP54: =(P54+Q54+S54) -> 173.95 | CQ54: =AC54*BC54 -> 0 | CR54: =AD54*BB54 -> 10.09 | CS54: =AE54*BS54 -> 1.38 | CT54: =AF54*BA54 -> 16.67 | CU54: =AG54 -> 0 | CV54: =AH54 -> 1.68 | CW54: =AI54 -> 0.119 | CX54: =AJ54 -> 0 | CY54: =(((S54+R54)*AT54)/100) -> 95.0373 | CZ54: =(((S54+R54)*AU54)/100) -> 84.4776 | DD54: )*0 | DE54: )*0,7 | DF54: )*0,7 | DG54: )*0,7 | DI54: )*0,7 | DJ54: )*0,7 | DN54: 0 | DO54: 0 | DP54: 1 | DQ54: 1 | DU54: 1005 | DV54: м2 | DW54: м2 | DX54: 1 | EE54: 27029022 | EF54: 2 | EG54: Общестроительные работы | EH54: 0 | EJ54: 1 | EK54: 9001 | EL54: Металлические конструкции | EM54: ФЕР-09 | EO54: Поправка: МДС 81-36.2004, п.3.3.1.д | EQ54: 0 | ER54: 63.94 | ES54: 25.72 | ET54: 14.41 | EU54: 1.97 | EV54: 23.81 | EW54: 2.4 | EX54: 0.17 | EY54: 0 | FQ54: 0 | FR54: =ROUND(IF(AND(BH54=3,BI54=3),P54,0),2) -> 0 | FS54: 0 | FT54: *0,9 | FU54: *0,85 | FX54: 81 | FY54: 72.25 | GD54: 0 | GF54: 574798821 | GG54: 2 | GH54: 1 | GI54: -2 | GJ54: 0 | GK54: =ROUND(R54*(R12)/100,2) -> 0 | GL54: =ROUND(IF(AND(BH54=3,BI54=3,FS54<>0),P54,0),2) -> 0 | GM54: =ROUND(O54+X54+Y54+GK54,2)+GX54 -> 353.47 | GN54: =IF(OR(BI54=0,BI54=1),ROUND(O54+X54+Y54+GK54,2),0) -> 353.47 | GO54: =IF(BI54=2,ROUND(O54+X54+Y54+GK54,2),0) -> 0 | GP54: =IF(BI54=4,ROUND(O54+X54+Y54+GK54,2)+GX54,0) -> 0 | GR54: 0 | GS54: 3 | GT54: 0 | GV54: =ROUND(GT54,2) -> 0 | GW54: 1 | GX54: =ROUND(GV54*GW54*I54,2) -> 0 | HA54: 0 | HB54: 0 | IK54: 0
A55: 17 | B55: 1 | C55: =ROW(SmtRes!A132) -> 132 | D55: =ROW(EtalonRes!A148) -> 148 | E55: 12 | F55: 09-04-012-01 | G55: Демонтаж металлических дверных блоков в готовые проемы | H55: м2 | I55: 6.5 | J55: 0 | O55: =ROUND(CP55,2) -> 173.95 | P55: =ROUND(CQ55*I55,2) -> 0 | Q55: =ROUND(CR55*I55,2) -> 65.59 | R55: =ROUND(CS55*I55,2) -> 8.97 | S55: =ROUND(CT55*I55,2) -> 108.36 | T55: =ROUND(CU55*I55,2) -> 0 | U55: =CV55*I55 -> 10.92 | V55: =CW55*I55 -> 0.7735 | W55: =ROUND(CX55*I55,2) -> 0 | X55: =ROUND(CY55,2) -> 95.04 | Y55: =ROUND(CZ55,2) -> 84.48 | AA55: 27721504 | AB55: =ROUND((AC55+AD55+AF55),2) -> 26.76 | AC55: =ROUND(((ES55*0)),2) -> 0 | AD55: =ROUND(((((ET55*0.7))-((EU55*0.7)))+AE55),2) -> 10.09 | AE55: =ROUND(((EU55*0.7)),2) -> 1.38 | AF55: =ROUND(((EV55*0.7)),2) -> 16.67 | AG55: =ROUND((AP55),2) -> 0 | AH55: =((EW55*0.7)) -> 1.68 | AI55: =((EX55*0.7)) -> 0.119 | AJ55: =ROUND((AS55),2) -> 0 | AK55: 63.94 | AL55: 25.72 | AM55: 14.41 | AN55: 1.97 | AO55: 23.81 | AP55: 0 | AQ55: 2.4 | AR55: 0.17 | AS55: 0 | AT55: 81 | AU55: 72 | AV55: 1 | AW55: 1 | AZ55: 1 | BA55: 1 | BB55: 1 | BC55: 1 | BH55: 0 | BI55: 1 | BJ55: ФЕР-2001, 09-04-012-01, приказ Минстроя России №1039/пр от 30.12.2016г. | BM55: 9001 | BN55: 0 | BP55: 0 | BQ55: 2 | BR55: 0 | BS55: 1 | BT55: 1 | BU55: 1 | BV55: 1 | BW55: 1 | BX55: 1 | BZ55: 90 | CA55: 85 | CF55: 0 | CG55: 0 | CM55: 0 | CN55: Поправка: МДС 81-36.2004, п.3.3.1.д Наименование: При демонтаже металлических конструкций | CO55: 0 | CP55: =(P55+Q55+S55) -> 173.95 | CQ55: =AC55*BC55 -> 0 | CR55: =AD55*BB55 -> 10.09 | CS55: =AE55*BS55 -> 1.38 | CT55: =AF55*BA55 -> 16.67 | CU55: =AG55 -> 0 | CV55: =AH55 -> 1.68 | CW55: =AI55 -> 0.119 | CX55: =AJ55 -> 0 | CY55: =(((S55+R55)*AT55)/100) -> 95.0373 | CZ55: =(((S55+R55)*AU55)/100) -> 84.4776 | DD55: )*0 | DE55: )*0,7 | DF55: )*0,7 | DG55: )*0,7 | DI55: )*0,7 | DJ55: )*0,7 | DN55: 0 | DO55: 0 | DP55: 1 | DQ55: 1 | DU55: 1005 | DV55: м2 | DW55: м2 | DX55: 1 | EE55: 27029022 | EF55: 2 | EG55: Общестроительные работы | EH55: 0 | EJ55: 1 | EK55: 9001 | EL55: Металлические конструкции | EM55: ФЕР-09 | EO55: Поправка: МДС 81-36.2004, п.3.3.1.д | EQ55: 0 | ER55: 63.94 | ES55: 25.72 | ET55: 14.41 | EU55: 1.97 | EV55: 23.81 | EW55: 2.4 | EX55: 0.17 | EY55: 0 | FQ55: 0 | FR55: =ROUND(IF(AND(BH55=3,BI55=3),P55,0),2) -> 0 | FS55: 0 | FT55: *0,9 | FU55: *0,85 | FX55: 81 | FY55: 72.25 | GD55: 0 | GF55: 574798821 | GG55: 2 | GH55: 1 | GI55: -2 | GJ55: 0 | GK55: =ROUND(R55*(S12)/100,2) -> 0 | GL55: =ROUND(IF(AND(BH55=3,BI55=3,FS55<>0),P55,0),2) -> 0 | GM55: =ROUND(O55+X55+Y55+GK55,2)+GX55 -> 353.47 | GN55: =IF(OR(BI55=0,BI55=1),ROUND(O55+X55+Y55+GK55,2),0) -> 353.47 | GO55: =IF(BI55=2,ROUND(O55+X55+Y55+GK55,2),0) -> 0 | GP55: =IF(BI55=4,ROUND(O55+X55+Y55+GK55,2)+GX55,0) -> 0 | GR55: 0 | GS55: 0 | GT55: 0 | GV55: =ROUND(GT55,2) -> 0 | GW55: 1 | GX55: =ROUND(GV55*GW55*I55,2) -> 0 | HA55: 0 | HB55: 0 | IK55: 0
A56: 17 | B56: 1 | C56: =ROW(SmtRes!A137) -> 137 | D56: =ROW(EtalonRes!A153) -> 153 | E56: 13 | F56: 26-01-055-02 | G56: Установка пароизоляционного слоя из пленки полиэтиленовой (без стекловолокнистых материалов) | H56: 100 м2 | I56: =ROUND(40/100,9) -> 0.4 | J56: 0 | O56: =ROUND(CP56,2) -> 398.51 | P56: =ROUND(CQ56*I56,2) -> 332.55 | Q56: =ROUND(CR56*I56,2) -> 8.22 | R56: =ROUND(CS56*I56,2) -> 1.45 | S56: =ROUND(CT56*I56,2) -> 57.74 | T56: =ROUND(CU56*I56,2) -> 0 | U56: =CV56*I56 -> 6.6056 | V56: =CW56*I56 -> 0.125 | W56: =ROUND(CX56*I56,2) -> 0 | X56: =ROUND(CY56,2) -> 53.27 | Y56: =ROUND(CZ56,2) -> 35.51 | AA56: 27721505 | AB56: =ROUND((AC56+AD56+AF56),2) -> 996.26 | AC56: =ROUND((ES56),2) -> 831.38 | AD56: =ROUND(((((ET56*1.25))-((EU56*1.25)))+AE56),2) -> 20.54 | AE56: =ROUND(((EU56*1.25)),2) -> 3.63 | AF56: =ROUND(((EV56*1.15)),2) -> 144.34 | AG56: =ROUND((AP56),2) -> 0 | AH56: =((EW56*1.15)) -> 16.514 | AI56: =((EX56*1.25)) -> 0.3125 | AJ56: =ROUND((AS56),2) -> 0 | AK56: 973.32 | AL56: 831.38 | AM56: 16.43 | AN56: 2.9 | AO56: 125.51 | AP56: 0 | AQ56: 14.36 | AR56: 0.25 | AS56: 0 | AT56: 90 | AU56: 60 | AV56: 1 | AW56: 1 | AZ56: 1 | BA56: 1 | BB56: 1 | BC56: 1 | BH56: 0 | BI56: 1 | BJ56: ФЕР-2001, 26-01-055-02, приказ Минстроя России №1039/пр от 30.12.2016г. | BM56: 26001 | BN56: 0 | BP56: 0 | BQ56: 2 | BR56: 0 | BS56: 1 | BT56: 1 | BU56: 1 | BV56: 1 | BW56: 1 | BX56: 1 | BZ56: 100 | CA56: 70 | CF56: 0 | CG56: 0 | CM56: 0 | CN56: Поправка: МДС 81-35.2004, п.4.7 Наименование: Работы, выполняемые при реконструкции зданий и сооружений работы, аналогичные технологическим процессам в новом строительстве (в том числе возведение новых конструктивных элементов) стоимость которых определена по соответствующим сборникам ФЕР, кроме сборника № 46 «Работы при реконструкции зданий и сооружений» | CO56: 0 | CP56: =(P56+Q56+S56) -> 398.51 | CQ56: =AC56*BC56 -> 831.38 | CR56: =AD56*BB56 -> 20.54 | CS56: =AE56*BS56 -> 3.63 | CT56: =AF56*BA56 -> 144.34 | CU56: =AG56 -> 0 | CV56: =AH56 -> 16.514 | CW56: =AI56 -> 0.3125 | CX56: =AJ56 -> 0 | CY56: =(((S56+R56)*AT56)/100) -> 53.271 | CZ56: =(((S56+R56)*AU56)/100) -> 35.514 | DE56: )*1,25 | DF56: )*1,25 | DG56: )*1,15 | DI56: )*1,15 | DJ56: )*1,25 | DN56: 0 | DO56: 0 | DP56: 1 | DQ56: 1 | DU56: 1005 | DV56: 100 м2 | DW56: 100 м2 | DX56: 100 | EE56: 27029063 | EF56: 2 | EG56: Общестроительные работы | EH56: 0 | EJ56: 1 | EK56: 26001 | EL56: Теплоизоляционные работы | EM56: ФЕР-26 | EO56: Поправка: МДС 81-35.2004, п.4.7 | EQ56: 0 | ER56: 973.32 | ES56: 831.38 | ET56: 16.43 | EU56: 2.9 | EV56: 125.51 | EW56: 14.36 | EX56: 0.25 | EY56: 0 | FQ56: 0 | FR56: =ROUND(IF(AND(BH56=3,BI56=3),P56,0),2) -> 0 | FS56: 0 | FT56: *0,9 | FU56: *0,85 | FX56: 90 | FY56: 59.5 | GD56: 0 | GF56: 1590775800 | GG56: 2 | GH56: 1 | GI56: -2 | GJ56: 0 | GK56: =ROUND(R56*(R12)/100,2) -> 0 | GL56: =ROUND(IF(AND(BH56=3,BI56=3,FS56<>0),P56,0),2) -> 0 | GM56: =ROUND(O56+X56+Y56+GK56,2)+GX56 -> 487.29 | GN56: =IF(OR(BI56=0,BI56=1),ROUND(O56+X56+Y56+GK56,2),0) -> 487.29 | GO56: =IF(BI56=2,ROUND(O56+X56+Y56+GK56,2),0) -> 0 | GP56: =IF(BI56=4,ROUND(O56+X56+Y56+GK56,2)+GX56,0) -> 0 | GR56: 0 | GS56: 3 | GT56: 0 | GV56: =ROUND(GT56,2) -> 0 | GW56: 1 | GX56: =ROUND(GV56*GW56*I56,2) -> 0 | HA56: 0 | HB56: 0 | IK56: 0
A57: 17 | B57: 1 | C57: =ROW(SmtRes!A142) -> 142 | D57: =ROW(EtalonRes!A158) -> 158 | E57: 13 | F57: 26-01-055-02 | G57: Установка пароизоляционного слоя из пленки полиэтиленовой (без стекловолокнистых материалов) | H57: 100 м2 | I57: =ROUND(40/100,9) -> 0.4 | J57: 0 | O57: =ROUND(CP57,2) -> 398.51 | P57: =ROUND(CQ57*I57,2) -> 332.55 | Q57: =ROUND(CR57*I57,2) -> 8.22 | R57: =ROUND(CS57*I57,2) -> 1.45 | S57: =ROUND(CT57*I57,2) -> 57.74 | T57: =ROUND(CU57*I57,2) -> 0 | U57: =CV57*I57 -> 6.6056 | V57: =CW57*I57 -> 0.125 | W57: =ROUND(CX57*I57,2) -> 0 | X57: =ROUND(CY57,2) -> 53.27 | Y57: =ROUND(CZ57,2) -> 35.51 | AA57: 27721504 | AB57: =ROUND((AC57+AD57+AF57),2) -> 996.26 | AC57: =ROUND((ES57),2) -> 831.38 | AD57: =ROUND(((((ET57*1.25))-((EU57*1.25)))+AE57),2) -> 20.54 | AE57: =ROUND(((EU57*1.25)),2) -> 3.63 | AF57: =ROUND(((EV57*1.15)),2) -> 144.34 | AG57: =ROUND((AP57),2) -> 0 | AH57: =((EW57*1.15)) -> 16.514 | AI57: =((EX57*1.25)) -> 0.3125 | AJ57: =ROUND((AS57),2) -> 0 | AK57: 973.32 | AL57: 831.38 | AM57: 16.43 | AN57: 2.9 | AO57: 125.51 | AP57: 0 | AQ57: 14.36 | AR57: 0.25 | AS57: 0 | AT57: 90 | AU57: 60 | AV57: 1 | AW57: 1 | AZ57: 1 | BA57: 1 | BB57: 1 | BC57: 1 | BH57: 0 | BI57: 1 | BJ57: ФЕР-2001, 26-01-055-02, приказ Минстроя России №1039/пр от 30.12.2016г. | BM57: 26001 | BN57: 0 | BP57: 0 | BQ57: 2 | BR57: 0 | BS57: 1 | BT57: 1 | BU57: 1 | BV57: 1 | BW57: 1 | BX57: 1 | BZ57: 100 | CA57: 70 | CF57: 0 | CG57: 0 | CM57: 0 | CN57: Поправка: МДС 81-35.2004, п.4.7 Наименование: Работы, выполняемые при реконструкции зданий и сооружений работы, аналогичные технологическим процессам в новом строительстве (в том числе возведение новых конструктивных элементов) стоимость которых определена по соответствующим сборникам ФЕР, кроме сборника № 46 «Работы при реконструкции зданий и сооружений» | CO57: 0 | CP57: =(P57+Q57+S57) -> 398.51 | CQ57: =AC57*BC57 -> 831.38 | CR57: =AD57*BB57 -> 20.54 | CS57: =AE57*BS57 -> 3.63 | CT57: =AF57*BA57 -> 144.34 | CU57: =AG57 -> 0 | CV57: =AH57 -> 16.514 | CW57: =AI57 -> 0.3125 | CX57: =AJ57 -> 0 | CY57: =(((S57+R57)*AT57)/100) -> 53.271 | CZ57: =(((S57+R57)*AU57)/100) -> 35.514 | DE57: )*1,25 | DF57: )*1,25 | DG57: )*1,15 | DI57: )*1,15 | DJ57: )*1,25 | DN57: 0 | DO57: 0 | DP57: 1 | DQ57: 1 | DU57: 1005 | DV57: 100 м2 | DW57: 100 м2 | DX57: 100 | EE57: 27029063 | EF57: 2 | EG57: Общестроительные работы | EH57: 0 | EJ57: 1 | EK57: 26001 | EL57: Теплоизоляционные работы | EM57: ФЕР-26 | EO57: Поправка: МДС 81-35.2004, п.4.7 | EQ57: 0 | ER57: 973.32 | ES57: 831.38 | ET57: 16.43 | EU57: 2.9 | EV57: 125.51 | EW57: 14.36 | EX57: 0.25 | EY57: 0 | FQ57: 0 | FR57: =ROUND(IF(AND(BH57=3,BI57=3),P57,0),2) -> 0 | FS57: 0 | FT57: *0,9 | FU57: *0,85 | FX57: 90 | FY57: 59.5 | GD57: 0 | GF57: 1590775800 | GG57: 2 | GH57: 1 | GI57: -2 | GJ57: 0 | GK57: =ROUND(R57*(S12)/100,2) -> 0 | GL57: =ROUND(IF(AND(BH57=3,BI57=3,FS57<>0),P57,0),2) -> 0 | GM57: =ROUND(O57+X57+Y57+GK57,2)+GX57 -> 487.29 | GN57: =IF(OR(BI57=0,BI57=1),ROUND(O57+X57+Y57+GK57,2),0) -> 487.29 | GO57: =IF(BI57=2,ROUND(O57+X57+Y57+GK57,2),0) -> 0 | GP57: =IF(BI57=4,ROUND(O57+X57+Y57+GK57,2)+GX57,0) -> 0 | GR57: 0 | GS57: 0 | GT57: 0 | GV57: =ROUND(GT57,2) -> 0 | GW57: 1 | GX57: =ROUND(GV57*GW57*I57,2) -> 0 | HA57: 0 | HB57: 0 | IK57: 0
A58: 18 | B58: 1 | C58: 137 | E58: 13,1 | F58: 01.7.07.12-0022 | G58: Пленка полиэтиленовая толщиной 0,2-0,5 мм | H58: м2 | I58: =I56*J58 -> 46 | J58: 115 | O58: =ROUND(CP58,2) -> 560.74 | P58: =ROUND(CQ58*I58,2) -> 560.74 | Q58: =ROUND(CR58*I58,2) -> 0 | R58: =ROUND(CS58*I58,2) -> 0 | S58: =ROUND(CT58*I58,2) -> 0 | T58: =ROUND(CU58*I58,2) -> 0 | U58: =CV58*I58 -> 0 | V58: =CW58*I58 -> 0 | W58: =ROUND(CX58*I58,2) -> 0 | X58: =ROUND(CY58,2) -> 0 | Y58: =ROUND(CZ58,2) -> 0 | AA58: 27721505 | AB58: =ROUND((AC58+AD58+AF58),2) -> 12.19 | AC58: =ROUND((ES58),2) -> 12.19 | AD58: =ROUND((((ET58)-(EU58))+AE58),2) -> 0 | AE58: =ROUND((EU58),2) -> 0 | AF58: =ROUND((EV58),2) -> 0 | AG58: =ROUND((AP58),2) -> 0 | AH58: =(EW58) -> 0 | AI58: =(EX58) -> 0 | AJ58: =ROUND((AS58),2) -> 0 | AK58: 12.19 | AL58: 12.19 | AM58: 0 | AN58: 0 | AO58: 0 | AP58: 0 | AQ58: 0 | AR58: 0 | AS58: 0 | AT58: 90 | AU58: 60 | AV58: 1 | AW58: 1 | AZ58: 1 | BA58: 1 | BB58: 1 | BC58: 1 | BH58: 3 | BI58: 1 | BJ58: ФССЦ-2001, 01.7.07.12-0022, приказ Минстроя России №1039/пр от 30.12.2016г. | BM58: 26001 | BN58: 0 | BP58: 0 | BQ58: 2 | BR58: 0 | BS58: 1 | BT58: 1 | BU58: 1 | BV58: 1 | BW58: 1 | BX58: 1 | BZ58: 100 | CA58: 70 | CF58: 0 | CG58: 0 | CM58: 0 | CO58: 0 | CP58: =(P58+Q58+S58) -> 560.74 | CQ58: =AC58*BC58 -> 12.19 | CR58: =AD58*BB58 -> 0 | CS58: =AE58*BS58 -> 0 | CT58: =AF58*BA58 -> 0 | CU58: =AG58 -> 0 | CV58: =AH58 -> 0 | CW58: =AI58 -> 0 | CX58: =AJ58 -> 0 | CY58: =(((S58+R58)*AT58)/100) -> 0 | CZ58: =(((S58+R58)*AU58)/100) -> 0 | DN58: 0 | DO58: 0 | DP58: 1 | DQ58: 1 | DU58: 1005 | DV58: м2 | DW58: м2 | DX58: 1 | EE58: 27029063 | EF58: 2 | EG58: Общестроительные работы | EH58: 0 | EJ58: 1 | EK58: 26001 | EL58: Теплоизоляционные работы | EM58: ФЕР-26 | EQ58: 0 | ER58: 12.19 | ES58: 12.19 | ET58: 0 | EU58: 0 | EV58: 0 | EW58: 0 | EX58: 0 | FQ58: 0 | FR58: =ROUND(IF(AND(BH58=3,BI58=3),P58,0),2) -> 0 | FS58: 0 | FT58: *0,9 | FU58: *0,85 | FX58: 90 | FY58: 59.5 | GD58: 0 | GF58: -543550502 | GG58: 2 | GH58: 1 | GI58: -2 | GJ58: 0 | GK58: =ROUND(R58*(R12)/100,2) -> 0 | GL58: =ROUND(IF(AND(BH58=3,BI58=3,FS58<>0),P58,0),2) -> 0 | GM58: =ROUND(O58+X58+Y58+GK58,2)+GX58 -> 560.74 | GN58: =IF(OR(BI58=0,BI58=1),ROUND(O58+X58+Y58+GK58,2),0) -> 560.74 | GO58: =IF(BI58=2,ROUND(O58+X58+Y58+GK58,2),0) -> 0 | GP58: =IF(BI58=4,ROUND(O58+X58+Y58+GK58,2)+GX58,0) -> 0 | GR58: 0 | GS58: 3 | GT58: 0 | GV58: =ROUND(GT58,2) -> 0 | GW58: 1 | GX58: =ROUND(GV58*GW58*I58,2) -> 0 | HA58: 0 | HB58: 0 | IK58: 0
A59: 18 | B59: 1 | C59: 142 | E59: 13,1 | F59: 01.7.07.12-0022 | G59: Пленка полиэтиленовая толщиной 0,2-0,5 мм | H59: м2 | I59: =I57*J59 -> 46 | J59: 115 | O59: =ROUND(CP59,2) -> 560.74 | P59: =ROUND(CQ59*I59,2) -> 560.74 | Q59: =ROUND(CR59*I59,2) -> 0 | R59: =ROUND(CS59*I59,2) -> 0 | S59: =ROUND(CT59*I59,2) -> 0 | T59: =ROUND(CU59*I59,2) -> 0 | U59: =CV59*I59 -> 0 | V59: =CW59*I59 -> 0 | W59: =ROUND(CX59*I59,2) -> 0 | X59: =ROUND(CY59,2) -> 0 | Y59: =ROUND(CZ59,2) -> 0 | AA59: 27721504 | AB59: =ROUND((AC59+AD59+AF59),2) -> 12.19 | AC59: =ROUND((ES59),2) -> 12.19 | AD59: =ROUND((((ET59)-(EU59))+AE59),2) -> 0 | AE59: =ROUND((EU59),2) -> 0 | AF59: =ROUND((EV59),2) -> 0 | AG59: =ROUND((AP59),2) -> 0 | AH59: =(EW59) -> 0 | AI59: =(EX59) -> 0 | AJ59: =ROUND((AS59),2) -> 0 | AK59: 12.19 | AL59: 12.19 | AM59: 0 | AN59: 0 | AO59: 0 | AP59: 0 | AQ59: 0 | AR59: 0 | AS59: 0 | AT59: 90 | AU59: 60 | AV59: 1 | AW59: 1 | AZ59: 1 | BA59: 1 | BB59: 1 | BC59: 1 | BH59: 3 | BI59: 1 | BJ59: ФССЦ-2001, 01.7.07.12-0022, приказ Минстроя России №1039/пр от 30.12.2016г. | BM59: 26001 | BN59: 0 | BP59: 0 | BQ59: 2 | BR59: 0 | BS59: 1 | BT59: 1 | BU59: 1 | BV59: 1 | BW59: 1 | BX59: 1 | BZ59: 100 | CA59: 70 | CF59: 0 | CG59: 0 | CM59: 0 | CO59: 0 | CP59: =(P59+Q59+S59) -> 560.74 | CQ59: =AC59*BC59 -> 12.19 | CR59: =AD59*BB59 -> 0 | CS59: =AE59*BS59 -> 0 | CT59: =AF59*BA59 -> 0 | CU59: =AG59 -> 0 | CV59: =AH59 -> 0 | CW59: =AI59 -> 0 | CX59: =AJ59 -> 0 | CY59: =(((S59+R59)*AT59)/100) -> 0 | CZ59: =(((S59+R59)*AU59)/100) -> 0 | DN59: 0 | DO59: 0 | DP59: 1 | DQ59: 1 | DU59: 1005 | DV59: м2 | DW59: м2 | DX59: 1 | EE59: 27029063 | EF59: 2 | EG59: Общестроительные работы | EH59: 0 | EJ59: 1 | EK59: 26001 | EL59: Теплоизоляционные работы | EM59: ФЕР-26 | EQ59: 0 | ER59: 12.19 | ES59: 12.19 | ET59: 0 | EU59: 0 | EV59: 0 | EW59: 0 | EX59: 0 | FQ59: 0 | FR59: =ROUND(IF(AND(BH59=3,BI59=3),P59,0),2) -> 0 | FS59: 0 | FT59: *0,9 | FU59: *0,85 | FX59: 90 | FY59: 59.5 | GD59: 0 | GF59: -543550502 | GG59: 2 | GH59: 1 | GI59: -2 | GJ59: 0 | GK59: =ROUND(R59*(S12)/100,2) -> 0 | GL59: =ROUND(IF(AND(BH59=3,BI59=3,FS59<>0),P59,0),2) -> 0 | GM59: =ROUND(O59+X59+Y59+GK59,2)+GX59 -> 560.74 | GN59: =IF(OR(BI59=0,BI59=1),ROUND(O59+X59+Y59+GK59,2),0) -> 560.74 | GO59: =IF(BI59=2,ROUND(O59+X59+Y59+GK59,2),0) -> 0 | GP59: =IF(BI59=4,ROUND(O59+X59+Y59+GK59,2)+GX59,0) -> 0 | GR59: 0 | GS59: 0 | GT59: 0 | GV59: =ROUND(GT59,2) -> 0 | GW59: 1 | GX59: =ROUND(GV59*GW59*I59,2) -> 0 | HA59: 0 | HB59: 0 | IK59: 0
A60: 17 | B60: 1 | C60: =ROW(SmtRes!A150) -> 150 | D60: =ROW(EtalonRes!A166) -> 166 | E60: 14 | F60: 26-01-022-02 | G60: Изоляция плоских и криволинейных поверхностей штучными изделиями из пенополиуретана (плитами) | H60: м3 | I60: 8 | J60: 0 | O60: =ROUND(CP60,2) -> 7447.68 | P60: =ROUND(CQ60*I60,2) -> 5423.44 | Q60: =ROUND(CR60*I60,2) -> 275.52 | R60: =ROUND(CS60*I60,2) -> 46.4 | S60: =ROUND(CT60*I60,2) -> 1748.72 | T60: =ROUND(CU60*I60,2) -> 0 | U60: =CV60*I60 -> 202.4 | V60: =CW60*I60 -> 4 | W60: =ROUND(CX60*I60,2) -> 0 | X60: =ROUND(CY60,2) -> 1615.61 | Y60: =ROUND(CZ60,2) -> 1077.07 | AA60: 27721505 | AB60: =ROUND((AC60+AD60+AF60),2) -> 930.96 | AC60: =ROUND((ES60),2) -> 677.93 | AD60: =ROUND(((((ET60*1.25))-((EU60*1.25)))+AE60),2) -> 34.44 | AE60: =ROUND(((EU60*1.25)),2) -> 5.8 | AF60: =ROUND(((EV60*1.15)),2) -> 218.59 | AG60: =ROUND((AP60),2) -> 0 | AH60: =((EW60*1.15)) -> 25.3 | AI60: =((EX60*1.25)) -> 0.5 | AJ60: =ROUND((AS60),2) -> 0 | AK60: 895.56 | AL60: 677.93 | AM60: 27.55 | AN60: 4.64 | AO60: 190.08 | AP60: 0 | AQ60: 22 | AR60: 0.4 | AS60: 0 | AT60: 90 | AU60: 60 | AV60: 1 | AW60: 1 | AZ60: 1 | BA60: 1 | BB60: 1 | BC60: 1 | BH60: 0 | BI60: 1 | BJ60: ФЕР-2001, 26-01-022-02, приказ Минстроя России №1039/пр от 30.12.2016г. | BM60: 26001 | BN60: 0 | BP60: 0 | BQ60: 2 | BR60: 0 | BS60: 1 | BT60: 1 | BU60: 1 | BV60: 1 | BW60: 1 | BX60: 1 | BZ60: 100 | CA60: 70 | CF60: 0 | CG60: 0 | CM60: 0 | CN60: Поправка: МДС 81-35.2004, п.4.7 Наименование: Работы, выполняемые при реконструкции зданий и сооружений работы, аналогичные технологическим процессам в новом строительстве (в том числе возведение новых конструктивных элементов) стоимость которых определена по соответствующим сборникам ФЕР, кроме сборника № 46 «Работы при реконструкции зданий и сооружений» | CO60: 0 | CP60: =(P60+Q60+S60) -> 7447.68 | CQ60: =AC60*BC60 -> 677.93 | CR60: =AD60*BB60 -> 34.44 | CS60: =AE60*BS60 -> 5.8 | CT60: =AF60*BA60 -> 218.59 | CU60: =AG60 -> 0 | CV60: =AH60 -> 25.3 | CW60: =AI60 -> 0.5 | CX60: =AJ60 -> 0 | CY60: =(((S60+R60)*AT60)/100) -> 1615.608 | CZ60: =(((S60+R60)*AU60)/100) -> 1077.072 | DE60: )*1,25 | DF60: )*1,25 | DG60: )*1,15 | DI60: )*1,15 | DJ60: )*1,25 | DN60: 0 | DO60: 0 | DP60: 1 | DQ60: 1 | DU60: 1007 | DV60: м3 | DW60: м3 | DX60: 1 | EE60: 27029063 | EF60: 2 | EG60: Общестроительные работы | EH60: 0 | EJ60: 1 | EK60: 26001 | EL60: Теплоизоляционные работы | EM60: ФЕР-26 | EO60: Поправка: МДС 81-35.2004, п.4.7 | EQ60: 0 | ER60: 895.56 | ES60: 677.93 | ET60: 27.55 | EU60: 4.64 | EV60: 190.08 | EW60: 22 | EX60: 0.4 | EY60: 0 | FQ60: 0 | FR60: =ROUND(IF(AND(BH60=3,BI60=3),P60,0),2) -> 0 | FS60: 0 | FT60: *0,9 | FU60: *0,85 | FX60: 90 | FY60: 59.5 | GD60: 0 | GF60: -1616721765 | GG60: 2 | GH60: 1 | GI60: -2 | GJ60: 0 | GK60: =ROUND(R60*(R12)/100,2) -> 0 | GL60: =ROUND(IF(AND(BH60=3,BI60=3,FS60<>0),P60,0),2) -> 0 | GM60: =ROUND(O60+X60+Y60+GK60,2)+GX60 -> 10140.36 | GN60: =IF(OR(BI60=0,BI60=1),ROUND(O60+X60+Y60+GK60,2),0) -> 10140.36 | GO60: =IF(BI60=2,ROUND(O60+X60+Y60+GK60,2),0) -> 0 | GP60: =IF(BI60=4,ROUND(O60+X60+Y60+GK60,2)+GX60,0) -> 0 | GR60: 0 | GS60: 3 | GT60: 0 | GV60: =ROUND(GT60,2) -> 0 | GW60: 1 | GX60: =ROUND(GV60*GW60*I60,2) -> 0 | HA60: 0 | HB60: 0 | IK60: 0
A61: 17 | B61: 1 | C61: =ROW(SmtRes!A158) -> 158 | D61: =ROW(EtalonRes!A174) -> 174 | E61: 14 | F61: 26-01-022-02 | G61: Изоляция плоских и криволинейных поверхностей штучными изделиями из пенополиуретана (плитами) | H61: м3 | I61: 8 | J61: 0 | O61: =ROUND(CP61,2) -> 7447.68 | P61: =ROUND(CQ61*I61,2) -> 5423.44 | Q61: =ROUND(CR61*I61,2) -> 275.52 | R61: =ROUND(CS61*I61,2) -> 46.4 | S61: =ROUND(CT61*I61,2) -> 1748.72 | T61: =ROUND(CU61*I61,2) -> 0 | U61: =CV61*I61 -> 202.4 | V61: =CW61*I61 -> 4 | W61: =ROUND(CX61*I61,2) -> 0 | X61: =ROUND(CY61,2) -> 1615.61 | Y61: =ROUND(CZ61,2) -> 1077.07 | AA61: 27721504 | AB61: =ROUND((AC61+AD61+AF61),2) -> 930.96 | AC61: =ROUND((ES61),2) -> 677.93 | AD61: =ROUND(((((ET61*1.25))-((EU61*1.25)))+AE61),2) -> 34.44 | AE61: =ROUND(((EU61*1.25)),2) -> 5.8 | AF61: =ROUND(((EV61*1.15)),2) -> 218.59 | AG61: =ROUND((AP61),2) -> 0 | AH61: =((EW61*1.15)) -> 25.3 | AI61: =((EX61*1.25)) -> 0.5 | AJ61: =ROUND((AS61),2) -> 0 | AK61: 895.56 | AL61: 677.93 | AM61: 27.55 | AN61: 4.64 | AO61: 190.08 | AP61: 0 | AQ61: 22 | AR61: 0.4 | AS61: 0 | AT61: 90 | AU61: 60 | AV61: 1 | AW61: 1 | AZ61: 1 | BA61: 1 | BB61: 1 | BC61: 1 | BH61: 0 | BI61: 1 | BJ61: ФЕР-2001, 26-01-022-02, приказ Минстроя России №1039/пр от 30.12.2016г. | BM61: 26001 | BN61: 0 | BP61: 0 | BQ61: 2 | BR61: 0 | BS61: 1 | BT61: 1 | BU61: 1 | BV61: 1 | BW61: 1 | BX61: 1 | BZ61: 100 | CA61: 70 | CF61: 0 | CG61: 0 | CM61: 0 | CN61: Поправка: МДС 81-35.2004, п.4.7 Наименование: Работы, выполняемые при реконструкции зданий и сооружений работы, аналогичные технологическим процессам в новом строительстве (в том числе возведение новых конструктивных элементов) стоимость которых определена по соответствующим сборникам ФЕР, кроме сборника № 46 «Работы при реконструкции зданий и сооружений» | CO61: 0 | CP61: =(P61+Q61+S61) -> 7447.68 | CQ61: =AC61*BC61 -> 677.93 | CR61: =AD61*BB61 -> 34.44 | CS61: =AE61*BS61 -> 5.8 | CT61: =AF61*BA61 -> 218.59 | CU61: =AG61 -> 0 | CV61: =AH61 -> 25.3 | CW61: =AI61 -> 0.5 | CX61: =AJ61 -> 0 | CY61: =(((S61+R61)*AT61)/100) -> 1615.608 | CZ61: =(((S61+R61)*AU61)/100) -> 1077.072 | DE61: )*1,25 | DF61: )*1,25 | DG61: )*1,15 | DI61: )*1,15 | DJ61: )*1,25 | DN61: 0 | DO61: 0 | DP61: 1 | DQ61: 1 | DU61: 1007 | DV61: м3 | DW61: м3 | DX61: 1 | EE61: 27029063 | EF61: 2 | EG61: Общестроительные работы | EH61: 0 | EJ61: 1 | EK61: 26001 | EL61: Теплоизоляционные работы | EM61: ФЕР-26 | EO61: Поправка: МДС 81-35.2004, п.4.7 | EQ61: 0 | ER61: 895.56 | ES61: 677.93 | ET61: 27.55 | EU61: 4.64 | EV61: 190.08 | EW61: 22 | EX61: 0.4 | EY61: 0 | FQ61: 0 | FR61: =ROUND(IF(AND(BH61=3,BI61=3),P61,0),2) -> 0 | FS61: 0 | FT61: *0,9 | FU61: *0,85 | FX61: 90 | FY61: 59.5 | GD61: 0 | GF61: -1616721765 | GG61: 2 | GH61: 1 | GI61: -2 | GJ61: 0 | GK61: =ROUND(R61*(S12)/100,2) -> 0 | GL61: =ROUND(IF(AND(BH61=3,BI61=3,FS61<>0),P61,0),2) -> 0 | GM61: =ROUND(O61+X61+Y61+GK61,2)+GX61 -> 10140.36 | GN61: =IF(OR(BI61=0,BI61=1),ROUND(O61+X61+Y61+GK61,2),0) -> 10140.36 | GO61: =IF(BI61=2,ROUND(O61+X61+Y61+GK61,2),0) -> 0 | GP61: =IF(BI61=4,ROUND(O61+X61+Y61+GK61,2)+GX61,0) -> 0 | GR61: 0 | GS61: 0 | GT61: 0 | GV61: =ROUND(GT61,2) -> 0 | GW61: 1 | GX61: =ROUND(GV61*GW61*I61,2) -> 0 | HA61: 0 | HB61: 0 | IK61: 0
A62: 18 | B62: 1 | C62: 149 | E62: 14,1 | F62: 12.2.01.09-0021 | G62: Изделия с покровным материалом на основе алюминиевой фольги дублированной, приклеенной к теплоизоляционному слою марки 75, толщина 60 мм | H62: м3 | I62: =I60*J62 -> 8.4 | J62: 1.05 | O62: =ROUND(CP62,2) -> 9655.38 | P62: =ROUND(CQ62*I62,2) -> 9655.38 | Q62: =ROUND(CR62*I62,2) -> 0 | R62: =ROUND(CS62*I62,2) -> 0 | S62: =ROUND(CT62*I62,2) -> 0 | T62: =ROUND(CU62*I62,2) -> 0 | U62: =CV62*I62 -> 0 | V62: =CW62*I62 -> 0 | W62: =ROUND(CX62*I62,2) -> 0 | X62: =ROUND(CY62,2) -> 0 | Y62: =ROUND(CZ62,2) -> 0 | AA62: 27721505 | AB62: =ROUND((AC62+AD62+AF62),2) -> 1149.45 | AC62: =ROUND((ES62),2) -> 1149.45 | AD62: =ROUND((((ET62)-(EU62))+AE62),2) -> 0 | AE62: =ROUND((EU62),2) -> 0 | AF62: =ROUND((EV62),2) -> 0 | AG62: =ROUND((AP62),2) -> 0 | AH62: =(EW62) -> 0 | AI62: =(EX62) -> 0 | AJ62: =ROUND((AS62),2) -> 0 | AK62: 1149.45 | AL62: 1149.45 | AM62: 0 | AN62: 0 | AO62: 0 | AP62: 0 | AQ62: 0 | AR62: 0 | AS62: 0 | AT62: 90 | AU62: 60 | AV62: 1 | AW62: 1 | AZ62: 1 | BA62: 1 | BB62: 1 | BC62: 1 | BH62: 3 | BI62: 1 | BJ62: ФССЦ-2001, 12.2.01.09-0021, приказ Минстроя России №1039/пр от 30.12.2016г. | BM62: 26001 | BN62: 0 | BP62: 0 | BQ62: 2 | BR62: 0 | BS62: 1 | BT62: 1 | BU62: 1 | BV62: 1 | BW62: 1 | BX62: 1 | BZ62: 100 | CA62: 70 | CF62: 0 | CG62: 0 | CM62: 0 | CO62: 0 | CP62: =(P62+Q62+S62) -> 9655.38 | CQ62: =AC62*BC62 -> 1149.45 | CR62: =AD62*BB62 -> 0 | CS62: =AE62*BS62 -> 0 | CT62: =AF62*BA62 -> 0 | CU62: =AG62 -> 0 | CV62: =AH62 -> 0 | CW62: =AI62 -> 0 | CX62: =AJ62 -> 0 | CY62: =(((S62+R62)*AT62)/100) -> 0 | CZ62: =(((S62+R62)*AU62)/100) -> 0 | DN62: 0 | DO62: 0 | DP62: 1 | DQ62: 1 | DU62: 1007 | DV62: м3 | DW62: м3 | DX62: 1 | EE62: 27029063 | EF62: 2 | EG62: Общестроительные работы | EH62: 0 | EJ62: 1 | EK62: 26001 | EL62: Теплоизоляционные работы | EM62: ФЕР-26 | EQ62: 0 | ER62: 1149.45 | ES62: 1149.45 | ET62: 0 | EU62: 0 | EV62: 0 | EW62: 0 | EX62: 0 | FQ62: 0 | FR62: =ROUND(IF(AND(BH62=3,BI62=3),P62,0),2) -> 0 | FS62: 0 | FT62: *0,9 | FU62: *0,85 | FX62: 90 | FY62: 59.5 | GD62: 0 | GF62: -1337485777 | GG62: 2 | GH62: 1 | GI62: -2 | GJ62: 0 | GK62: =ROUND(R62*(R12)/100,2) -> 0 | GL62: =ROUND(IF(AND(BH62=3,BI62=3,FS62<>0),P62,0),2) -> 0 | GM62: =ROUND(O62+X62+Y62+GK62,2)+GX62 -> 9655.38 | GN62: =IF(OR(BI62=0,BI62=1),ROUND(O62+X62+Y62+GK62,2),0) -> 9655.38 | GO62: =IF(BI62=2,ROUND(O62+X62+Y62+GK62,2),0) -> 0 | GP62: =IF(BI62=4,ROUND(O62+X62+Y62+GK62,2)+GX62,0) -> 0 | GR62: 0 | GS62: 3 | GT62: 0 | GV62: =ROUND(GT62,2) -> 0 | GW62: 1 | GX62: =ROUND(GV62*GW62*I62,2) -> 0 | HA62: 0 | HB62: 0 | IK62: 0
A63: 18 | B63: 1 | C63: 157 | E63: 14,1 | F63: 12.2.01.09-0021 | G63: Изделия с покровным материалом на основе алюминиевой фольги дублированной, приклеенной к теплоизоляционному слою марки 75, толщина 60 мм | H63: м3 | I63: =I61*J63 -> 8.4 | J63: 1.05 | O63: =ROUND(CP63,2) -> 9655.38 | P63: =ROUND(CQ63*I63,2) -> 9655.38 | Q63: =ROUND(CR63*I63,2) -> 0 | R63: =ROUND(CS63*I63,2) -> 0 | S63: =ROUND(CT63*I63,2) -> 0 | T63: =ROUND(CU63*I63,2) -> 0 | U63: =CV63*I63 -> 0 | V63: =CW63*I63 -> 0 | W63: =ROUND(CX63*I63,2) -> 0 | X63: =ROUND(CY63,2) -> 0 | Y63: =ROUND(CZ63,2) -> 0 | AA63: 27721504 | AB63: =ROUND((AC63+AD63+AF63),2) -> 1149.45 | AC63: =ROUND((ES63),2) -> 1149.45 | AD63: =ROUND((((ET63)-(EU63))+AE63),2) -> 0 | AE63: =ROUND((EU63),2) -> 0 | AF63: =ROUND((EV63),2) -> 0 | AG63: =ROUND((AP63),2) -> 0 | AH63: =(EW63) -> 0 | AI63: =(EX63) -> 0 | AJ63: =ROUND((AS63),2) -> 0 | AK63: 1149.45 | AL63: 1149.45 | AM63: 0 | AN63: 0 | AO63: 0 | AP63: 0 | AQ63: 0 | AR63: 0 | AS63: 0 | AT63: 90 | AU63: 60 | AV63: 1 | AW63: 1 | AZ63: 1 | BA63: 1 | BB63: 1 | BC63: 1 | BH63: 3 | BI63: 1 | BJ63: ФССЦ-2001, 12.2.01.09-0021, приказ Минстроя России №1039/пр от 30.12.2016г. | BM63: 26001 | BN63: 0 | BP63: 0 | BQ63: 2 | BR63: 0 | BS63: 1 | BT63: 1 | BU63: 1 | BV63: 1 | BW63: 1 | BX63: 1 | BZ63: 100 | CA63: 70 | CF63: 0 | CG63: 0 | CM63: 0 | CO63: 0 | CP63: =(P63+Q63+S63) -> 9655.38 | CQ63: =AC63*BC63 -> 1149.45 | CR63: =AD63*BB63 -> 0 | CS63: =AE63*BS63 -> 0 | CT63: =AF63*BA63 -> 0 | CU63: =AG63 -> 0 | CV63: =AH63 -> 0 | CW63: =AI63 -> 0 | CX63: =AJ63 -> 0 | CY63: =(((S63+R63)*AT63)/100) -> 0 | CZ63: =(((S63+R63)*AU63)/100) -> 0 | DN63: 0 | DO63: 0 | DP63: 1 | DQ63: 1 | DU63: 1007 | DV63: м3 | DW63: м3 | DX63: 1 | EE63: 27029063 | EF63: 2 | EG63: Общестроительные работы | EH63: 0 | EJ63: 1 | EK63: 26001 | EL63: Теплоизоляционные работы | EM63: ФЕР-26 | EQ63: 0 | ER63: 1149.45 | ES63: 1149.45 | ET63: 0 | EU63: 0 | EV63: 0 | EW63: 0 | EX63: 0 | FQ63: 0 | FR63: =ROUND(IF(AND(BH63=3,BI63=3),P63,0),2) -> 0 | FS63: 0 | FT63: *0,9 | FU63: *0,85 | FX63: 90 | FY63: 59.5 | GD63: 0 | GF63: -1337485777 | GG63: 2 | GH63: 1 | GI63: -2 | GJ63: 0 | GK63: =ROUND(R63*(S12)/100,2) -> 0 | GL63: =ROUND(IF(AND(BH63=3,BI63=3,FS63<>0),P63,0),2) -> 0 | GM63: =ROUND(O63+X63+Y63+GK63,2)+GX63 -> 9655.38 | GN63: =IF(OR(BI63=0,BI63=1),ROUND(O63+X63+Y63+GK63,2),0) -> 9655.38 | GO63: =IF(BI63=2,ROUND(O63+X63+Y63+GK63,2),0) -> 0 | GP63: =IF(BI63=4,ROUND(O63+X63+Y63+GK63,2)+GX63,0) -> 0 | GR63: 0 | GS63: 0 | GT63: 0 | GV63: =ROUND(GT63,2) -> 0 | GW63: 1 | GX63: =ROUND(GV63*GW63*I63,2) -> 0 | HA63: 0 | HB63: 0 | IK63: 0
A64: 17 | B64: 1 | C64: =ROW(SmtRes!A164) -> 164 | D64: =ROW(EtalonRes!A180) -> 180 | E64: 15 | F64: 06-01-015-10 | G64: Армирование подстилающих слоев | H64: т | I64: 0.1 | J64: 0 | O64: =ROUND(CP64,2) -> 45.49 | P64: =ROUND(CQ64*I64,2) -> 28.56 | Q64: =ROUND(CR64*I64,2) -> 4.05 | R64: =ROUND(CS64*I64,2) -> 0.59 | S64: =ROUND(CT64*I64,2) -> 12.88 | T64: =ROUND(CU64*I64,2) -> 0 | U64: =CV64*I64 -> 1.4536 | V64: =CW64*I64 -> 0.0475 | W64: =ROUND(CX64*I64,2) -> 0 | X64: =ROUND(CY64,2) -> 12.8 | Y64: =ROUND(CZ64,2) -> 7.41 | AA64: 27721505 | AB64: =ROUND((AC64+AD64+AF64),2) -> 454.87 | AC64: =ROUND((ES64),2) -> 285.6 | AD64: =ROUND(((((ET64*1.25))-((EU64*1.25)))+AE64),2) -> 40.48 | AE64: =ROUND(((EU64*1.25)),2) -> 5.89 | AF64: =ROUND(((EV64*1.15)),2) -> 128.79 | AG64: =ROUND((AP64),2) -> 0 | AH64: =((EW64*1.15)) -> 14.536 | AI64: =((EX64*1.25)) -> 0.475 | AJ64: =ROUND((AS64),2) -> 0 | AK64: 429.97 | AL64: 285.6 | AM64: 32.38 | AN64: 4.71 | AO64: 111.99 | AP64: 0 | AQ64: 12.64 | AR64: 0.38 | AS64: 0 | AT64: 95 | AU64: 55 | AV64: 1 | AW64: 1 | AZ64: 1 | BA64: 1 | BB64: 1 | BC64: 1 | BH64: 0 | BI64: 1 | BJ64: ФЕР-2001, 06-01-015-10, приказ Минстроя России №1039/пр от 30.12.2016г. | BM64: 6001 | BN64: 0 | BP64: 0 | BQ64: 2 | BR64: 0 | BS64: 1 | BT64: 1 | BU64: 1 | BV64: 1 | BW64: 1 | BX64: 1 | BZ64: 105 | CA64: 65 | CF64: 0 | CG64: 0 | CM64: 0 | CN64: Поправка: МДС 81-35.2004, п.4.7 Наименование: Работы, выполняемые при реконструкции зданий и сооружений работы, аналогичные технологическим процессам в новом строительстве (в том числе возведение новых конструктивных элементов) стоимость которых определена по соответствующим сборникам ФЕР, кроме сборника № 46 «Работы при реконструкции зданий и сооружений» | CO64: 0 | CP64: =(P64+Q64+S64) -> 45.49 | CQ64: =AC64*BC64 -> 285.6 | CR64: =AD64*BB64 -> 40.48 | CS64: =AE64*BS64 -> 5.89 | CT64: =AF64*BA64 -> 128.79 | CU64: =AG64 -> 0 | CV64: =AH64 -> 14.536 | CW64: =AI64 -> 0.475 | CX64: =AJ64 -> 0 | CY64: =(((S64+R64)*AT64)/100) -> 12.7965 | CZ64: =(((S64+R64)*AU64)/100) -> 7.4085 | DE64: )*1,25 | DF64: )*1,25 | DG64: )*1,15 | DI64: )*1,15 | DJ64: )*1,25 | DN64: 0 | DO64: 0 | DP64: 1 | DQ64: 1 | DU64: 1009 | DV64: т | DW64: т | DX64: 1000 | EE64: 27029010 | EF64: 2 | EG64: Общестроительные работы | EH64: 0 | EJ64: 1 | EK64: 6001 | EL64: Монолитные бетонные и железобетонные конструкции в промышленном строительстве | EM64: ФЕР-06 | EO64: Поправка: МДС 81-35.2004, п.4.7 | EQ64: 0 | ER64: 429.97 | ES64: 285.6 | ET64: 32.38 | EU64: 4.71 | EV64: 111.99 | EW64: 12.64 | EX64: 0.38 | EY64: 0 | FQ64: 0 | FR64: =ROUND(IF(AND(BH64=3,BI64=3),P64,0),2) -> 0 | FS64: 0 | FT64: *0,9 | FU64: *0,85 | FX64: 94.5 | FY64: 55.25 | GD64: 0 | GF64: 1710702400 | GG64: 2 | GH64: 1 | GI64: -2 | GJ64: 0 | GK64: =ROUND(R64*(R12)/100,2) -> 0 | GL64: =ROUND(IF(AND(BH64=3,BI64=3,FS64<>0),P64,0),2) -> 0 | GM64: =ROUND(O64+X64+Y64+GK64,2)+GX64 -> 65.7 | GN64: =IF(OR(BI64=0,BI64=1),ROUND(O64+X64+Y64+GK64,2),0) -> 65.7 | GO64: =IF(BI64=2,ROUND(O64+X64+Y64+GK64,2),0) -> 0 | GP64: =IF(BI64=4,ROUND(O64+X64+Y64+GK64,2)+GX64,0) -> 0 | GR64: 0 | GS64: 3 | GT64: 0 | GV64: =ROUND(GT64,2) -> 0 | GW64: 1 | GX64: =ROUND(GV64*GW64*I64,2) -> 0 | HA64: 0 | HB64: 0 | IK64: 0
A65: 17 | B65: 1 | C65: =ROW(SmtRes!A170) -> 170 | D65: =ROW(EtalonRes!A186) -> 186 | E65: 15 | F65: 06-01-015-10 | G65: Армирование подстилающих слоев | H65: т | I65: 0.1 | J65: 0 | O65: =ROUND(CP65,2) -> 45.49 | P65: =ROUND(CQ65*I65,2) -> 28.56 | Q65: =ROUND(CR65*I65,2) -> 4.05 | R65: =ROUND(CS65*I65,2) -> 0.59 | S65: =ROUND(CT65*I65,2) -> 12.88 | T65: =ROUND(CU65*I65,2) -> 0 | U65: =CV65*I65 -> 1.4536 | V65: =CW65*I65 -> 0.0475 | W65: =ROUND(CX65*I65,2) -> 0 | X65: =ROUND(CY65,2) -> 12.8 | Y65: =ROUND(CZ65,2) -> 7.41 | AA65: 27721504 | AB65: =ROUND((AC65+AD65+AF65),2) -> 454.87 | AC65: =ROUND((ES65),2) -> 285.6 | AD65: =ROUND(((((ET65*1.25))-((EU65*1.25)))+AE65),2) -> 40.48 | AE65: =ROUND(((EU65*1.25)),2) -> 5.89 | AF65: =ROUND(((EV65*1.15)),2) -> 128.79 | AG65: =ROUND((AP65),2) -> 0 | AH65: =((EW65*1.15)) -> 14.536 | AI65: =((EX65*1.25)) -> 0.475 | AJ65: =ROUND((AS65),2) -> 0 | AK65: 429.97 | AL65: 285.6 | AM65: 32.38 | AN65: 4.71 | AO65: 111.99 | AP65: 0 | AQ65: 12.64 | AR65: 0.38 | AS65: 0 | AT65: 95 | AU65: 55 | AV65: 1 | AW65: 1 | AZ65: 1 | BA65: 1 | BB65: 1 | BC65: 1 | BH65: 0 | BI65: 1 | BJ65: ФЕР-2001, 06-01-015-10, приказ Минстроя России №1039/пр от 30.12.2016г. | BM65: 6001 | BN65: 0 | BP65: 0 | BQ65: 2 | BR65: 0 | BS65: 1 | BT65: 1 | BU65: 1 | BV65: 1 | BW65: 1 | BX65: 1 | BZ65: 105 | CA65: 65 | CF65: 0 | CG65: 0 | CM65: 0 | CN65: Поправка: МДС 81-35.2004, п.4.7 Наименование: Работы, выполняемые при реконструкции зданий и сооружений работы, аналогичные технологическим процессам в новом строительстве (в том числе возведение новых конструктивных элементов) стоимость которых определена по соответствующим сборникам ФЕР, кроме сборника № 46 «Работы при реконструкции зданий и сооружений» | CO65: 0 | CP65: =(P65+Q65+S65) -> 45.49 | CQ65: =AC65*BC65 -> 285.6 | CR65: =AD65*BB65 -> 40.48 | CS65: =AE65*BS65 -> 5.89 | CT65: =AF65*BA65 -> 128.79 | CU65: =AG65 -> 0 | CV65: =AH65 -> 14.536 | CW65: =AI65 -> 0.475 | CX65: =AJ65 -> 0 | CY65: =(((S65+R65)*AT65)/100) -> 12.7965 | CZ65: =(((S65+R65)*AU65)/100) -> 7.4085 | DE65: )*1,25 | DF65: )*1,25 | DG65: )*1,15 | DI65: )*1,15 | DJ65: )*1,25 | DN65: 0 | DO65: 0 | DP65: 1 | DQ65: 1 | DU65: 1009 | DV65: т | DW65: т | DX65: 1000 | EE65: 27029010 | EF65: 2 | EG65: Общестроительные работы | EH65: 0 | EJ65: 1 | EK65: 6001 | EL65: Монолитные бетонные и железобетонные конструкции в промышленном строительстве | EM65: ФЕР-06 | EO65: Поправка: МДС 81-35.2004, п.4.7 | EQ65: 0 | ER65: 429.97 | ES65: 285.6 | ET65: 32.38 | EU65: 4.71 | EV65: 111.99 | EW65: 12.64 | EX65: 0.38 | EY65: 0 | FQ65: 0 | FR65: =ROUND(IF(AND(BH65=3,BI65=3),P65,0),2) -> 0 | FS65: 0 | FT65: *0,9 | FU65: *0,85 | FX65: 94.5 | FY65: 55.25 | GD65: 0 | GF65: 1710702400 | GG65: 2 | GH65: 1 | GI65: -2 | GJ65: 0 | GK65: =ROUND(R65*(S12)/100,2) -> 0 | GL65: =ROUND(IF(AND(BH65=3,BI65=3,FS65<>0),P65,0),2) -> 0 | GM65: =ROUND(O65+X65+Y65+GK65,2)+GX65 -> 65.7 | GN65: =IF(OR(BI65=0,BI65=1),ROUND(O65+X65+Y65+GK65,2),0) -> 65.7 | GO65: =IF(BI65=2,ROUND(O65+X65+Y65+GK65,2),0) -> 0 | GP65: =IF(BI65=4,ROUND(O65+X65+Y65+GK65,2)+GX65,0) -> 0 | GR65: 0 | GS65: 0 | GT65: 0 | GV65: =ROUND(GT65,2) -> 0 | GW65: 1 | GX65: =ROUND(GV65*GW65*I65,2) -> 0 | HA65: 0 | HB65: 0 | IK65: 0
A66: 18 | B66: 1 | C66: 163 | E66: 15,1 | F66: 08.1.02.17-0081 | G66: Сетка сварная из арматурной проволоки диаметром 3,0 мм, без покрытия, 50х50 мм | H66: м2 | I66: =I64*J66 -> 40 | J66: 400 | O66: =ROUND(CP66,2) -> 811.6 | P66: =ROUND(CQ66*I66,2) -> 811.6 | Q66: =ROUND(CR66*I66,2) -> 0 | R66: =ROUND(CS66*I66,2) -> 0 | S66: =ROUND(CT66*I66,2) -> 0 | T66: =ROUND(CU66*I66,2) -> 0 | U66: =CV66*I66 -> 0 | V66: =CW66*I66 -> 0 | W66: =ROUND(CX66*I66,2) -> 0 | X66: =ROUND(CY66,2) -> 0 | Y66: =ROUND(CZ66,2) -> 0 | AA66: 27721505 | AB66: =ROUND((AC66+AD66+AF66),2) -> 20.29 | AC66: =ROUND((ES66),2) -> 20.29 | AD66: =ROUND((((ET66)-(EU66))+AE66),2) -> 0 | AE66: =ROUND((EU66),2) -> 0 | AF66: =ROUND((EV66),2) -> 0 | AG66: =ROUND((AP66),2) -> 0 | AH66: =(EW66) -> 0 | AI66: =(EX66) -> 0 | AJ66: =ROUND((AS66),2) -> 0 | AK66: 20.29 | AL66: 20.29 | AM66: 0 | AN66: 0 | AO66: 0 | AP66: 0 | AQ66: 0 | AR66: 0 | AS66: 0 | AT66: 95 | AU66: 55 | AV66: 1 | AW66: 1 | AZ66: 1 | BA66: 1 | BB66: 1 | BC66: 1 | BH66: 3 | BI66: 1 | BJ66: ФССЦ-2001, 08.1.02.17-0081, приказ Минстроя России №1039/пр от 30.12.2016г. | BM66: 6001 | BN66: 0 | BP66: 0 | BQ66: 2 | BR66: 0 | BS66: 1 | BT66: 1 | BU66: 1 | BV66: 1 | BW66: 1 | BX66: 1 | BZ66: 105 | CA66: 65 | CF66: 0 | CG66: 0 | CM66: 0 | CO66: 0 | CP66: =(P66+Q66+S66) -> 811.6 | CQ66: =AC66*BC66 -> 20.29 | CR66: =AD66*BB66 -> 0 | CS66: =AE66*BS66 -> 0 | CT66: =AF66*BA66 -> 0 | CU66: =AG66 -> 0 | CV66: =AH66 -> 0 | CW66: =AI66 -> 0 | CX66: =AJ66 -> 0 | CY66: =(((S66+R66)*AT66)/100) -> 0 | CZ66: =(((S66+R66)*AU66)/100) -> 0 | DN66: 0 | DO66: 0 | DP66: 1 | DQ66: 1 | DU66: 1005 | DV66: м2 | DW66: м2 | DX66: 1 | EE66: 27029010 | EF66: 2 | EG66: Общестроительные работы | EH66: 0 | EJ66: 1 | EK66: 6001 | EL66: Монолитные бетонные и железобетонные конструкции в промышленном строительстве | EM66: ФЕР-06 | EQ66: 0 | ER66: 20.29 | ES66: 20.29 | ET66: 0 | EU66: 0 | EV66: 0 | EW66: 0 | EX66: 0 | FQ66: 0 | FR66: =ROUND(IF(AND(BH66=3,BI66=3),P66,0),2) -> 0 | FS66: 0 | FT66: *0,9 | FU66: *0,85 | FX66: 94.5 | FY66: 55.25 | GD66: 0 | GF66: -551475679 | GG66: 2 | GH66: 1 | GI66: -2 | GJ66: 0 | GK66: =ROUND(R66*(R12)/100,2) -> 0 | GL66: =ROUND(IF(AND(BH66=3,BI66=3,FS66<>0),P66,0),2) -> 0 | GM66: =ROUND(O66+X66+Y66+GK66,2)+GX66 -> 811.6 | GN66: =IF(OR(BI66=0,BI66=1),ROUND(O66+X66+Y66+GK66,2),0) -> 811.6 | GO66: =IF(BI66=2,ROUND(O66+X66+Y66+GK66,2),0) -> 0 | GP66: =IF(BI66=4,ROUND(O66+X66+Y66+GK66,2)+GX66,0) -> 0 | GR66: 0 | GS66: 3 | GT66: 0 | GV66: =ROUND(GT66,2) -> 0 | GW66: 1 | GX66: =ROUND(GV66*GW66*I66,2) -> 0 | HA66: 0 | HB66: 0 | IK66: 0
A67: 18 | B67: 1 | C67: 169 | E67: 15,1 | F67: 08.1.02.17-0081 | G67: Сетка сварная из арматурной проволоки диаметром 3,0 мм, без покрытия, 50х50 мм | H67: м2 | I67: =I65*J67 -> 40 | J67: 400 | O67: =ROUND(CP67,2) -> 811.6 | P67: =ROUND(CQ67*I67,2) -> 811.6 | Q67: =ROUND(CR67*I67,2) -> 0 | R67: =ROUND(CS67*I67,2) -> 0 | S67: =ROUND(CT67*I67,2) -> 0 | T67: =ROUND(CU67*I67,2) -> 0 | U67: =CV67*I67 -> 0 | V67: =CW67*I67 -> 0 | W67: =ROUND(CX67*I67,2) -> 0 | X67: =ROUND(CY67,2) -> 0 | Y67: =ROUND(CZ67,2) -> 0 | AA67: 27721504 | AB67: =ROUND((AC67+AD67+AF67),2) -> 20.29 | AC67: =ROUND((ES67),2) -> 20.29 | AD67: =ROUND((((ET67)-(EU67))+AE67),2) -> 0 | AE67: =ROUND((EU67),2) -> 0 | AF67: =ROUND((EV67),2) -> 0 | AG67: =ROUND((AP67),2) -> 0 | AH67: =(EW67) -> 0 | AI67: =(EX67) -> 0 | AJ67: =ROUND((AS67),2) -> 0 | AK67: 20.29 | AL67: 20.29 | AM67: 0 | AN67: 0 | AO67: 0 | AP67: 0 | AQ67: 0 | AR67: 0 | AS67: 0 | AT67: 95 | AU67: 55 | AV67: 1 | AW67: 1 | AZ67: 1 | BA67: 1 | BB67: 1 | BC67: 1 | BH67: 3 | BI67: 1 | BJ67: ФССЦ-2001, 08.1.02.17-0081, приказ Минстроя России №1039/пр от 30.12.2016г. | BM67: 6001 | BN67: 0 | BP67: 0 | BQ67: 2 | BR67: 0 | BS67: 1 | BT67: 1 | BU67: 1 | BV67: 1 | BW67: 1 | BX67: 1 | BZ67: 105 | CA67: 65 | CF67: 0 | CG67: 0 | CM67: 0 | CO67: 0 | CP67: =(P67+Q67+S67) -> 811.6 | CQ67: =AC67*BC67 -> 20.29 | CR67: =AD67*BB67 -> 0 | CS67: =AE67*BS67 -> 0 | CT67: =AF67*BA67 -> 0 | CU67: =AG67 -> 0 | CV67: =AH67 -> 0 | CW67: =AI67 -> 0 | CX67: =AJ67 -> 0 | CY67: =(((S67+R67)*AT67)/100) -> 0 | CZ67: =(((S67+R67)*AU67)/100) -> 0 | DN67: 0 | DO67: 0 | DP67: 1 | DQ67: 1 | DU67: 1005 | DV67: м2 | DW67: м2 | DX67: 1 | EE67: 27029010 | EF67: 2 | EG67: Общестроительные работы | EH67: 0 | EJ67: 1 | EK67: 6001 | EL67: Монолитные бетонные и железобетонные конструкции в промышленном строительстве | EM67: ФЕР-06 | EQ67: 0 | ER67: 20.29 | ES67: 20.29 | ET67: 0 | EU67: 0 | EV67: 0 | EW67: 0 | EX67: 0 | FQ67: 0 | FR67: =ROUND(IF(AND(BH67=3,BI67=3),P67,0),2) -> 0 | FS67: 0 | FT67: *0,9 | FU67: *0,85 | FX67: 94.5 | FY67: 55.25 | GD67: 0 | GF67: -551475679 | GG67: 2 | GH67: 1 | GI67: -2 | GJ67: 0 | GK67: =ROUND(R67*(S12)/100,2) -> 0 | GL67: =ROUND(IF(AND(BH67=3,BI67=3,FS67<>0),P67,0),2) -> 0 | GM67: =ROUND(O67+X67+Y67+GK67,2)+GX67 -> 811.6 | GN67: =IF(OR(BI67=0,BI67=1),ROUND(O67+X67+Y67+GK67,2),0) -> 811.6 | GO67: =IF(BI67=2,ROUND(O67+X67+Y67+GK67,2),0) -> 0 | GP67: =IF(BI67=4,ROUND(O67+X67+Y67+GK67,2)+GX67,0) -> 0 | GR67: 0 | GS67: 0 | GT67: 0 | GV67: =ROUND(GT67,2) -> 0 | GW67: 1 | GX67: =ROUND(GV67*GW67*I67,2) -> 0 | HA67: 0 | HB67: 0 | IK67: 0
A68: 17 | B68: 1 | C68: =ROW(SmtRes!A178) -> 178 | D68: =ROW(EtalonRes!A194) -> 194 | E68: 16 | F68: 12-01-017-01 | G68: Устройство выравнивающих стяжек цементно-песчаных толщиной 15 мм | H68: 100 м2 | I68: =ROUND(40/100,9) -> 0.4 | J68: 0 | O68: =ROUND(CP68,2) -> 218.09 | P68: =ROUND(CQ68*I68,2) -> 14.67 | Q68: =ROUND(CR68*I68,2) -> 95.24 | R68: =ROUND(CS68*I68,2) -> 10.93 | S68: =ROUND(CT68*I68,2) -> 108.18 | T68: =ROUND(CU68*I68,2) -> 0 | U68: =CV68*I68 -> 12.5212 | V68: =CW68*I68 -> 0.97 | W68: =ROUND(CX68*I68,2) -> 0 | X68: =ROUND(CY68,2) -> 128.64 | Y68: =ROUND(CZ68,2) -> 65.51 | AA68: 27721505 | AB68: =ROUND((AC68+AD68+AF68),2) -> 545.24 | AC68: =ROUND((ES68),2) -> 36.67 | AD68: =ROUND(((((ET68*1.25))-((EU68*1.25)))+AE68),2) -> 238.11 | AE68: =ROUND(((EU68*1.25)),2) -> 27.33 | AF68: =ROUND(((EV68*1.15)),2) -> 270.46 | AG68: =ROUND((AP68),2) -> 0 | AH68: =((EW68*1.15)) -> 31.303 | AI68: =((EX68*1.25)) -> 2.425 | AJ68: =ROUND((AS68),2) -> 0 | AK68: 462.33 | AL68: 36.67 | AM68: 190.48 | AN68: 21.86 | AO68: 235.18 | AP68: 0 | AQ68: 27.22 | AR68: 1.94 | AS68: 0 | AT68: 108 | AU68: 55 | AV68: 1 | AW68: 1 | AZ68: 1 | BA68: 1 | BB68: 1 | BC68: 1 | BH68: 0 | BI68: 1 | BJ68: ФЕР-2001, 12-01-017-01, приказ Минстроя России №1039/пр от 30.12.2016г. | BM68: 12001 | BN68: 0 | BP68: 0 | BQ68: 2 | BR68: 0 | BS68: 1 | BT68: 1 | BU68: 1 | BV68: 1 | BW68: 1 | BX68: 1 | BZ68: 120 | CA68: 65 | CF68: 0 | CG68: 0 | CM68: 0 | CN68: Поправка: МДС 81-35.2004, п.4.7 Наименование: Работы, выполняемые при реконструкции зданий и сооружений работы, аналогичные технологическим процессам в новом строительстве (в том числе возведение новых конструктивных элементов) стоимость которых определена по соответствующим сборникам ФЕР, кроме сборника № 46 «Работы при реконструкции зданий и сооружений» | CO68: 0 | CP68: =(P68+Q68+S68) -> 218.09 | CQ68: =AC68*BC68 -> 36.67 | CR68: =AD68*BB68 -> 238.11 | CS68: =AE68*BS68 -> 27.33 | CT68: =AF68*BA68 -> 270.46 | CU68: =AG68 -> 0 | CV68: =AH68 -> 31.303 | CW68: =AI68 -> 2.425 | CX68: =AJ68 -> 0 | CY68: =(((S68+R68)*AT68)/100) -> 128.6388 | CZ68: =(((S68+R68)*AU68)/100) -> 65.5105 | DE68: )*1,25 | DF68: )*1,25 | DG68: )*1,15 | DI68: )*1,15 | DJ68: )*1,25 | DN68: 0 | DO68: 0 | DP68: 1 | DQ68: 1 | DU68: 1005 | DV68: 100 м2 | DW68: 100 м2 | DX68: 100 | EE68: 27029025 | EF68: 2 | EG68: Общестроительные работы | EH68: 0 | EJ68: 1 | EK68: 12001 | EL68: Кровли | EM68: ФЕР-12 | EO68: Поправка: МДС 81-35.2004, п.4.7 | EQ68: 0 | ER68: 462.33 | ES68: 36.67 | ET68: 190.48 | EU68: 21.86 | EV68: 235.18 | EW68: 27.22 | EX68: 1.94 | EY68: 0 | FQ68: 0 | FR68: =ROUND(IF(AND(BH68=3,BI68=3),P68,0),2) -> 0 | FS68: 0 | FT68: *0,9 | FU68: *0,85 | FX68: 108 | FY68: 55.25 | GD68: 0 | GF68: -540920407 | GG68: 2 | GH68: 1 | GI68: -2 | GJ68: 0 | GK68: =ROUND(R68*(R12)/100,2) -> 0 | GL68: =ROUND(IF(AND(BH68=3,BI68=3,FS68<>0),P68,0),2) -> 0 | GM68: =ROUND(O68+X68+Y68+GK68,2)+GX68 -> 412.24 | GN68: =IF(OR(BI68=0,BI68=1),ROUND(O68+X68+Y68+GK68,2),0) -> 412.24 | GO68: =IF(BI68=2,ROUND(O68+X68+Y68+GK68,2),0) -> 0 | GP68: =IF(BI68=4,ROUND(O68+X68+Y68+GK68,2)+GX68,0) -> 0 | GR68: 0 | GS68: 3 | GT68: 0 | GV68: =ROUND(GT68,2) -> 0 | GW68: 1 | GX68: =ROUND(GV68*GW68*I68,2) -> 0 | HA68: 0 | HB68: 0 | IK68: 0
A69: 17 | B69: 1 | C69: =ROW(SmtRes!A186) -> 186 | D69: =ROW(EtalonRes!A202) -> 202 | E69: 16 | F69: 12-01-017-01 | G69: Устройство выравнивающих стяжек цементно-песчаных толщиной 15 мм | H69: 100 м2 | I69: =ROUND(40/100,9) -> 0.4 | J69: 0 | O69: =ROUND(CP69,2) -> 218.09 | P69: =ROUND(CQ69*I69,2) -> 14.67 | Q69: =ROUND(CR69*I69,2) -> 95.24 | R69: =ROUND(CS69*I69,2) -> 10.93 | S69: =ROUND(CT69*I69,2) -> 108.18 | T69: =ROUND(CU69*I69,2) -> 0 | U69: =CV69*I69 -> 12.5212 | V69: =CW69*I69 -> 0.97 | W69: =ROUND(CX69*I69,2) -> 0 | X69: =ROUND(CY69,2) -> 128.64 | Y69: =ROUND(CZ69,2) -> 65.51 | AA69: 27721504 | AB69: =ROUND((AC69+AD69+AF69),2) -> 545.24 | AC69: =ROUND((ES69),2) -> 36.67 | AD69: =ROUND(((((ET69*1.25))-((EU69*1.25)))+AE69),2) -> 238.11 | AE69: =ROUND(((EU69*1.25)),2) -> 27.33 | AF69: =ROUND(((EV69*1.15)),2) -> 270.46 | AG69: =ROUND((AP69),2) -> 0 | AH69: =((EW69*1.15)) -> 31.303 | AI69: =((EX69*1.25)) -> 2.425 | AJ69: =ROUND((AS69),2) -> 0 | AK69: 462.33 | AL69: 36.67 | AM69: 190.48 | AN69: 21.86 | AO69: 235.18 | AP69: 0 | AQ69: 27.22 | AR69: 1.94 | AS69: 0 | AT69: 108 | AU69: 55 | AV69: 1 | AW69: 1 | AZ69: 1 | BA69: 1 | BB69: 1 | BC69: 1 | BH69: 0 | BI69: 1 | BJ69: ФЕР-2001, 12-01-017-01, приказ Минстроя России №1039/пр от 30.12.2016г. | BM69: 12001 | BN69: 0 | BP69: 0 | BQ69: 2 | BR69: 0 | BS69: 1 | BT69: 1 | BU69: 1 | BV69: 1 | BW69: 1 | BX69: 1 | BZ69: 120 | CA69: 65 | CF69: 0 | CG69: 0 | CM69: 0 | CN69: Поправка: МДС 81-35.2004, п.4.7 Наименование: Работы, выполняемые при реконструкции зданий и сооружений работы, аналогичные технологическим процессам в новом строительстве (в том числе возведение новых конструктивных элементов) стоимость которых определена по соответствующим сборникам ФЕР, кроме сборника № 46 «Работы при реконструкции зданий и сооружений» | CO69: 0 | CP69: =(P69+Q69+S69) -> 218.09 | CQ69: =AC69*BC69 -> 36.67 | CR69: =AD69*BB69 -> 238.11 | CS69: =AE69*BS69 -> 27.33 | CT69: =AF69*BA69 -> 270.46 | CU69: =AG69 -> 0 | CV69: =AH69 -> 31.303 | CW69: =AI69 -> 2.425 | CX69: =AJ69 -> 0 | CY69: =(((S69+R69)*AT69)/100) -> 128.6388 | CZ69: =(((S69+R69)*AU69)/100) -> 65.5105 | DE69: )*1,25 | DF69: )*1,25 | DG69: )*1,15 | DI69: )*1,15 | DJ69: )*1,25 | DN69: 0 | DO69: 0 | DP69: 1 | DQ69: 1 | DU69: 1005 | DV69: 100 м2 | DW69: 100 м2 | DX69: 100 | EE69: 27029025 | EF69: 2 | EG69: Общестроительные работы | EH69: 0 | EJ69: 1 | EK69: 12001 | EL69: Кровли | EM69: ФЕР-12 | EO69: Поправка: МДС 81-35.2004, п.4.7 | EQ69: 0 | ER69: 462.33 | ES69: 36.67 | ET69: 190.48 | EU69: 21.86 | EV69: 235.18 | EW69: 27.22 | EX69: 1.94 | EY69: 0 | FQ69: 0 | FR69: =ROUND(IF(AND(BH69=3,BI69=3),P69,0),2) -> 0 | FS69: 0 | FT69: *0,9 | FU69: *0,85 | FX69: 108 | FY69: 55.25 | GD69: 0 | GF69: -540920407 | GG69: 2 | GH69: 1 | GI69: -2 | GJ69: 0 | GK69: =ROUND(R69*(S12)/100,2) -> 0 | GL69: =ROUND(IF(AND(BH69=3,BI69=3,FS69<>0),P69,0),2) -> 0 | GM69: =ROUND(O69+X69+Y69+GK69,2)+GX69 -> 412.24 | GN69: =IF(OR(BI69=0,BI69=1),ROUND(O69+X69+Y69+GK69,2),0) -> 412.24 | GO69: =IF(BI69=2,ROUND(O69+X69+Y69+GK69,2),0) -> 0 | GP69: =IF(BI69=4,ROUND(O69+X69+Y69+GK69,2)+GX69,0) -> 0 | GR69: 0 | GS69: 0 | GT69: 0 | GV69: =ROUND(GT69,2) -> 0 | GW69: 1 | GX69: =ROUND(GV69*GW69*I69,2) -> 0 | HA69: 0 | HB69: 0 | IK69: 0
A70: 18 | B70: 1 | C70: 177 | E70: 16,1 | F70: 04.3.01.09-0014 | G70: Раствор готовый кладочный цементный марки 100 | H70: м3 | I70: =I68*J70 -> 0.612 | J70: 1.53 | O70: =ROUND(CP70,2) -> 318.12 | P70: =ROUND(CQ70*I70,2) -> 318.12 | Q70: =ROUND(CR70*I70,2) -> 0 | R70: =ROUND(CS70*I70,2) -> 0 | S70: =ROUND(CT70*I70,2) -> 0 | T70: =ROUND(CU70*I70,2) -> 0 | U70: =CV70*I70 -> 0 | V70: =CW70*I70 -> 0 | W70: =ROUND(CX70*I70,2) -> 0 | X70: =ROUND(CY70,2) -> 0 | Y70: =ROUND(CZ70,2) -> 0 | AA70: 27721505 | AB70: =ROUND((AC70+AD70+AF70),2) -> 519.8 | AC70: =ROUND((ES70),2) -> 519.8 | AD70: =ROUND((((ET70)-(EU70))+AE70),2) -> 0 | AE70: =ROUND((EU70),2) -> 0 | AF70: =ROUND((EV70),2) -> 0 | AG70: =ROUND((AP70),2) -> 0 | AH70: =(EW70) -> 0 | AI70: =(EX70) -> 0 | AJ70: =ROUND((AS70),2) -> 0 | AK70: 519.8 | AL70: 519.8 | AM70: 0 | AN70: 0 | AO70: 0 | AP70: 0 | AQ70: 0 | AR70: 0 | AS70: 0 | AT70: 108 | AU70: 55 | AV70: 1 | AW70: 1 | AZ70: 1 | BA70: 1 | BB70: 1 | BC70: 1 | BH70: 3 | BI70: 1 | BJ70: ФССЦ-2001, 04.3.01.09-0014, приказ Минстроя России №1039/пр от 30.12.2016г. | BM70: 12001 | BN70: 0 | BP70: 0 | BQ70: 2 | BR70: 0 | BS70: 1 | BT70: 1 | BU70: 1 | BV70: 1 | BW70: 1 | BX70: 1 | BZ70: 120 | CA70: 65 | CF70: 0 | CG70: 0 | CM70: 0 | CO70: 0 | CP70: =(P70+Q70+S70) -> 318.12 | CQ70: =AC70*BC70 -> 519.8 | CR70: =AD70*BB70 -> 0 | CS70: =AE70*BS70 -> 0 | CT70: =AF70*BA70 -> 0 | CU70: =AG70 -> 0 | CV70: =AH70 -> 0 | CW70: =AI70 -> 0 | CX70: =AJ70 -> 0 | CY70: =(((S70+R70)*AT70)/100) -> 0 | CZ70: =(((S70+R70)*AU70)/100) -> 0 | DN70: 0 | DO70: 0 | DP70: 1 | DQ70: 1 | DU70: 1007 | DV70: м3 | DW70: м3 | DX70: 1 | EE70: 27029025 | EF70: 2 | EG70: Общестроительные работы | EH70: 0 | EJ70: 1 | EK70: 12001 | EL70: Кровли | EM70: ФЕР-12 | EQ70: 0 | ER70: 519.8 | ES70: 519.8 | ET70: 0 | EU70: 0 | EV70: 0 | EW70: 0 | EX70: 0 | FQ70: 0 | FR70: =ROUND(IF(AND(BH70=3,BI70=3),P70,0),2) -> 0 | FS70: 0 | FT70: *0,9 | FU70: *0,85 | FX70: 108 | FY70: 55.25 | GD70: 0 | GF70: 519185539 | GG70: 2 | GH70: 1 | GI70: -2 | GJ70: 0 | GK70: =ROUND(R70*(R12)/100,2) -> 0 | GL70: =ROUND(IF(AND(BH70=3,BI70=3,FS70<>0),P70,0),2) -> 0 | GM70: =ROUND(O70+X70+Y70+GK70,2)+GX70 -> 318.12 | GN70: =IF(OR(BI70=0,BI70=1),ROUND(O70+X70+Y70+GK70,2),0) -> 318.12 | GO70: =IF(BI70=2,ROUND(O70+X70+Y70+GK70,2),0) -> 0 | GP70: =IF(BI70=4,ROUND(O70+X70+Y70+GK70,2)+GX70,0) -> 0 | GR70: 0 | GS70: 3 | GT70: 0 | GV70: =ROUND(GT70,2) -> 0 | GW70: 1 | GX70: =ROUND(GV70*GW70*I70,2) -> 0 | HA70: 0 | HB70: 0 | IK70: 0
A71: 18 | B71: 1 | C71: 185 | E71: 16,1 | F71: 04.3.01.09-0014 | G71: Раствор готовый кладочный цементный марки 100 | H71: м3 | I71: =I69*J71 -> 0.612 | J71: 1.53 | O71: =ROUND(CP71,2) -> 318.12 | P71: =ROUND(CQ71*I71,2) -> 318.12 | Q71: =ROUND(CR71*I71,2) -> 0 | R71: =ROUND(CS71*I71,2) -> 0 | S71: =ROUND(CT71*I71,2) -> 0 | T71: =ROUND(CU71*I71,2) -> 0 | U71: =CV71*I71 -> 0 | V71: =CW71*I71 -> 0 | W71: =ROUND(CX71*I71,2) -> 0 | X71: =ROUND(CY71,2) -> 0 | Y71: =ROUND(CZ71,2) -> 0 | AA71: 27721504 | AB71: =ROUND((AC71+AD71+AF71),2) -> 519.8 | AC71: =ROUND((ES71),2) -> 519.8 | AD71: =ROUND((((ET71)-(EU71))+AE71),2) -> 0 | AE71: =ROUND((EU71),2) -> 0 | AF71: =ROUND((EV71),2) -> 0 | AG71: =ROUND((AP71),2) -> 0 | AH71: =(EW71) -> 0 | AI71: =(EX71) -> 0 | AJ71: =ROUND((AS71),2) -> 0 | AK71: 519.8 | AL71: 519.8 | AM71: 0 | AN71: 0 | AO71: 0 | AP71: 0 | AQ71: 0 | AR71: 0 | AS71: 0 | AT71: 108 | AU71: 55 | AV71: 1 | AW71: 1 | AZ71: 1 | BA71: 1 | BB71: 1 | BC71: 1 | BH71: 3 | BI71: 1 | BJ71: ФССЦ-2001, 04.3.01.09-0014, приказ Минстроя России №1039/пр от 30.12.2016г. | BM71: 12001 | BN71: 0 | BP71: 0 | BQ71: 2 | BR71: 0 | BS71: 1 | BT71: 1 | BU71: 1 | BV71: 1 | BW71: 1 | BX71: 1 | BZ71: 120 | CA71: 65 | CF71: 0 | CG71: 0 | CM71: 0 | CO71: 0 | CP71: =(P71+Q71+S71) -> 318.12 | CQ71: =AC71*BC71 -> 519.8 | CR71: =AD71*BB71 -> 0 | CS71: =AE71*BS71 -> 0 | CT71: =AF71*BA71 -> 0 | CU71: =AG71 -> 0 | CV71: =AH71 -> 0 | CW71: =AI71 -> 0 | CX71: =AJ71 -> 0 | CY71: =(((S71+R71)*AT71)/100) -> 0 | CZ71: =(((S71+R71)*AU71)/100) -> 0 | DN71: 0 | DO71: 0 | DP71: 1 | DQ71: 1 | DU71: 1007 | DV71: м3 | DW71: м3 | DX71: 1 | EE71: 27029025 | EF71: 2 | EG71: Общестроительные работы | EH71: 0 | EJ71: 1 | EK71: 12001 | EL71: Кровли | EM71: ФЕР-12 | EQ71: 0 | ER71: 519.8 | ES71: 519.8 | ET71: 0 | EU71: 0 | EV71: 0 | EW71: 0 | EX71: 0 | FQ71: 0 | FR71: =ROUND(IF(AND(BH71=3,BI71=3),P71,0),2) -> 0 | FS71: 0 | FT71: *0,9 | FU71: *0,85 | FX71: 108 | FY71: 55.25 | GD71: 0 | GF71: 519185539 | GG71: 2 | GH71: 1 | GI71: -2 | GJ71: 0 | GK71: =ROUND(R71*(S12)/100,2) -> 0 | GL71: =ROUND(IF(AND(BH71=3,BI71=3,FS71<>0),P71,0),2) -> 0 | GM71: =ROUND(O71+X71+Y71+GK71,2)+GX71 -> 318.12 | GN71: =IF(OR(BI71=0,BI71=1),ROUND(O71+X71+Y71+GK71,2),0) -> 318.12 | GO71: =IF(BI71=2,ROUND(O71+X71+Y71+GK71,2),0) -> 0 | GP71: =IF(BI71=4,ROUND(O71+X71+Y71+GK71,2)+GX71,0) -> 0 | GR71: 0 | GS71: 0 | GT71: 0 | GV71: =ROUND(GT71,2) -> 0 | GW71: 1 | GX71: =ROUND(GV71*GW71*I71,2) -> 0 | HA71: 0 | HB71: 0 | IK71: 0
A72: 17 | B72: 1 | C72: =ROW(SmtRes!A191) -> 191 | D72: =ROW(EtalonRes!A207) -> 207 | E72: 17 | F72: 12-01-017-02 | G72: Устройство выравнивающих стяжек на каждый 1 мм изменения толщины добавлять или исключать к расценке 12-01-017-01 | H72: 100 м2 | I72: =ROUND(40/100,9) -> 0.4 | J72: 0 | O72: =ROUND(CP72,2) -> 185.65 | P72: =ROUND(CQ72*I72,2) -> 0 | Q72: =ROUND(CR72*I72,2) -> 46.55 | R72: =ROUND(CS72*I72,2) -> 5.95 | S72: =ROUND(CT72*I72,2) -> 139.1 | T72: =ROUND(CU72*I72,2) -> 0 | U72: =CV72*I72 -> 16.1 | V72: =CW72*I72 -> 0.525 | W72: =ROUND(CX72*I72,2) -> 0 | X72: =ROUND(CY72,2) -> 156.65 | Y72: =ROUND(CZ72,2) -> 79.78 | AA72: 27721505 | AB72: =ROUND((AC72+AD72+AF72),2) -> 464.14 | AC72: =ROUND(((ES72*35)),2) -> 0 | AD72: =ROUND(((((ET72*1.25*35))-((EU72*1.25*35)))+AE72),2) -> 116.38 | AE72: =ROUND(((EU72*1.25*35)),2) -> 14.88 | AF72: =ROUND(((EV72*1.15*35)),2) -> 347.76 | AG72: =ROUND((AP72),2) -> 0 | AH72: =((EW72*1.15*35)) -> 40.25 | AI72: =((EX72*1.25*35)) -> 1.3125 | AJ72: =ROUND((AS72),2) -> 0 | AK72: 11.3 | AL72: 0 | AM72: 2.66 | AN72: 0.34 | AO72: 8.64 | AP72: 0 | AQ72: 1 | AR72: 0.03 | AS72: 0 | AT72: 108 | AU72: 55 | AV72: 1 | AW72: 1 | AZ72: 1 | BA72: 1 | BB72: 1 | BC72: 1 | BH72: 0 | BI72: 1 | BJ72: ФЕР-2001, 12-01-017-02, приказ Минстроя России №1039/пр от 30.12.2016г. | BM72: 12001 | BN72: 0 | BP72: 0 | BQ72: 2 | BR72: 0 | BS72: 1 | BT72: 1 | BU72: 1 | BV72: 1 | BW72: 1 | BX72: 1 | BZ72: 120 | CA72: 65 | CF72: 0 | CG72: 0 | CM72: 0 | CN72: Поправка: МДС 81-35.2004, п.4.7 Наименование: Работы, выполняемые при реконструкции зданий и сооружений работы, аналогичные технологическим процессам в новом строительстве (в том числе возведение новых конструктивных элементов) стоимость которых определена по соответствующим сборникам ФЕР, кроме сборника № 46 «Работы при реконструкции зданий и сооружений» | CO72: 0 | CP72: =(P72+Q72+S72) -> 185.65 | CQ72: =AC72*BC72 -> 0 | CR72: =AD72*BB72 -> 116.38 | CS72: =AE72*BS72 -> 14.88 | CT72: =AF72*BA72 -> 347.76 | CU72: =AG72 -> 0 | CV72: =AH72 -> 40.25 | CW72: =AI72 -> 1.3125 | CX72: =AJ72 -> 0 | CY72: =(((S72+R72)*AT72)/100) -> 156.654 | CZ72: =(((S72+R72)*AU72)/100) -> 79.7775 | DD72: *35 | DE72: )*1,25*35 | DF72: )*1,25*35 | DG72: )*1,15*35 | DI72: )*1,15*35 | DJ72: )*1,25*35 | DN72: 0 | DO72: 0 | DP72: 1 | DQ72: 1 | DU72: 1005 | DV72: 100 м2 | DW72: 100 м2 | DX72: 100 | EE72: 27029025 | EF72: 2 | EG72: Общестроительные работы | EH72: 0 | EJ72: 1 | EK72: 12001 | EL72: Кровли | EM72: ФЕР-12 | EO72: Поправка: МДС 81-35.2004, п.4.7 | EQ72: 0 | ER72: 11.3 | ES72: 0 | ET72: 2.66 | EU72: 0.34 | EV72: 8.64 | EW72: 1 | EX72: 0.03 | EY72: 0 | FQ72: 0 | FR72: =ROUND(IF(AND(BH72=3,BI72=3),P72,0),2) -> 0 | FS72: 0 | FT72: *0,9 | FU72: *0,85 | FX72: 108 | FY72: 55.25 | GD72: 0 | GF72: 518591808 | GG72: 2 | GH72: 1 | GI72: -2 | GJ72: 0 | GK72: =ROUND(R72*(R12)/100,2) -> 0 | GL72: =ROUND(IF(AND(BH72=3,BI72=3,FS72<>0),P72,0),2) -> 0 | GM72: =ROUND(O72+X72+Y72+GK72,2)+GX72 -> 422.08 | GN72: =IF(OR(BI72=0,BI72=1),ROUND(O72+X72+Y72+GK72,2),0) -> 422.08 | GO72: =IF(BI72=2,ROUND(O72+X72+Y72+GK72,2),0) -> 0 | GP72: =IF(BI72=4,ROUND(O72+X72+Y72+GK72,2)+GX72,0) -> 0 | GR72: 0 | GS72: 3 | GT72: 0 | GV72: =ROUND(GT72,2) -> 0 | GW72: 1 | GX72: =ROUND(GV72*GW72*I72,2) -> 0 | HA72: 0 | HB72: 0 | IK72: 0
A73: 17 | B73: 1 | C73: =ROW(SmtRes!A196) -> 196 | D73: =ROW(EtalonRes!A212) -> 212 | E73: 17 | F73: 12-01-017-02 | G73: Устройство выравнивающих стяжек на каждый 1 мм изменения толщины добавлять или исключать к расценке 12-01-017-01 | H73: 100 м2 | I73: =ROUND(40/100,9) -> 0.4 | J73: 0 | O73: =ROUND(CP73,2) -> 185.65 | P73: =ROUND(CQ73*I73,2) -> 0 | Q73: =ROUND(CR73*I73,2) -> 46.55 | R73: =ROUND(CS73*I73,2) -> 5.95 | S73: =ROUND(CT73*I73,2) -> 139.1 | T73: =ROUND(CU73*I73,2) -> 0 | U73: =CV73*I73 -> 16.1 | V73: =CW73*I73 -> 0.525 | W73: =ROUND(CX73*I73,2) -> 0 | X73: =ROUND(CY73,2) -> 156.65 | Y73: =ROUND(CZ73,2) -> 79.78 | AA73: 27721504 | AB73: =ROUND((AC73+AD73+AF73),2) -> 464.14 | AC73: =ROUND(((ES73*35)),2) -> 0 | AD73: =ROUND(((((ET73*1.25*35))-((EU73*1.25*35)))+AE73),2) -> 116.38 | AE73: =ROUND(((EU73*1.25*35)),2) -> 14.88 | AF73: =ROUND(((EV73*1.15*35)),2) -> 347.76 | AG73: =ROUND((AP73),2) -> 0 | AH73: =((EW73*1.15*35)) -> 40.25 | AI73: =((EX73*1.25*35)) -> 1.3125 | AJ73: =ROUND((AS73),2) -> 0 | AK73: 11.3 | AL73: 0 | AM73: 2.66 | AN73: 0.34 | AO73: 8.64 | AP73: 0 | AQ73: 1 | AR73: 0.03 | AS73: 0 | AT73: 108 | AU73: 55 | AV73: 1 | AW73: 1 | AZ73: 1 | BA73: 1 | BB73: 1 | BC73: 1 | BH73: 0 | BI73: 1 | BJ73: ФЕР-2001, 12-01-017-02, приказ Минстроя России №1039/пр от 30.12.2016г. | BM73: 12001 | BN73: 0 | BP73: 0 | BQ73: 2 | BR73: 0 | BS73: 1 | BT73: 1 | BU73: 1 | BV73: 1 | BW73: 1 | BX73: 1 | BZ73: 120 | CA73: 65 | CF73: 0 | CG73: 0 | CM73: 0 | CN73: Поправка: МДС 81-35.2004, п.4.7 Наименование: Работы, выполняемые при реконструкции зданий и сооружений работы, аналогичные технологическим процессам в новом строительстве (в том числе возведение новых конструктивных элементов) стоимость которых определена по соответствующим сборникам ФЕР, кроме сборника № 46 «Работы при реконструкции зданий и сооружений» | CO73: 0 | CP73: =(P73+Q73+S73) -> 185.65 | CQ73: =AC73*BC73 -> 0 | CR73: =AD73*BB73 -> 116.38 | CS73: =AE73*BS73 -> 14.88 | CT73: =AF73*BA73 -> 347.76 | CU73: =AG73 -> 0 | CV73: =AH73 -> 40.25 | CW73: =AI73 -> 1.3125 | CX73: =AJ73 -> 0 | CY73: =(((S73+R73)*AT73)/100) -> 156.654 | CZ73: =(((S73+R73)*AU73)/100) -> 79.7775 | DD73: *35 | DE73: )*1,25*35 | DF73: )*1,25*35 | DG73: )*1,15*35 | DI73: )*1,15*35 | DJ73: )*1,25*35 | DN73: 0 | DO73: 0 | DP73: 1 | DQ73: 1 | DU73: 1005 | DV73: 100 м2 | DW73: 100 м2 | DX73: 100 | EE73: 27029025 | EF73: 2 | EG73: Общестроительные работы | EH73: 0 | EJ73: 1 | EK73: 12001 | EL73: Кровли | EM73: ФЕР-12 | EO73: Поправка: МДС 81-35.2004, п.4.7 | EQ73: 0 | ER73: 11.3 | ES73: 0 | ET73: 2.66 | EU73: 0.34 | EV73: 8.64 | EW73: 1 | EX73: 0.03 | EY73: 0 | FQ73: 0 | FR73: =ROUND(IF(AND(BH73=3,BI73=3),P73,0),2) -> 0 | FS73: 0 | FT73: *0,9 | FU73: *0,85 | FX73: 108 | FY73: 55.25 | GD73: 0 | GF73: 518591808 | GG73: 2 | GH73: 1 | GI73: -2 | GJ73: 0 | GK73: =ROUND(R73*(S12)/100,2) -> 0 | GL73: =ROUND(IF(AND(BH73=3,BI73=3,FS73<>0),P73,0),2) -> 0 | GM73: =ROUND(O73+X73+Y73+GK73,2)+GX73 -> 422.08 | GN73: =IF(OR(BI73=0,BI73=1),ROUND(O73+X73+Y73+GK73,2),0) -> 422.08 | GO73: =IF(BI73=2,ROUND(O73+X73+Y73+GK73,2),0) -> 0 | GP73: =IF(BI73=4,ROUND(O73+X73+Y73+GK73,2)+GX73,0) -> 0 | GR73: 0 | GS73: 0 | GT73: 0 | GV73: =ROUND(GT73,2) -> 0 | GW73: 1 | GX73: =ROUND(GV73*GW73*I73,2) -> 0 | HA73: 0 | HB73: 0 | IK73: 0
A74: 18 | B74: 1 | C74: 191 | E74: 17,1 | F74: 04.3.01.09-0014 | G74: Раствор готовый кладочный цементный марки 100 | H74: м3 | I74: =I72*J74 -> 1.428 | J74: 3.57 | O74: =ROUND(CP74,2) -> 742.27 | P74: =ROUND(CQ74*I74,2) -> 742.27 | Q74: =ROUND(CR74*I74,2) -> 0 | R74: =ROUND(CS74*I74,2) -> 0 | S74: =ROUND(CT74*I74,2) -> 0 | T74: =ROUND(CU74*I74,2) -> 0 | U74: =CV74*I74 -> 0 | V74: =CW74*I74 -> 0 | W74: =ROUND(CX74*I74,2) -> 0 | X74: =ROUND(CY74,2) -> 0 | Y74: =ROUND(CZ74,2) -> 0 | AA74: 27721505 | AB74: =ROUND((AC74+AD74+AF74),2) -> 519.8 | AC74: =ROUND((ES74),2) -> 519.8 | AD74: =ROUND((((ET74)-(EU74))+AE74),2) -> 0 | AE74: =ROUND((EU74),2) -> 0 | AF74: =ROUND((EV74),2) -> 0 | AG74: =ROUND((AP74),2) -> 0 | AH74: =(EW74) -> 0 | AI74: =(EX74) -> 0 | AJ74: =ROUND((AS74),2) -> 0 | AK74: 519.8 | AL74: 519.8 | AM74: 0 | AN74: 0 | AO74: 0 | AP74: 0 | AQ74: 0 | AR74: 0 | AS74: 0 | AT74: 108 | AU74: 55 | AV74: 1 | AW74: 1 | AZ74: 1 | BA74: 1 | BB74: 1 | BC74: 1 | BH74: 3 | BI74: 1 | BJ74: ФССЦ-2001, 04.3.01.09-0014, приказ Минстроя России №1039/пр от 30.12.2016г. | BM74: 12001 | BN74: 0 | BP74: 0 | BQ74: 2 | BR74: 0 | BS74: 1 | BT74: 1 | BU74: 1 | BV74: 1 | BW74: 1 | BX74: 1 | BZ74: 120 | CA74: 65 | CF74: 0 | CG74: 0 | CM74: 0 | CN74: Поправка: МДС 81-35.2004, п.4.7 Наименование: Работы, выполняемые при реконструкции зданий и сооружений работы, аналогичные технологическим процессам в новом строительстве (в том числе возведение новых конструктивных элементов) стоимость которых определена по соответствующим сборникам ФЕР, кроме сборника № 46 «Работы при реконструкции зданий и сооружений» | CO74: 0 | CP74: =(P74+Q74+S74) -> 742.27 | CQ74: =AC74*BC74 -> 519.8 | CR74: =AD74*BB74 -> 0 | CS74: =AE74*BS74 -> 0 | CT74: =AF74*BA74 -> 0 | CU74: =AG74 -> 0 | CV74: =AH74 -> 0 | CW74: =AI74 -> 0 | CX74: =AJ74 -> 0 | CY74: =(((S74+R74)*AT74)/100) -> 0 | CZ74: =(((S74+R74)*AU74)/100) -> 0 | DN74: 0 | DO74: 0 | DP74: 1 | DQ74: 1 | DU74: 1007 | DV74: м3 | DW74: м3 | DX74: 1 | EE74: 27029025 | EF74: 2 | EG74: Общестроительные работы | EH74: 0 | EJ74: 1 | EK74: 12001 | EL74: Кровли | EM74: ФЕР-12 | EO74: Поправка: МДС 81-35.2004, п.4.7 | EQ74: 0 | ER74: 519.8 | ES74: 519.8 | ET74: 0 | EU74: 0 | EV74: 0 | EW74: 0 | EX74: 0 | FQ74: 0 | FR74: =ROUND(IF(AND(BH74=3,BI74=3),P74,0),2) -> 0 | FS74: 0 | FT74: *0,9 | FU74: *0,85 | FX74: 108 | FY74: 55.25 | GD74: 0 | GF74: 519185539 | GG74: 2 | GH74: 1 | GI74: -2 | GJ74: 0 | GK74: =ROUND(R74*(R12)/100,2) -> 0 | GL74: =ROUND(IF(AND(BH74=3,BI74=3,FS74<>0),P74,0),2) -> 0 | GM74: =ROUND(O74+X74+Y74+GK74,2)+GX74 -> 742.27 | GN74: =IF(OR(BI74=0,BI74=1),ROUND(O74+X74+Y74+GK74,2),0) -> 742.27 | GO74: =IF(BI74=2,ROUND(O74+X74+Y74+GK74,2),0) -> 0 | GP74: =IF(BI74=4,ROUND(O74+X74+Y74+GK74,2)+GX74,0) -> 0 | GR74: 0 | GS74: 3 | GT74: 0 | GV74: =ROUND(GT74,2) -> 0 | GW74: 1 | GX74: =ROUND(GV74*GW74*I74,2) -> 0 | HA74: 0 | HB74: 0 | IK74: 0
A75: 18 | B75: 1 | C75: 196 | E75: 17,1 | F75: 04.3.01.09-0014 | G75: Раствор готовый кладочный цементный марки 100 | H75: м3 | I75: =I73*J75 -> 1.428 | J75: 3.57 | O75: =ROUND(CP75,2) -> 742.27 | P75: =ROUND(CQ75*I75,2) -> 742.27 | Q75: =ROUND(CR75*I75,2) -> 0 | R75: =ROUND(CS75*I75,2) -> 0 | S75: =ROUND(CT75*I75,2) -> 0 | T75: =ROUND(CU75*I75,2) -> 0 | U75: =CV75*I75 -> 0 | V75: =CW75*I75 -> 0 | W75: =ROUND(CX75*I75,2) -> 0 | X75: =ROUND(CY75,2) -> 0 | Y75: =ROUND(CZ75,2) -> 0 | AA75: 27721504 | AB75: =ROUND((AC75+AD75+AF75),2) -> 519.8 | AC75: =ROUND((ES75),2) -> 519.8 | AD75: =ROUND((((ET75)-(EU75))+AE75),2) -> 0 | AE75: =ROUND((EU75),2) -> 0 | AF75: =ROUND((EV75),2) -> 0 | AG75: =ROUND((AP75),2) -> 0 | AH75: =(EW75) -> 0 | AI75: =(EX75) -> 0 | AJ75: =ROUND((AS75),2) -> 0 | AK75: 519.8 | AL75: 519.8 | AM75: 0 | AN75: 0 | AO75: 0 | AP75: 0 | AQ75: 0 | AR75: 0 | AS75: 0 | AT75: 108 | AU75: 55 | AV75: 1 | AW75: 1 | AZ75: 1 | BA75: 1 | BB75: 1 | BC75: 1 | BH75: 3 | BI75: 1 | BJ75: ФССЦ-2001, 04.3.01.09-0014, приказ Минстроя России №1039/пр от 30.12.2016г. | BM75: 12001 | BN75: 0 | BP75: 0 | BQ75: 2 | BR75: 0 | BS75: 1 | BT75: 1 | BU75: 1 | BV75: 1 | BW75: 1 | BX75: 1 | BZ75: 120 | CA75: 65 | CF75: 0 | CG75: 0 | CM75: 0 | CN75: Поправка: МДС 81-35.2004, п.4.7 Наименование: Работы, выполняемые при реконструкции зданий и сооружений работы, аналогичные технологическим процессам в новом строительстве (в том числе возведение новых конструктивных элементов) стоимость которых определена по соответствующим сборникам ФЕР, кроме сборника № 46 «Работы при реконструкции зданий и сооружений» | CO75: 0 | CP75: =(P75+Q75+S75) -> 742.27 | CQ75: =AC75*BC75 -> 519.8 | CR75: =AD75*BB75 -> 0 | CS75: =AE75*BS75 -> 0 | CT75: =AF75*BA75 -> 0 | CU75: =AG75 -> 0 | CV75: =AH75 -> 0 | CW75: =AI75 -> 0 | CX75: =AJ75 -> 0 | CY75: =(((S75+R75)*AT75)/100) -> 0 | CZ75: =(((S75+R75)*AU75)/100) -> 0 | DN75: 0 | DO75: 0 | DP75: 1 | DQ75: 1 | DU75: 1007 | DV75: м3 | DW75: м3 | DX75: 1 | EE75: 27029025 | EF75: 2 | EG75: Общестроительные работы | EH75: 0 | EJ75: 1 | EK75: 12001 | EL75: Кровли | EM75: ФЕР-12 | EO75: Поправка: МДС 81-35.2004, п.4.7 | EQ75: 0 | ER75: 519.8 | ES75: 519.8 | ET75: 0 | EU75: 0 | EV75: 0 | EW75: 0 | EX75: 0 | FQ75: 0 | FR75: =ROUND(IF(AND(BH75=3,BI75=3),P75,0),2) -> 0 | FS75: 0 | FT75: *0,9 | FU75: *0,85 | FX75: 108 | FY75: 55.25 | GD75: 0 | GF75: 519185539 | GG75: 2 | GH75: 1 | GI75: -2 | GJ75: 0 | GK75: =ROUND(R75*(S12)/100,2) -> 0 | GL75: =ROUND(IF(AND(BH75=3,BI75=3,FS75<>0),P75,0),2) -> 0 | GM75: =ROUND(O75+X75+Y75+GK75,2)+GX75 -> 742.27 | GN75: =IF(OR(BI75=0,BI75=1),ROUND(O75+X75+Y75+GK75,2),0) -> 742.27 | GO75: =IF(BI75=2,ROUND(O75+X75+Y75+GK75,2),0) -> 0 | GP75: =IF(BI75=4,ROUND(O75+X75+Y75+GK75,2)+GX75,0) -> 0 | GR75: 0 | GS75: 0 | GT75: 0 | GV75: =ROUND(GT75,2) -> 0 | GW75: 1 | GX75: =ROUND(GV75*GW75*I75,2) -> 0 | HA75: 0 | HB75: 0 | IK75: 0
A76: 17 | B76: 1 | C76: =ROW(SmtRes!A205) -> 205 | D76: =ROW(EtalonRes!A221) -> 221 | E76: 18 | F76: 12-01-015-04 | G76: Устройство пароизоляции обмазочной в один слой | H76: 100 м2 | I76: =ROUND(40/100,9) -> 0.4 | J76: 0 | O76: =ROUND(CP76,2) -> 472.03 | P76: =ROUND(CQ76*I76,2) -> 412.8 | Q76: =ROUND(CR76*I76,2) -> 16.97 | R76: =ROUND(CS76*I76,2) -> 0.59 | S76: =ROUND(CT76*I76,2) -> 42.26 | T76: =ROUND(CU76*I76,2) -> 0 | U76: =CV76*I76 -> 4.8346 | V76: =CW76*I76 -> 0.045 | W76: =ROUND(CX76*I76,2) -> 0 | X76: =ROUND(CY76,2) -> 46.28 | Y76: =ROUND(CZ76,2) -> 23.57 | AA76: 27721505 | AB76: =ROUND((AC76+AD76+AF76),2) -> 1180.05 | AC76: =ROUND((ES76),2) -> 1031.99 | AD76: =ROUND(((((ET76*1.25))-((EU76*1.25)))+AE76),2) -> 42.42 | AE76: =ROUND(((EU76*1.25)),2) -> 1.48 | AF76: =ROUND(((EV76*1.15)),2) -> 105.64 | AG76: =ROUND((AP76),2) -> 0 | AH76: =((EW76*1.15)) -> 12.0865 | AI76: =((EX76*1.25)) -> 0.1125 | AJ76: =ROUND((AS76),2) -> 0 | AK76: 1157.78 | AL76: 1031.99 | AM76: 33.93 | AN76: 1.18 | AO76: 91.86 | AP76: 0 | AQ76: 10.51 | AR76: 0.09 | AS76: 0 | AT76: 108 | AU76: 55 | AV76: 1 | AW76: 1 | AZ76: 1 | BA76: 1 | BB76: 1 | BC76: 1 | BH76: 0 | BI76: 1 | BJ76: ФЕР-2001, 12-01-015-04, приказ Минстроя России №1039/пр от 30.12.2016г. | BM76: 12001 | BN76: 0 | BP76: 0 | BQ76: 2 | BR76: 0 | BS76: 1 | BT76: 1 | BU76: 1 | BV76: 1 | BW76: 1 | BX76: 1 | BZ76: 120 | CA76: 65 | CF76: 0 | CG76: 0 | CM76: 0 | CN76: Поправка: МДС 81-35.2004, п.4.7 Наименование: Работы, выполняемые при реконструкции зданий и сооружений работы, аналогичные технологическим процессам в новом строительстве (в том числе возведение новых конструктивных элементов) стоимость которых определена по соответствующим сборникам ФЕР, кроме сборника № 46 «Работы при реконструкции зданий и сооружений» | CO76: 0 | CP76: =(P76+Q76+S76) -> 472.03 | CQ76: =AC76*BC76 -> 1031.99 | CR76: =AD76*BB76 -> 42.42 | CS76: =AE76*BS76 -> 1.48 | CT76: =AF76*BA76 -> 105.64 | CU76: =AG76 -> 0 | CV76: =AH76 -> 12.0865 | CW76: =AI76 -> 0.1125 | CX76: =AJ76 -> 0 | CY76: =(((S76+R76)*AT76)/100) -> 46.278 | CZ76: =(((S76+R76)*AU76)/100) -> 23.5675 | DE76: )*1,25 | DF76: )*1,25 | DG76: )*1,15 | DI76: )*1,15 | DJ76: )*1,25 | DN76: 0 | DO76: 0 | DP76: 1 | DQ76: 1 | DU76: 1005 | DV76: 100 м2 | DW76: 100 м2 | DX76: 100 | EE76: 27029025 | EF76: 2 | EG76: Общестроительные работы | EH76: 0 | EJ76: 1 | EK76: 12001 | EL76: Кровли | EM76: ФЕР-12 | EO76: Поправка: МДС 81-35.2004, п.4.7 | EQ76: 0 | ER76: 1157.78 | ES76: 1031.99 | ET76: 33.93 | EU76: 1.18 | EV76: 91.86 | EW76: 10.51 | EX76: 0.09 | EY76: 0 | FQ76: 0 | FR76: =ROUND(IF(AND(BH76=3,BI76=3),P76,0),2) -> 0 | FS76: 0 | FT76: *0,9 | FU76: *0,85 | FX76: 108 | FY76: 55.25 | GD76: 0 | GF76: -1331707195 | GG76: 2 | GH76: 1 | GI76: -2 | GJ76: 0 | GK76: =ROUND(R76*(R12)/100,2) -> 0 | GL76: =ROUND(IF(AND(BH76=3,BI76=3,FS76<>0),P76,0),2) -> 0 | GM76: =ROUND(O76+X76+Y76+GK76,2)+GX76 -> 541.88 | GN76: =IF(OR(BI76=0,BI76=1),ROUND(O76+X76+Y76+GK76,2),0) -> 541.88 | GO76: =IF(BI76=2,ROUND(O76+X76+Y76+GK76,2),0) -> 0 | GP76: =IF(BI76=4,ROUND(O76+X76+Y76+GK76,2)+GX76,0) -> 0 | GR76: 0 | GS76: 3 | GT76: 0 | GV76: =ROUND(GT76,2) -> 0 | GW76: 1 | GX76: =ROUND(GV76*GW76*I76,2) -> 0 | HA76: 0 | HB76: 0 | IK76: 0
A77: 17 | B77: 1 | C77: =ROW(SmtRes!A214) -> 214 | D77: =ROW(EtalonRes!A230) -> 230 | E77: 18 | F77: 12-01-015-04 | G77: Устройство пароизоляции обмазочной в один слой | H77: 100 м2 | I77: =ROUND(40/100,9) -> 0.4 | J77: 0 | O77: =ROUND(CP77,2) -> 472.03 | P77: =ROUND(CQ77*I77,2) -> 412.8 | Q77: =ROUND(CR77*I77,2) -> 16.97 | R77: =ROUND(CS77*I77,2) -> 0.59 | S77: =ROUND(CT77*I77,2) -> 42.26 | T77: =ROUND(CU77*I77,2) -> 0 | U77: =CV77*I77 -> 4.8346 | V77: =CW77*I77 -> 0.045 | W77: =ROUND(CX77*I77,2) -> 0 | X77: =ROUND(CY77,2) -> 46.28 | Y77: =ROUND(CZ77,2) -> 23.57 | AA77: 27721504 | AB77: =ROUND((AC77+AD77+AF77),2) -> 1180.05 | AC77: =ROUND((ES77),2) -> 1031.99 | AD77: =ROUND(((((ET77*1.25))-((EU77*1.25)))+AE77),2) -> 42.42 | AE77: =ROUND(((EU77*1.25)),2) -> 1.48 | AF77: =ROUND(((EV77*1.15)),2) -> 105.64 | AG77: =ROUND((AP77),2) -> 0 | AH77: =((EW77*1.15)) -> 12.0865 | AI77: =((EX77*1.25)) -> 0.1125 | AJ77: =ROUND((AS77),2) -> 0 | AK77: 1157.78 | AL77: 1031.99 | AM77: 33.93 | AN77: 1.18 | AO77: 91.86 | AP77: 0 | AQ77: 10.51 | AR77: 0.09 | AS77: 0 | AT77: 108 | AU77: 55 | AV77: 1 | AW77: 1 | AZ77: 1 | BA77: 1 | BB77: 1 | BC77: 1 | BH77: 0 | BI77: 1 | BJ77: ФЕР-2001, 12-01-015-04, приказ Минстроя России №1039/пр от 30.12.2016г. | BM77: 12001 | BN77: 0 | BP77: 0 | BQ77: 2 | BR77: 0 | BS77: 1 | BT77: 1 | BU77: 1 | BV77: 1 | BW77: 1 | BX77: 1 | BZ77: 120 | CA77: 65 | CF77: 0 | CG77: 0 | CM77: 0 | CN77: Поправка: МДС 81-35.2004, п.4.7 Наименование: Работы, выполняемые при реконструкции зданий и сооружений работы, аналогичные технологическим процессам в новом строительстве (в том числе возведение новых конструктивных элементов) стоимость которых определена по соответствующим сборникам ФЕР, кроме сборника № 46 «Работы при реконструкции зданий и сооружений» | CO77: 0 | CP77: =(P77+Q77+S77) -> 472.03 | CQ77: =AC77*BC77 -> 1031.99 | CR77: =AD77*BB77 -> 42.42 | CS77: =AE77*BS77 -> 1.48 | CT77: =AF77*BA77 -> 105.64 | CU77: =AG77 -> 0 | CV77: =AH77 -> 12.0865 | CW77: =AI77 -> 0.1125 | CX77: =AJ77 -> 0 | CY77: =(((S77+R77)*AT77)/100) -> 46.278 | CZ77: =(((S77+R77)*AU77)/100) -> 23.5675 | DE77: )*1,25 | DF77: )*1,25 | DG77: )*1,15 | DI77: )*1,15 | DJ77: )*1,25 | DN77: 0 | DO77: 0 | DP77: 1 | DQ77: 1 | DU77: 1005 | DV77: 100 м2 | DW77: 100 м2 | DX77: 100 | EE77: 27029025 | EF77: 2 | EG77: Общестроительные работы | EH77: 0 | EJ77: 1 | EK77: 12001 | EL77: Кровли | EM77: ФЕР-12 | EO77: Поправка: МДС 81-35.2004, п.4.7 | EQ77: 0 | ER77: 1157.78 | ES77: 1031.99 | ET77: 33.93 | EU77: 1.18 | EV77: 91.86 | EW77: 10.51 | EX77: 0.09 | EY77: 0 | FQ77: 0 | FR77: =ROUND(IF(AND(BH77=3,BI77=3),P77,0),2) -> 0 | FS77: 0 | FT77: *0,9 | FU77: *0,85 | FX77: 108 | FY77: 55.25 | GD77: 0 | GF77: -1331707195 | GG77: 2 | GH77: 1 | GI77: -2 | GJ77: 0 | GK77: =ROUND(R77*(S12)/100,2) -> 0 | GL77: =ROUND(IF(AND(BH77=3,BI77=3,FS77<>0),P77,0),2) -> 0 | GM77: =ROUND(O77+X77+Y77+GK77,2)+GX77 -> 541.88 | GN77: =IF(OR(BI77=0,BI77=1),ROUND(O77+X77+Y77+GK77,2),0) -> 541.88 | GO77: =IF(BI77=2,ROUND(O77+X77+Y77+GK77,2),0) -> 0 | GP77: =IF(BI77=4,ROUND(O77+X77+Y77+GK77,2)+GX77,0) -> 0 | GR77: 0 | GS77: 0 | GT77: 0 | GV77: =ROUND(GT77,2) -> 0 | GW77: 1 | GX77: =ROUND(GV77*GW77*I77,2) -> 0 | HA77: 0 | HB77: 0 | IK77: 0
A78: 17 | B78: 1 | C78: =ROW(SmtRes!A221) -> 221 | D78: =ROW(EtalonRes!A237) -> 237 | E78: 19 | F78: 12-01-015-05 | G78: Устройство пароизоляции на каждый последующий слой добавлять к расценке 12-01-015-04 | H78: 100 м2 | I78: =ROUND(40/100,9) -> 0.4 | J78: 0 | O78: =ROUND(CP78,2) -> 365.29 | P78: =ROUND(CQ78*I78,2) -> 334.93 | Q78: =ROUND(CR78*I78,2) -> 11.5 | R78: =ROUND(CS78*I78,2) -> 0.26 | S78: =ROUND(CT78*I78,2) -> 18.86 | T78: =ROUND(CU78*I78,2) -> 0 | U78: =CV78*I78 -> 2.1574 | V78: =CW78*I78 -> 0.02 | W78: =ROUND(CX78*I78,2) -> 0 | X78: =ROUND(CY78,2) -> 20.65 | Y78: =ROUND(CZ78,2) -> 10.52 | AA78: 27721505 | AB78: =ROUND((AC78+AD78+AF78),2) -> 913.23 | AC78: =ROUND((ES78),2) -> 837.33 | AD78: =ROUND(((((ET78*1.25))-((EU78*1.25)))+AE78),2) -> 28.76 | AE78: =ROUND(((EU78*1.25)),2) -> 0.66 | AF78: =ROUND(((EV78*1.15)),2) -> 47.14 | AG78: =ROUND((AP78),2) -> 0 | AH78: =((EW78*1.15)) -> 5.3935 | AI78: =((EX78*1.25)) -> 0.05 | AJ78: =ROUND((AS78),2) -> 0 | AK78: 901.33 | AL78: 837.33 | AM78: 23.01 | AN78: 0.53 | AO78: 40.99 | AP78: 0 | AQ78: 4.69 | AR78: 0.04 | AS78: 0 | AT78: 108 | AU78: 55 | AV78: 1 | AW78: 1 | AZ78: 1 | BA78: 1 | BB78: 1 | BC78: 1 | BH78: 0 | BI78: 1 | BJ78: ФЕР-2001, 12-01-015-05, приказ Минстроя России №1039/пр от 30.12.2016г. | BM78: 12001 | BN78: 0 | BP78: 0 | BQ78: 2 | BR78: 0 | BS78: 1 | BT78: 1 | BU78: 1 | BV78: 1 | BW78: 1 | BX78: 1 | BZ78: 120 | CA78: 65 | CF78: 0 | CG78: 0 | CM78: 0 | CN78: Поправка: МДС 81-35.2004, п.4.7 Наименование: Работы, выполняемые при реконструкции зданий и сооружений работы, аналогичные технологическим процессам в новом строительстве (в том числе возведение новых конструктивных элементов) стоимость которых определена по соответствующим сборникам ФЕР, кроме сборника № 46 «Работы при реконструкции зданий и сооружений» | CO78: 0 | CP78: =(P78+Q78+S78) -> 365.29 | CQ78: =AC78*BC78 -> 837.33 | CR78: =AD78*BB78 -> 28.76 | CS78: =AE78*BS78 -> 0.66 | CT78: =AF78*BA78 -> 47.14 | CU78: =AG78 -> 0 | CV78: =AH78 -> 5.3935 | CW78: =AI78 -> 0.05 | CX78: =AJ78 -> 0 | CY78: =(((S78+R78)*AT78)/100) -> 20.6496 | CZ78: =(((S78+R78)*AU78)/100) -> 10.516 | DE78: )*1,25 | DF78: )*1,25 | DG78: )*1,15 | DI78: )*1,15 | DJ78: )*1,25 | DN78: 0 | DO78: 0 | DP78: 1 | DQ78: 1 | DU78: 1005 | DV78: 100 м2 | DW78: 100 м2 | DX78: 100 | EE78: 27029025 | EF78: 2 | EG78: Общестроительные работы | EH78: 0 | EJ78: 1 | EK78: 12001 | EL78: Кровли | EM78: ФЕР-12 | EO78: Поправка: МДС 81-35.2004, п.4.7 | EQ78: 0 | ER78: 901.33 | ES78: 837.33 | ET78: 23.01 | EU78: 0.53 | EV78: 40.99 | EW78: 4.69 | EX78: 0.04 | EY78: 0 | FQ78: 0 | FR78: =ROUND(IF(AND(BH78=3,BI78=3),P78,0),2) -> 0 | FS78: 0 | FT78: *0,9 | FU78: *0,85 | FX78: 108 | FY78: 55.25 | GD78: 0 | GF78: -1416090250 | GG78: 2 | GH78: 1 | GI78: -2 | GJ78: 0 | GK78: =ROUND(R78*(R12)/100,2) -> 0 | GL78: =ROUND(IF(AND(BH78=3,BI78=3,FS78<>0),P78,0),2) -> 0 | GM78: =ROUND(O78+X78+Y78+GK78,2)+GX78 -> 396.46 | GN78: =IF(OR(BI78=0,BI78=1),ROUND(O78+X78+Y78+GK78,2),0) -> 396.46 | GO78: =IF(BI78=2,ROUND(O78+X78+Y78+GK78,2),0) -> 0 | GP78: =IF(BI78=4,ROUND(O78+X78+Y78+GK78,2)+GX78,0) -> 0 | GR78: 0 | GS78: 3 | GT78: 0 | GV78: =ROUND(GT78,2) -> 0 | GW78: 1 | GX78: =ROUND(GV78*GW78*I78,2) -> 0 | HA78: 0 | HB78: 0 | IK78: 0
A79: 17 | B79: 1 | C79: =ROW(SmtRes!A228) -> 228 | D79: =ROW(EtalonRes!A244) -> 244 | E79: 19 | F79: 12-01-015-05 | G79: Устройство пароизоляции на каждый последующий слой добавлять к расценке 12-01-015-04 | H79: 100 м2 | I79: =ROUND(40/100,9) -> 0.4 | J79: 0 | O79: =ROUND(CP79,2) -> 365.29 | P79: =ROUND(CQ79*I79,2) -> 334.93 | Q79: =ROUND(CR79*I79,2) -> 11.5 | R79: =ROUND(CS79*I79,2) -> 0.26 | S79: =ROUND(CT79*I79,2) -> 18.86 | T79: =ROUND(CU79*I79,2) -> 0 | U79: =CV79*I79 -> 2.1574 | V79: =CW79*I79 -> 0.02 | W79: =ROUND(CX79*I79,2) -> 0 | X79: =ROUND(CY79,2) -> 20.65 | Y79: =ROUND(CZ79,2) -> 10.52 | AA79: 27721504 | AB79: =ROUND((AC79+AD79+AF79),2) -> 913.23 | AC79: =ROUND((ES79),2) -> 837.33 | AD79: =ROUND(((((ET79*1.25))-((EU79*1.25)))+AE79),2) -> 28.76 | AE79: =ROUND(((EU79*1.25)),2) -> 0.66 | AF79: =ROUND(((EV79*1.15)),2) -> 47.14 | AG79: =ROUND((AP79),2) -> 0 | AH79: =((EW79*1.15)) -> 5.3935 | AI79: =((EX79*1.25)) -> 0.05 | AJ79: =ROUND((AS79),2) -> 0 | AK79: 901.33 | AL79: 837.33 | AM79: 23.01 | AN79: 0.53 | AO79: 40.99 | AP79: 0 | AQ79: 4.69 | AR79: 0.04 | AS79: 0 | AT79: 108 | AU79: 55 | AV79: 1 | AW79: 1 | AZ79: 1 | BA79: 1 | BB79: 1 | BC79: 1 | BH79: 0 | BI79: 1 | BJ79: ФЕР-2001, 12-01-015-05, приказ Минстроя России №1039/пр от 30.12.2016г. | BM79: 12001 | BN79: 0 | BP79: 0 | BQ79: 2 | BR79: 0 | BS79: 1 | BT79: 1 | BU79: 1 | BV79: 1 | BW79: 1 | BX79: 1 | BZ79: 120 | CA79: 65 | CF79: 0 | CG79: 0 | CM79: 0 | CN79: Поправка: МДС 81-35.2004, п.4.7 Наименование: Работы, выполняемые при реконструкции зданий и сооружений работы, аналогичные технологическим процессам в новом строительстве (в том числе возведение новых конструктивных элементов) стоимость которых определена по соответствующим сборникам ФЕР, кроме сборника № 46 «Работы при реконструкции зданий и сооружений» | CO79: 0 | CP79: =(P79+Q79+S79) -> 365.29 | CQ79: =AC79*BC79 -> 837.33 | CR79: =AD79*BB79 -> 28.76 | CS79: =AE79*BS79 -> 0.66 | CT79: =AF79*BA79 -> 47.14 | CU79: =AG79 -> 0 | CV79: =AH79 -> 5.3935 | CW79: =AI79 -> 0.05 | CX79: =AJ79 -> 0 | CY79: =(((S79+R79)*AT79)/100) -> 20.6496 | CZ79: =(((S79+R79)*AU79)/100) -> 10.516 | DE79: )*1,25 | DF79: )*1,25 | DG79: )*1,15 | DI79: )*1,15 | DJ79: )*1,25 | DN79: 0 | DO79: 0 | DP79: 1 | DQ79: 1 | DU79: 1005 | DV79: 100 м2 | DW79: 100 м2 | DX79: 100 | EE79: 27029025 | EF79: 2 | EG79: Общестроительные работы | EH79: 0 | EJ79: 1 | EK79: 12001 | EL79: Кровли | EM79: ФЕР-12 | EO79: Поправка: МДС 81-35.2004, п.4.7 | EQ79: 0 | ER79: 901.33 | ES79: 837.33 | ET79: 23.01 | EU79: 0.53 | EV79: 40.99 | EW79: 4.69 | EX79: 0.04 | EY79: 0 | FQ79: 0 | FR79: =ROUND(IF(AND(BH79=3,BI79=3),P79,0),2) -> 0 | FS79: 0 | FT79: *0,9 | FU79: *0,85 | FX79: 108 | FY79: 55.25 | GD79: 0 | GF79: -1416090250 | GG79: 2 | GH79: 1 | GI79: -2 | GJ79: 0 | GK79: =ROUND(R79*(S12)/100,2) -> 0 | GL79: =ROUND(IF(AND(BH79=3,BI79=3,FS79<>0),P79,0),2) -> 0 | GM79: =ROUND(O79+X79+Y79+GK79,2)+GX79 -> 396.46 | GN79: =IF(OR(BI79=0,BI79=1),ROUND(O79+X79+Y79+GK79,2),0) -> 396.46 | GO79: =IF(BI79=2,ROUND(O79+X79+Y79+GK79,2),0) -> 0 | GP79: =IF(BI79=4,ROUND(O79+X79+Y79+GK79,2)+GX79,0) -> 0 | GR79: 0 | GS79: 0 | GT79: 0 | GV79: =ROUND(GT79,2) -> 0 | GW79: 1 | GX79: =ROUND(GV79*GW79*I79,2) -> 0 | HA79: 0 | HB79: 0 | IK79: 0
A80: 17 | B80: 1 | C80: =ROW(SmtRes!A235) -> 235 | D80: =ROW(EtalonRes!A251) -> 251 | E80: 20 | F80: 12-01-002-10 | G80: Устройство кровель плоских из наплавляемых материалов в один слой | H80: 100 м2 | I80: =ROUND(40/100,9) -> 0.4 | J80: 0 | O80: =ROUND(CP80,2) -> 79.87 | P80: =ROUND(CQ80*I80,2) -> 36.59 | Q80: =ROUND(CR80*I80,2) -> 6.78 | R80: =ROUND(CS80*I80,2) -> 1.04 | S80: =ROUND(CT80*I80,2) -> 36.5 | T80: =ROUND(CU80*I80,2) -> 0 | U80: =CV80*I80 -> 3.8824 | V80: =CW80*I80 -> 0.08 | W80: =ROUND(CX80*I80,2) -> 0 | X80: =ROUND(CY80,2) -> 40.54 | Y80: =ROUND(CZ80,2) -> 20.65 | AA80: 27721505 | AB80: =ROUND((AC80+AD80+AF80),2) -> 199.66 | AC80: =ROUND((ES80),2) -> 91.47 | AD80: =ROUND(((((ET80*1.25))-((EU80*1.25)))+AE80),2) -> 16.95 | AE80: =ROUND(((EU80*1.25)),2) -> 2.59 | AF80: =ROUND(((EV80*1.15)),2) -> 91.24 | AG80: =ROUND((AP80),2) -> 0 | AH80: =((EW80*1.15)) -> 9.706 | AI80: =((EX80*1.25)) -> 0.2 | AJ80: =ROUND((AS80),2) -> 0 | AK80: 184.37 | AL80: 91.47 | AM80: 13.56 | AN80: 2.07 | AO80: 79.34 | AP80: 0 | AQ80: 8.44 | AR80: 0.16 | AS80: 0 | AT80: 108 | AU80: 55 | AV80: 1 | AW80: 1 | AZ80: 1 | BA80: 1 | BB80: 1 | BC80: 1 | BH80: 0 | BI80: 1 | BJ80: ФЕР-2001, 12-01-002-10, приказ Минстроя России №1039/пр от 30.12.2016г. | BM80: 12001 | BN80: 0 | BP80: 0 | BQ80: 2 | BR80: 0 | BS80: 1 | BT80: 1 | BU80: 1 | BV80: 1 | BW80: 1 | BX80: 1 | BZ80: 120 | CA80: 65 | CF80: 0 | CG80: 0 | CM80: 0 | CN80: Поправка: МДС 81-35.2004, п.4.7 Наименование: Работы, выполняемые при реконструкции зданий и сооружений работы, аналогичные технологическим процессам в новом строительстве (в том числе возведение новых конструктивных элементов) стоимость которых определена по соответствующим сборникам ФЕР, кроме сборника № 46 «Работы при реконструкции зданий и сооружений» | CO80: 0 | CP80: =(P80+Q80+S80) -> 79.87 | CQ80: =AC80*BC80 -> 91.47 | CR80: =AD80*BB80 -> 16.95 | CS80: =AE80*BS80 -> 2.59 | CT80: =AF80*BA80 -> 91.24 | CU80: =AG80 -> 0 | CV80: =AH80 -> 9.706 | CW80: =AI80 -> 0.2 | CX80: =AJ80 -> 0 | CY80: =(((S80+R80)*AT80)/100) -> 40.5432 | CZ80: =(((S80+R80)*AU80)/100) -> 20.647 | DE80: )*1,25 | DF80: )*1,25 | DG80: )*1,15 | DI80: )*1,15 | DJ80: )*1,25 | DN80: 0 | DO80: 0 | DP80: 1 | DQ80: 1 | DU80: 1005 | DV80: 100 м2 | DW80: 100 м2 | DX80: 100 | EE80: 27029025 | EF80: 2 | EG80: Общестроительные работы | EH80: 0 | EJ80: 1 | EK80: 12001 | EL80: Кровли | EM80: ФЕР-12 | EO80: Поправка: МДС 81-35.2004, п.4.7 | EQ80: 0 | ER80: 184.37 | ES80: 91.47 | ET80: 13.56 | EU80: 2.07 | EV80: 79.34 | EW80: 8.44 | EX80: 0.16 | EY80: 0 | FQ80: 0 | FR80: =ROUND(IF(AND(BH80=3,BI80=3),P80,0),2) -> 0 | FS80: 0 | FT80: *0,9 | FU80: *0,85 | FX80: 108 | FY80: 55.25 | GD80: 0 | GF80: 1459090915 | GG80: 2 | GH80: 1 | GI80: -2 | GJ80: 0 | GK80: =ROUND(R80*(R12)/100,2) -> 0 | GL80: =ROUND(IF(AND(BH80=3,BI80=3,FS80<>0),P80,0),2) -> 0 | GM80: =ROUND(O80+X80+Y80+GK80,2)+GX80 -> 141.06 | GN80: =IF(OR(BI80=0,BI80=1),ROUND(O80+X80+Y80+GK80,2),0) -> 141.06 | GO80: =IF(BI80=2,ROUND(O80+X80+Y80+GK80,2),0) -> 0 | GP80: =IF(BI80=4,ROUND(O80+X80+Y80+GK80,2)+GX80,0) -> 0 | GR80: 0 | GS80: 3 | GT80: 0 | GV80: =ROUND(GT80,2) -> 0 | GW80: 1 | GX80: =ROUND(GV80*GW80*I80,2) -> 0 | HA80: 0 | HB80: 0 | IK80: 0
A81: 17 | B81: 1 | C81: =ROW(SmtRes!A242) -> 242 | D81: =ROW(EtalonRes!A258) -> 258 | E81: 20 | F81: 12-01-002-10 | G81: Устройство кровель плоских из наплавляемых материалов в один слой | H81: 100 м2 | I81: =ROUND(40/100,9) -> 0.4 | J81: 0 | O81: =ROUND(CP81,2) -> 79.87 | P81: =ROUND(CQ81*I81,2) -> 36.59 | Q81: =ROUND(CR81*I81,2) -> 6.78 | R81: =ROUND(CS81*I81,2) -> 1.04 | S81: =ROUND(CT81*I81,2) -> 36.5 | T81: =ROUND(CU81*I81,2) -> 0 | U81: =CV81*I81 -> 3.8824 | V81: =CW81*I81 -> 0.08 | W81: =ROUND(CX81*I81,2) -> 0 | X81: =ROUND(CY81,2) -> 40.54 | Y81: =ROUND(CZ81,2) -> 20.65 | AA81: 27721504 | AB81: =ROUND((AC81+AD81+AF81),2) -> 199.66 | AC81: =ROUND((ES81),2) -> 91.47 | AD81: =ROUND(((((ET81*1.25))-((EU81*1.25)))+AE81),2) -> 16.95 | AE81: =ROUND(((EU81*1.25)),2) -> 2.59 | AF81: =ROUND(((EV81*1.15)),2) -> 91.24 | AG81: =ROUND((AP81),2) -> 0 | AH81: =((EW81*1.15)) -> 9.706 | AI81: =((EX81*1.25)) -> 0.2 | AJ81: =ROUND((AS81),2) -> 0 | AK81: 184.37 | AL81: 91.47 | AM81: 13.56 | AN81: 2.07 | AO81: 79.34 | AP81: 0 | AQ81: 8.44 | AR81: 0.16 | AS81: 0 | AT81: 108 | AU81: 55 | AV81: 1 | AW81: 1 | AZ81: 1 | BA81: 1 | BB81: 1 | BC81: 1 | BH81: 0 | BI81: 1 | BJ81: ФЕР-2001, 12-01-002-10, приказ Минстроя России №1039/пр от 30.12.2016г. | BM81: 12001 | BN81: 0 | BP81: 0 | BQ81: 2 | BR81: 0 | BS81: 1 | BT81: 1 | BU81: 1 | BV81: 1 | BW81: 1 | BX81: 1 | BZ81: 120 | CA81: 65 | CF81: 0 | CG81: 0 | CM81: 0 | CN81: Поправка: МДС 81-35.2004, п.4.7 Наименование: Работы, выполняемые при реконструкции зданий и сооружений работы, аналогичные технологическим процессам в новом строительстве (в том числе возведение новых конструктивных элементов) стоимость которых определена по соответствующим сборникам ФЕР, кроме сборника № 46 «Работы при реконструкции зданий и сооружений» | CO81: 0 | CP81: =(P81+Q81+S81) -> 79.87 | CQ81: =AC81*BC81 -> 91.47 | CR81: =AD81*BB81 -> 16.95 | CS81: =AE81*BS81 -> 2.59 | CT81: =AF81*BA81 -> 91.24 | CU81: =AG81 -> 0 | CV81: =AH81 -> 9.706 | CW81: =AI81 -> 0.2 | CX81: =AJ81 -> 0 | CY81: =(((S81+R81)*AT81)/100) -> 40.5432 | CZ81: =(((S81+R81)*AU81)/100) -> 20.647 | DE81: )*1,25 | DF81: )*1,25 | DG81: )*1,15 | DI81: )*1,15 | DJ81: )*1,25 | DN81: 0 | DO81: 0 | DP81: 1 | DQ81: 1 | DU81: 1005 | DV81: 100 м2 | DW81: 100 м2 | DX81: 100 | EE81: 27029025 | EF81: 2 | EG81: Общестроительные работы | EH81: 0 | EJ81: 1 | EK81: 12001 | EL81: Кровли | EM81: ФЕР-12 | EO81: Поправка: МДС 81-35.2004, п.4.7 | EQ81: 0 | ER81: 184.37 | ES81: 91.47 | ET81: 13.56 | EU81: 2.07 | EV81: 79.34 | EW81: 8.44 | EX81: 0.16 | EY81: 0 | FQ81: 0 | FR81: =ROUND(IF(AND(BH81=3,BI81=3),P81,0),2) -> 0 | FS81: 0 | FT81: *0,9 | FU81: *0,85 | FX81: 108 | FY81: 55.25 | GD81: 0 | GF81: 1459090915 | GG81: 2 | GH81: 1 | GI81: -2 | GJ81: 0 | GK81: =ROUND(R81*(S12)/100,2) -> 0 | GL81: =ROUND(IF(AND(BH81=3,BI81=3,FS81<>0),P81,0),2) -> 0 | GM81: =ROUND(O81+X81+Y81+GK81,2)+GX81 -> 141.06 | GN81: =IF(OR(BI81=0,BI81=1),ROUND(O81+X81+Y81+GK81,2),0) -> 141.06 | GO81: =IF(BI81=2,ROUND(O81+X81+Y81+GK81,2),0) -> 0 | GP81: =IF(BI81=4,ROUND(O81+X81+Y81+GK81,2)+GX81,0) -> 0 | GR81: 0 | GS81: 0 | GT81: 0 | GV81: =ROUND(GT81,2) -> 0 | GW81: 1 | GX81: =ROUND(GV81*GW81*I81,2) -> 0 | HA81: 0 | HB81: 0 | IK81: 0
A82: 18 | B82: 1 | C82: 235 | E82: 20,1 | F82: 12.1.02.15-0092 | G82: Материал рулонный гидроизоляционный наплавляемый битумно- полимерный "Техноэластмост Б" для второго слоя | H82: м2 | I82: =I80*J82 -> 46.4 | J82: 116 | O82: =ROUND(CP82,2) -> 2114.45 | P82: =ROUND(CQ82*I82,2) -> 2114.45 | Q82: =ROUND(CR82*I82,2) -> 0 | R82: =ROUND(CS82*I82,2) -> 0 | S82: =ROUND(CT82*I82,2) -> 0 | T82: =ROUND(CU82*I82,2) -> 0 | U82: =CV82*I82 -> 0 | V82: =CW82*I82 -> 0 | W82: =ROUND(CX82*I82,2) -> 0 | X82: =ROUND(CY82,2) -> 0 | Y82: =ROUND(CZ82,2) -> 0 | AA82: 27721505 | AB82: =ROUND((AC82+AD82+AF82),2) -> 45.57 | AC82: =ROUND((ES82),2) -> 45.57 | AD82: =ROUND((((ET82)-(EU82))+AE82),2) -> 0 | AE82: =ROUND((EU82),2) -> 0 | AF82: =ROUND((EV82),2) -> 0 | AG82: =ROUND((AP82),2) -> 0 | AH82: =(EW82) -> 0 | AI82: =(EX82) -> 0 | AJ82: =ROUND((AS82),2) -> 0 | AK82: 45.57 | AL82: 45.57 | AM82: 0 | AN82: 0 | AO82: 0 | AP82: 0 | AQ82: 0 | AR82: 0 | AS82: 0 | AT82: 108 | AU82: 55 | AV82: 1 | AW82: 1 | AZ82: 1 | BA82: 1 | BB82: 1 | BC82: 1 | BH82: 3 | BI82: 1 | BJ82: ФССЦ-2001, 12.1.02.15-0092, приказ Минстроя России №1039/пр от 30.12.2016г. | BM82: 12001 | BN82: 0 | BP82: 0 | BQ82: 2 | BR82: 0 | BS82: 1 | BT82: 1 | BU82: 1 | BV82: 1 | BW82: 1 | BX82: 1 | BZ82: 120 | CA82: 65 | CF82: 0 | CG82: 0 | CM82: 0 | CO82: 0 | CP82: =(P82+Q82+S82) -> 2114.45 | CQ82: =AC82*BC82 -> 45.57 | CR82: =AD82*BB82 -> 0 | CS82: =AE82*BS82 -> 0 | CT82: =AF82*BA82 -> 0 | CU82: =AG82 -> 0 | CV82: =AH82 -> 0 | CW82: =AI82 -> 0 | CX82: =AJ82 -> 0 | CY82: =(((S82+R82)*AT82)/100) -> 0 | CZ82: =(((S82+R82)*AU82)/100) -> 0 | DN82: 0 | DO82: 0 | DP82: 1 | DQ82: 1 | DU82: 1005 | DV82: м2 | DW82: м2 | DX82: 1 | EE82: 27029025 | EF82: 2 | EG82: Общестроительные работы | EH82: 0 | EJ82: 1 | EK82: 12001 | EL82: Кровли | EM82: ФЕР-12 | EQ82: 0 | ER82: 45.57 | ES82: 45.57 | ET82: 0 | EU82: 0 | EV82: 0 | EW82: 0 | EX82: 0 | FQ82: 0 | FR82: =ROUND(IF(AND(BH82=3,BI82=3),P82,0),2) -> 0 | FS82: 0 | FT82: *0,9 | FU82: *0,85 | FX82: 108 | FY82: 55.25 | GD82: 0 | GF82: 1158014151 | GG82: 2 | GH82: 1 | GI82: -2 | GJ82: 0 | GK82: =ROUND(R82*(R12)/100,2) -> 0 | GL82: =ROUND(IF(AND(BH82=3,BI82=3,FS82<>0),P82,0),2) -> 0 | GM82: =ROUND(O82+X82+Y82+GK82,2)+GX82 -> 2114.45 | GN82: =IF(OR(BI82=0,BI82=1),ROUND(O82+X82+Y82+GK82,2),0) -> 2114.45 | GO82: =IF(BI82=2,ROUND(O82+X82+Y82+GK82,2),0) -> 0 | GP82: =IF(BI82=4,ROUND(O82+X82+Y82+GK82,2)+GX82,0) -> 0 | GR82: 0 | GS82: 3 | GT82: 0 | GV82: =ROUND(GT82,2) -> 0 | GW82: 1 | GX82: =ROUND(GV82*GW82*I82,2) -> 0 | HA82: 0 | HB82: 0 | IK82: 0
A83: 18 | B83: 1 | C83: 242 | E83: 20,1 | F83: 12.1.02.15-0092 | G83: Материал рулонный гидроизоляционный наплавляемый битумно- полимерный "Техноэластмост Б" для второго слоя | H83: м2 | I83: =I81*J83 -> 46.4 | J83: 116 | O83: =ROUND(CP83,2) -> 2114.45 | P83: =ROUND(CQ83*I83,2) -> 2114.45 | Q83: =ROUND(CR83*I83,2) -> 0 | R83: =ROUND(CS83*I83,2) -> 0 | S83: =ROUND(CT83*I83,2) -> 0 | T83: =ROUND(CU83*I83,2) -> 0 | U83: =CV83*I83 -> 0 | V83: =CW83*I83 -> 0 | W83: =ROUND(CX83*I83,2) -> 0 | X83: =ROUND(CY83,2) -> 0 | Y83: =ROUND(CZ83,2) -> 0 | AA83: 27721504 | AB83: =ROUND((AC83+AD83+AF83),2) -> 45.57 | AC83: =ROUND((ES83),2) -> 45.57 | AD83: =ROUND((((ET83)-(EU83))+AE83),2) -> 0 | AE83: =ROUND((EU83),2) -> 0 | AF83: =ROUND((EV83),2) -> 0 | AG83: =ROUND((AP83),2) -> 0 | AH83: =(EW83) -> 0 | AI83: =(EX83) -> 0 | AJ83: =ROUND((AS83),2) -> 0 | AK83: 45.57 | AL83: 45.57 | AM83: 0 | AN83: 0 | AO83: 0 | AP83: 0 | AQ83: 0 | AR83: 0 | AS83: 0 | AT83: 108 | AU83: 55 | AV83: 1 | AW83: 1 | AZ83: 1 | BA83: 1 | BB83: 1 | BC83: 1 | BH83: 3 | BI83: 1 | BJ83: ФССЦ-2001, 12.1.02.15-0092, приказ Минстроя России №1039/пр от 30.12.2016г. | BM83: 12001 | BN83: 0 | BP83: 0 | BQ83: 2 | BR83: 0 | BS83: 1 | BT83: 1 | BU83: 1 | BV83: 1 | BW83: 1 | BX83: 1 | BZ83: 120 | CA83: 65 | CF83: 0 | CG83: 0 | CM83: 0 | CO83: 0 | CP83: =(P83+Q83+S83) -> 2114.45 | CQ83: =AC83*BC83 -> 45.57 | CR83: =AD83*BB83 -> 0 | CS83: =AE83*BS83 -> 0 | CT83: =AF83*BA83 -> 0 | CU83: =AG83 -> 0 | CV83: =AH83 -> 0 | CW83: =AI83 -> 0 | CX83: =AJ83 -> 0 | CY83: =(((S83+R83)*AT83)/100) -> 0 | CZ83: =(((S83+R83)*AU83)/100) -> 0 | DN83: 0 | DO83: 0 | DP83: 1 | DQ83: 1 | DU83: 1005 | DV83: м2 | DW83: м2 | DX83: 1 | EE83: 27029025 | EF83: 2 | EG83: Общестроительные работы | EH83: 0 | EJ83: 1 | EK83: 12001 | EL83: Кровли | EM83: ФЕР-12 | EQ83: 0 | ER83: 45.57 | ES83: 45.57 | ET83: 0 | EU83: 0 | EV83: 0 | EW83: 0 | EX83: 0 | FQ83: 0 | FR83: =ROUND(IF(AND(BH83=3,BI83=3),P83,0),2) -> 0 | FS83: 0 | FT83: *0,9 | FU83: *0,85 | FX83: 108 | FY83: 55.25 | GD83: 0 | GF83: 1158014151 | GG83: 2 | GH83: 1 | GI83: -2 | GJ83: 0 | GK83: =ROUND(R83*(S12)/100,2) -> 0 | GL83: =ROUND(IF(AND(BH83=3,BI83=3,FS83<>0),P83,0),2) -> 0 | GM83: =ROUND(O83+X83+Y83+GK83,2)+GX83 -> 2114.45 | GN83: =IF(OR(BI83=0,BI83=1),ROUND(O83+X83+Y83+GK83,2),0) -> 2114.45 | GO83: =IF(BI83=2,ROUND(O83+X83+Y83+GK83,2),0) -> 0 | GP83: =IF(BI83=4,ROUND(O83+X83+Y83+GK83,2)+GX83,0) -> 0 | GR83: 0 | GS83: 0 | GT83: 0 | GV83: =ROUND(GT83,2) -> 0 | GW83: 1 | GX83: =ROUND(GV83*GW83*I83,2) -> 0 | HA83: 0 | HB83: 0 | IK83: 0
A84: 17 | B84: 1 | C84: =ROW(SmtRes!A252) -> 252 | D84: =ROW(EtalonRes!A267) -> 267 | E84: 21 | F84: 12-01-004-01 | G84: Устройство примыканий рулонных и мастичных кровель к стенам и парапетам высотой до 600 мм без фартуков | H84: 100 м | I84: =ROUND(13/100,9) -> 0.13 | J84: 0 | O84: =ROUND(CP84,2) -> 331.55 | P84: =ROUND(CQ84*I84,2) -> 266.62 | Q84: =ROUND(CR84*I84,2) -> 29.11 | R84: =ROUND(CS84*I84,2) -> 0.75 | S84: =ROUND(CT84*I84,2) -> 35.82 | T84: =ROUND(CU84*I84,2) -> 0 | U84: =CV84*I84 -> 3.90195 | V84: =CW84*I84 -> 0.0585 | W84: =ROUND(CX84*I84,2) -> 0 | X84: =ROUND(CY84,2) -> 39.5 | Y84: =ROUND(CZ84,2) -> 20.11 | AA84: 27721505 | AB84: =ROUND((AC84+AD84+AF84),2) -> 2550.4 | AC84: =ROUND((ES84),2) -> 2050.95 | AD84: =ROUND(((((ET84*1.25))-((EU84*1.25)))+AE84),2) -> 223.91 | AE84: =ROUND(((EU84*1.25)),2) -> 5.8 | AF84: =ROUND(((EV84*1.15)),2) -> 275.54 | AG84: =ROUND((AP84),2) -> 0 | AH84: =((EW84*1.15)) -> 30.015 | AI84: =((EX84*1.25)) -> 0.45 | AJ84: =ROUND((AS84),2) -> 0 | AK84: 2469.68 | AL84: 2050.95 | AM84: 179.13 | AN84: 4.64 | AO84: 239.6 | AP84: 0 | AQ84: 26.1 | AR84: 0.36 | AS84: 0 | AT84: 108 | AU84: 55 | AV84: 1 | AW84: 1 | AZ84: 1 | BA84: 1 | BB84: 1 | BC84: 1 | BH84: 0 | BI84: 1 | BJ84: ФЕР-2001, 12-01-004-01, приказ Минстроя России №1039/пр от 30.12.2016г. | BM84: 12001 | BN84: 0 | BP84: 0 | BQ84: 2 | BR84: 0 | BS84: 1 | BT84: 1 | BU84: 1 | BV84: 1 | BW84: 1 | BX84: 1 | BZ84: 120 | CA84: 65 | CF84: 0 | CG84: 0 | CM84: 0 | CN84: Поправка: МДС 81-35.2004, п.4.7 Наименование: Работы, выполняемые при реконструкции зданий и сооружений работы, аналогичные технологическим процессам в новом строительстве (в том числе возведение новых конструктивных элементов) стоимость которых определена по соответствующим сборникам ФЕР, кроме сборника № 46 «Работы при реконструкции зданий и сооружений» | CO84: 0 | CP84: =(P84+Q84+S84) -> 331.55 | CQ84: =AC84*BC84 -> 2050.95 | CR84: =AD84*BB84 -> 223.91 | CS84: =AE84*BS84 -> 5.8 | CT84: =AF84*BA84 -> 275.54 | CU84: =AG84 -> 0 | CV84: =AH84 -> 30.015 | CW84: =AI84 -> 0.45 | CX84: =AJ84 -> 0 | CY84: =(((S84+R84)*AT84)/100) -> 39.4956 | CZ84: =(((S84+R84)*AU84)/100) -> 20.1135 | DE84: )*1,25 | DF84: )*1,25 | DG84: )*1,15 | DI84: )*1,15 | DJ84: )*1,25 | DN84: 0 | DO84: 0 | DP84: 1 | DQ84: 1 | DU84: 1003 | DV84: 100 м | DW84: 100 м | DX84: 100 | EE84: 27029025 | EF84: 2 | EG84: Общестроительные работы | EH84: 0 | EJ84: 1 | EK84: 12001 | EL84: Кровли | EM84: ФЕР-12 | EO84: Поправка: МДС 81-35.2004, п.4.7 | EQ84: 0 | ER84: 2469.68 | ES84: 2050.95 | ET84: 179.13 | EU84: 4.64 | EV84: 239.6 | EW84: 26.1 | EX84: 0.36 | EY84: 0 | FQ84: 0 | FR84: =ROUND(IF(AND(BH84=3,BI84=3),P84,0),2) -> 0 | FS84: 0 | FT84: *0,9 | FU84: *0,85 | FX84: 108 | FY84: 55.25 | GD84: 0 | GF84: -1240260654 | GG84: 2 | GH84: 1 | GI84: -2 | GJ84: 0 | GK84: =ROUND(R84*(R12)/100,2) -> 0 | GL84: =ROUND(IF(AND(BH84=3,BI84=3,FS84<>0),P84,0),2) -> 0 | GM84: =ROUND(O84+X84+Y84+GK84,2)+GX84 -> 391.16 | GN84: =IF(OR(BI84=0,BI84=1),ROUND(O84+X84+Y84+GK84,2),0) -> 391.16 | GO84: =IF(BI84=2,ROUND(O84+X84+Y84+GK84,2),0) -> 0 | GP84: =IF(BI84=4,ROUND(O84+X84+Y84+GK84,2)+GX84,0) -> 0 | GR84: 0 | GS84: 3 | GT84: 0 | GV84: =ROUND(GT84,2) -> 0 | GW84: 1 | GX84: =ROUND(GV84*GW84*I84,2) -> 0 | HA84: 0 | HB84: 0 | IK84: 0
A85: 17 | B85: 1 | C85: =ROW(SmtRes!A262) -> 262 | D85: =ROW(EtalonRes!A276) -> 276 | E85: 21 | F85: 12-01-004-01 | G85: Устройство примыканий рулонных и мастичных кровель к стенам и парапетам высотой до 600 мм без фартуков | H85: 100 м | I85: =ROUND(13/100,9) -> 0.13 | J85: 0 | O85: =ROUND(CP85,2) -> 331.55 | P85: =ROUND(CQ85*I85,2) -> 266.62 | Q85: =ROUND(CR85*I85,2) -> 29.11 | R85: =ROUND(CS85*I85,2) -> 0.75 | S85: =ROUND(CT85*I85,2) -> 35.82 | T85: =ROUND(CU85*I85,2) -> 0 | U85: =CV85*I85 -> 3.90195 | V85: =CW85*I85 -> 0.0585 | W85: =ROUND(CX85*I85,2) -> 0 | X85: =ROUND(CY85,2) -> 39.5 | Y85: =ROUND(CZ85,2) -> 20.11 | AA85: 27721504 | AB85: =ROUND((AC85+AD85+AF85),2) -> 2550.4 | AC85: =ROUND((ES85),2) -> 2050.95 | AD85: =ROUND(((((ET85*1.25))-((EU85*1.25)))+AE85),2) -> 223.91 | AE85: =ROUND(((EU85*1.25)),2) -> 5.8 | AF85: =ROUND(((EV85*1.15)),2) -> 275.54 | AG85: =ROUND((AP85),2) -> 0 | AH85: =((EW85*1.15)) -> 30.015 | AI85: =((EX85*1.25)) -> 0.45 | AJ85: =ROUND((AS85),2) -> 0 | AK85: 2469.68 | AL85: 2050.95 | AM85: 179.13 | AN85: 4.64 | AO85: 239.6 | AP85: 0 | AQ85: 26.1 | AR85: 0.36 | AS85: 0 | AT85: 108 | AU85: 55 | AV85: 1 | AW85: 1 | AZ85: 1 | BA85: 1 | BB85: 1 | BC85: 1 | BH85: 0 | BI85: 1 | BJ85: ФЕР-2001, 12-01-004-01, приказ Минстроя России №1039/пр от 30.12.2016г. | BM85: 12001 | BN85: 0 | BP85: 0 | BQ85: 2 | BR85: 0 | BS85: 1 | BT85: 1 | BU85: 1 | BV85: 1 | BW85: 1 | BX85: 1 | BZ85: 120 | CA85: 65 | CF85: 0 | CG85: 0 | CM85: 0 | CN85: Поправка: МДС 81-35.2004, п.4.7 Наименование: Работы, выполняемые при реконструкции зданий и сооружений работы, аналогичные технологическим процессам в новом строительстве (в том числе возведение новых конструктивных элементов) стоимость которых определена по соответствующим сборникам ФЕР, кроме сборника № 46 «Работы при реконструкции зданий и сооружений» | CO85: 0 | CP85: =(P85+Q85+S85) -> 331.55 | CQ85: =AC85*BC85 -> 2050.95 | CR85: =AD85*BB85 -> 223.91 | CS85: =AE85*BS85 -> 5.8 | CT85: =AF85*BA85 -> 275.54 | CU85: =AG85 -> 0 | CV85: =AH85 -> 30.015 | CW85: =AI85 -> 0.45 | CX85: =AJ85 -> 0 | CY85: =(((S85+R85)*AT85)/100) -> 39.4956 | CZ85: =(((S85+R85)*AU85)/100) -> 20.1135 | DE85: )*1,25 | DF85: )*1,25 | DG85: )*1,15 | DI85: )*1,15 | DJ85: )*1,25 | DN85: 0 | DO85: 0 | DP85: 1 | DQ85: 1 | DU85: 1003 | DV85: 100 м | DW85: 100 м | DX85: 100 | EE85: 27029025 | EF85: 2 | EG85: Общестроительные работы | EH85: 0 | EJ85: 1 | EK85: 12001 | EL85: Кровли | EM85: ФЕР-12 | EO85: Поправка: МДС 81-35.2004, п.4.7 | EQ85: 0 | ER85: 2469.68 | ES85: 2050.95 | ET85: 179.13 | EU85: 4.64 | EV85: 239.6 | EW85: 26.1 | EX85: 0.36 | EY85: 0 | FQ85: 0 | FR85: =ROUND(IF(AND(BH85=3,BI85=3),P85,0),2) -> 0 | FS85: 0 | FT85: *0,9 | FU85: *0,85 | FX85: 108 | FY85: 55.25 | GD85: 0 | GF85: -1240260654 | GG85: 2 | GH85: 1 | GI85: -2 | GJ85: 0 | GK85: =ROUND(R85*(S12)/100,2) -> 0 | GL85: =ROUND(IF(AND(BH85=3,BI85=3,FS85<>0),P85,0),2) -> 0 | GM85: =ROUND(O85+X85+Y85+GK85,2)+GX85 -> 391.16 | GN85: =IF(OR(BI85=0,BI85=1),ROUND(O85+X85+Y85+GK85,2),0) -> 391.16 | GO85: =IF(BI85=2,ROUND(O85+X85+Y85+GK85,2),0) -> 0 | GP85: =IF(BI85=4,ROUND(O85+X85+Y85+GK85,2)+GX85,0) -> 0 | GR85: 0 | GS85: 0 | GT85: 0 | GV85: =ROUND(GT85,2) -> 0 | GW85: 1 | GX85: =ROUND(GV85*GW85*I85,2) -> 0 | HA85: 0 | HB85: 0 | IK85: 0
A86: 18 | B86: 1 | C86: 250 | E86: 21,1 | F86: 04.3.01.09-0014 | G86: Раствор готовый кладочный цементный марки 100 | H86: м3 | I86: =I84*J86 -> 0.0663 | J86: 0.51 | O86: =ROUND(CP86,2) -> 34.46 | P86: =ROUND(CQ86*I86,2) -> 34.46 | Q86: =ROUND(CR86*I86,2) -> 0 | R86: =ROUND(CS86*I86,2) -> 0 | S86: =ROUND(CT86*I86,2) -> 0 | T86: =ROUND(CU86*I86,2) -> 0 | U86: =CV86*I86 -> 0 | V86: =CW86*I86 -> 0 | W86: =ROUND(CX86*I86,2) -> 0 | X86: =ROUND(CY86,2) -> 0 | Y86: =ROUND(CZ86,2) -> 0 | AA86: 27721505 | AB86: =ROUND((AC86+AD86+AF86),2) -> 519.8 | AC86: =ROUND((ES86),2) -> 519.8 | AD86: =ROUND((((ET86)-(EU86))+AE86),2) -> 0 | AE86: =ROUND((EU86),2) -> 0 | AF86: =ROUND((EV86),2) -> 0 | AG86: =ROUND((AP86),2) -> 0 | AH86: =(EW86) -> 0 | AI86: =(EX86) -> 0 | AJ86: =ROUND((AS86),2) -> 0 | AK86: 519.8 | AL86: 519.8 | AM86: 0 | AN86: 0 | AO86: 0 | AP86: 0 | AQ86: 0 | AR86: 0 | AS86: 0 | AT86: 108 | AU86: 55 | AV86: 1 | AW86: 1 | AZ86: 1 | BA86: 1 | BB86: 1 | BC86: 1 | BH86: 3 | BI86: 1 | BJ86: ФССЦ-2001, 04.3.01.09-0014, приказ Минстроя России №1039/пр от 30.12.2016г. | BM86: 12001 | BN86: 0 | BP86: 0 | BQ86: 2 | BR86: 0 | BS86: 1 | BT86: 1 | BU86: 1 | BV86: 1 | BW86: 1 | BX86: 1 | BZ86: 120 | CA86: 65 | CF86: 0 | CG86: 0 | CM86: 0 | CO86: 0 | CP86: =(P86+Q86+S86) -> 34.46 | CQ86: =AC86*BC86 -> 519.8 | CR86: =AD86*BB86 -> 0 | CS86: =AE86*BS86 -> 0 | CT86: =AF86*BA86 -> 0 | CU86: =AG86 -> 0 | CV86: =AH86 -> 0 | CW86: =AI86 -> 0 | CX86: =AJ86 -> 0 | CY86: =(((S86+R86)*AT86)/100) -> 0 | CZ86: =(((S86+R86)*AU86)/100) -> 0 | DN86: 0 | DO86: 0 | DP86: 1 | DQ86: 1 | DU86: 1007 | DV86: м3 | DW86: м3 | DX86: 1 | EE86: 27029025 | EF86: 2 | EG86: Общестроительные работы | EH86: 0 | EJ86: 1 | EK86: 12001 | EL86: Кровли | EM86: ФЕР-12 | EQ86: 0 | ER86: 519.8 | ES86: 519.8 | ET86: 0 | EU86: 0 | EV86: 0 | EW86: 0 | EX86: 0 | FQ86: 0 | FR86: =ROUND(IF(AND(BH86=3,BI86=3),P86,0),2) -> 0 | FS86: 0 | FT86: *0,9 | FU86: *0,85 | FX86: 108 | FY86: 55.25 | GD86: 0 | GF86: 519185539 | GG86: 2 | GH86: 1 | GI86: -2 | GJ86: 0 | GK86: =ROUND(R86*(R12)/100,2) -> 0 | GL86: =ROUND(IF(AND(BH86=3,BI86=3,FS86<>0),P86,0),2) -> 0 | GM86: =ROUND(O86+X86+Y86+GK86,2)+GX86 -> 34.46 | GN86: =IF(OR(BI86=0,BI86=1),ROUND(O86+X86+Y86+GK86,2),0) -> 34.46 | GO86: =IF(BI86=2,ROUND(O86+X86+Y86+GK86,2),0) -> 0 | GP86: =IF(BI86=4,ROUND(O86+X86+Y86+GK86,2)+GX86,0) -> 0 | GR86: 0 | GS86: 3 | GT86: 0 | GV86: =ROUND(GT86,2) -> 0 | GW86: 1 | GX86: =ROUND(GV86*GW86*I86,2) -> 0 | HA86: 0 | HB86: 0 | IK86: 0
A87: 18 | B87: 1 | C87: 260 | E87: 21,1 | F87: 04.3.01.09-0014 | G87: Раствор готовый кладочный цементный марки 100 | H87: м3 | I87: =I85*J87 -> 0.0663 | J87: 0.51 | O87: =ROUND(CP87,2) -> 34.46 | P87: =ROUND(CQ87*I87,2) -> 34.46 | Q87: =ROUND(CR87*I87,2) -> 0 | R87: =ROUND(CS87*I87,2) -> 0 | S87: =ROUND(CT87*I87,2) -> 0 | T87: =ROUND(CU87*I87,2) -> 0 | U87: =CV87*I87 -> 0 | V87: =CW87*I87 -> 0 | W87: =ROUND(CX87*I87,2) -> 0 | X87: =ROUND(CY87,2) -> 0 | Y87: =ROUND(CZ87,2) -> 0 | AA87: 27721504 | AB87: =ROUND((AC87+AD87+AF87),2) -> 519.8 | AC87: =ROUND((ES87),2) -> 519.8 | AD87: =ROUND((((ET87)-(EU87))+AE87),2) -> 0 | AE87: =ROUND((EU87),2) -> 0 | AF87: =ROUND((EV87),2) -> 0 | AG87: =ROUND((AP87),2) -> 0 | AH87: =(EW87) -> 0 | AI87: =(EX87) -> 0 | AJ87: =ROUND((AS87),2) -> 0 | AK87: 519.8 | AL87: 519.8 | AM87: 0 | AN87: 0 | AO87: 0 | AP87: 0 | AQ87: 0 | AR87: 0 | AS87: 0 | AT87: 108 | AU87: 55 | AV87: 1 | AW87: 1 | AZ87: 1 | BA87: 1 | BB87: 1 | BC87: 1 | BH87: 3 | BI87: 1 | BJ87: ФССЦ-2001, 04.3.01.09-0014, приказ Минстроя России №1039/пр от 30.12.2016г. | BM87: 12001 | BN87: 0 | BP87: 0 | BQ87: 2 | BR87: 0 | BS87: 1 | BT87: 1 | BU87: 1 | BV87: 1 | BW87: 1 | BX87: 1 | BZ87: 120 | CA87: 65 | CF87: 0 | CG87: 0 | CM87: 0 | CO87: 0 | CP87: =(P87+Q87+S87) -> 34.46 | CQ87: =AC87*BC87 -> 519.8 | CR87: =AD87*BB87 -> 0 | CS87: =AE87*BS87 -> 0 | CT87: =AF87*BA87 -> 0 | CU87: =AG87 -> 0 | CV87: =AH87 -> 0 | CW87: =AI87 -> 0 | CX87: =AJ87 -> 0 | CY87: =(((S87+R87)*AT87)/100) -> 0 | CZ87: =(((S87+R87)*AU87)/100) -> 0 | DN87: 0 | DO87: 0 | DP87: 1 | DQ87: 1 | DU87: 1007 | DV87: м3 | DW87: м3 | DX87: 1 | EE87: 27029025 | EF87: 2 | EG87: Общестроительные работы | EH87: 0 | EJ87: 1 | EK87: 12001 | EL87: Кровли | EM87: ФЕР-12 | EQ87: 0 | ER87: 519.8 | ES87: 519.8 | ET87: 0 | EU87: 0 | EV87: 0 | EW87: 0 | EX87: 0 | FQ87: 0 | FR87: =ROUND(IF(AND(BH87=3,BI87=3),P87,0),2) -> 0 | FS87: 0 | FT87: *0,9 | FU87: *0,85 | FX87: 108 | FY87: 55.25 | GD87: 0 | GF87: 519185539 | GG87: 2 | GH87: 1 | GI87: -2 | GJ87: 0 | GK87: =ROUND(R87*(S12)/100,2) -> 0 | GL87: =ROUND(IF(AND(BH87=3,BI87=3,FS87<>0),P87,0),2) -> 0 | GM87: =ROUND(O87+X87+Y87+GK87,2)+GX87 -> 34.46 | GN87: =IF(OR(BI87=0,BI87=1),ROUND(O87+X87+Y87+GK87,2),0) -> 34.46 | GO87: =IF(BI87=2,ROUND(O87+X87+Y87+GK87,2),0) -> 0 | GP87: =IF(BI87=4,ROUND(O87+X87+Y87+GK87,2)+GX87,0) -> 0 | GR87: 0 | GS87: 0 | GT87: 0 | GV87: =ROUND(GT87,2) -> 0 | GW87: 1 | GX87: =ROUND(GV87*GW87*I87,2) -> 0 | HA87: 0 | HB87: 0 | IK87: 0
